 Dungeon Crawl Stone Soup version 0.30-a0-223-gcb0039aa0c (webtiles) character file.

Game seed: 2024793699461880803

945854 qw the Bringer of Light (level 27, 0/218 HPs)
             Began as a Gargoyle Fighter on Oct 9, 2022.
             Was the Champion of the Shining One.
             Splashed by an acid blob's acid (2 damage)
             ... on level 5 of the Pits of Slime.
             The game lasted 00:53:59 (81308 turns).

qw the Bringer of Light (Gargoyle Fighter)         Turns: 81308, Time: 00:54:00

Health: 0/218      AC: 61    Str: 41    XL:     27
Magic:  33/49      EV: 21    Int: 13    God:    the Shining One [******]
Gold:   7429       SH: 36    Dex: 25    Spells: 26/26 levels left

rFire   . . .      SeeInvis .    v - +8 mithril axe "Arga" {speed, Will+}
rCold   + . .      Faith    .    w - +18 shield of the Gong {rElec rN+ Will+ EV-5}
rNeg    + + +      Spirit   .    S - +11 plate armour of Pride {rC+ Slay+2}
rPois   inf        Reflect  .    D - +2 helmet "Didam" {Will- MP+9 Str-4 Slay+6}
rElec   +          Harm     .    o - +4 cloak of Pan-Flutes {rC+ Int+2}
rCorr   +          Rampage  .    K - +0 pair of gloves of the Journeyman {rPois Dex+4 Slay+2}
Will    +++..                    R - +1 pair of boots of New Discoveries {rCorr Str+3}
Stlth   ..........               f - amulet "Qoeschof" {Fly Regen+ Str+3}
HPRegen 1.36/turn                n - ring of Iblups {Str+5 Dex+6}
MPRegen 0.31/turn                H - ring "Fuch" {Str+4 Dex+6}

@: corroded, flying, glowing, unable to read, unable to drink
A: sickness immunity, AC +20, big wings, negative energy resistance 1,
electricity resistance, torment resistance 1, petrification resistance, deformed
body, robust 1, shaggy fur 1, weak 1, cold vulnerability 1, inability to drink
after injury 1, inability to read after injury 2, devolution 1
}: 9/15 runes: decaying, silver, golden, demonic, glowing, magical, fiery, dark,
gossamer
a: Renounce Religion, Divine Shield, Cleansing Flame, Summon Divine Warrior


You were on level 5 of the Pits of Slime.
You worshipped the Shining One.
The Shining One was exalted by your worship.
You visited 12 branches of the dungeon, and saw 55 of its levels.
You visited Pandemonium 4 times, and saw 25 of its levels.
You visited 1 bazaar.
You also visited: Gauntlet.

You collected 14390 gold pieces.
You spent 6961 gold pieces at shops.


Innate Abilities, Weirdness & Mutations

You are immune to sickness and miasma.
Your stone body is resilient. (AC +20)
You are immune to poison.
Your large and strong wings let you fly.
You resist negative energy. (rN+)
You are resistant to electric shocks. (rElec)
You are resistant to unholy torment.
You are immune to petrification.
Armour fits poorly on your strangely shaped body.
You are robust. (+10% HP)
You are covered in fur. (AC +1)
You are weak. (Str -2)
You are vulnerable to cold. (rC-)
You occasionally lose the ability to drink potions when taking damage.
You sometimes lose the ability to read scrolls when taking damage.
You have hidden genetic defects.


   Skills:
 O Level 27 Fighting
 - Level 4.8 Short Blades
 - Level 19.0 Axes
 - Level 17.4 Throwing
 O Level 27 Armour
 + Level 20.6 Dodging
 - Level 22.1 Shields
 O Level 27 Invocations


You had 26 spell levels left.
You didn't know any spells.
Your spell library was empty.

Inventory:

Hand Weapons
 v - the +8 mithril axe "Arga" (weapon) {speed, Will+}
   (You took it off Dowan on level 7 of the Dungeon)

   Attacks with this weapon are significantly faster.
   Will:      It increases your willpower.
 O - the +6 broad axe of Egiusu {holy, rF+ rC+ Str+3}
   (You acquired it on level 5 of the Vaults)

   It has been blessed by the Shining One to cause great damage to the undead
   and demons.
   Str:       It affects your strength (+3).
   rF:        It protects you from fire.
   rC:        It protects you from cold.
Missiles
 s - 23 boomerangs
 F - 4 silver boomerangs (quivered)
Armour
 c - the +3 pair of seven-league boots {Rampage+∞}
   (You found it on level 3 of the Depths)

   Its wearer moves as far as possible in that direction when moving towards
   enemies.
 m - a +1 tower shield of cold resistance
 o - the +4 cloak of Pan-Flutes (worn) {rC+ Int+2}
   (You acquired it on level 4 of the Dungeon)

   Int:       It affects your intelligence (+2).
   rC:        It protects you from cold.
 u - the +8 crystal plate armour of the Devil {rF+}
   (You acquired it on level 1 of the Vaults)

   rF:        It protects you from fire.
 w - the +18 shield of the Gong (worn) {rElec rN+ Will+ EV-5}
   (You found it on level 4 of the Vaults)

   It is deafeningly noisy when blocking attacks.
   EV:        It affects your evasion (-5).
   rElec:     It insulates you from electricity.
   rN:        It protects you from negative energy.
   Will:      It increases your willpower.
 z - the +1 scale mail of the Terrible Slorg {Will+ rCorr Str+2}
   (You found it in Pandemonium)

   Str:       It affects your strength (+2).
   rCorr:     It protects you from acid and corrosion.
   Will:      It increases your willpower.
 C - +6 gold dragon scales
 D - the +2 helmet "Didam" (worn) {Will- MP+9 Str-4 Slay+6}
   (You found it in a Gauntlet)

   Str:       It affects your strength (-4).
   Slay:      It affects your accuracy & damage with ranged weapons and melee
   (+6).
   MP:        It affects your magic capacity (+9).
   Will:      It decreases your willpower.
 I - the +0 pair of boots "Ihockey" {rF+ rCorr Dex-2}
   (You bought it in a shop in a bazaar)

   Dex:       It affects your dexterity (-2).
   rF:        It protects you from fire.
   rCorr:     It protects you from acid and corrosion.
 K - the +0 pair of gloves of the Journeyman (worn) {rPois Dex+4 Slay+2}
   (You bought it in a shop in a bazaar)

   Dex:       It affects your dexterity (+4).
   Slay:      It affects your accuracy & damage with ranged weapons and melee
   (+2).
   rPois:     It protects you from poison.
 N - a scarf of resistance
 R - the +1 pair of boots of New Discoveries (worn) {rCorr Str+3}
   (You found it on level 4 of the Realm of Zot)

   Str:       It affects your strength (+3).
   rCorr:     It protects you from acid and corrosion.
 S - the +11 plate armour of Pride (worn) {rC+ Slay+2}
   (Okawaru gifted it to you on level 4 of the Realm of Zot)

   Slay:      It affects your accuracy & damage with ranged weapons and melee
   (+2).
   rC:        It protects you from cold.
Jewellery
 f - the amulet "Qoeschof" (around neck) {Fly Regen+ Str+3}
   (You acquired it on level 2 of the Dungeon)

   [amulet of regeneration]

   Str:       It affects your strength (+3).
   Fly:       It grants you flight.
   Regen:     It increases your rate of health regeneration.
 g - the ring "Xait" {rElec rPois rCorr Str+6}
   (You found it on level 3 of the Tomb of the Ancients)

   [ring of poison resistance]

   Str:       It affects your strength (+6).
   rElec:     It insulates you from electricity.
   rPois:     It protects you from poison.
   rCorr:     It protects you from acid and corrosion.
 j - the ring of Upynipp {rF+ rN+ Int+2 Dex+6}
   (You found it on level 3 of the Tomb of the Ancients)

   [ring of dexterity]

   Int:       It affects your intelligence (+2).
   Dex:       It affects your dexterity (+6).
   rF:        It protects you from fire.
   rN:        It protects you from negative energy.
 l - the ring of Kooffem {rC+ rN+ Will+}
   (You bought it in a shop in a bazaar)

   [ring of willpower]

   rC:        It protects you from cold.
   rN:        It protects you from negative energy.
   Will:      It increases your willpower.
 n - the ring of Iblups (left hand) {Str+5 Dex+6}
   (You took it off an angel in Pandemonium)

   [ring of dexterity]

   Str:       It affects your strength (+5).
   Dex:       It affects your dexterity (+6).
 x - the amulet "Alevium" {rF+ Regen+}
   (You bought it in a shop in a bazaar)

   [amulet of regeneration]

   rF:        It protects you from fire.
   Regen:     It increases your rate of health regeneration.
 E - the amulet of Okawaru, Kissing {Spirit rC++ Will+ Dex+6}
   (You took it off a minotaur in a Gauntlet)

   [amulet of guardian spirit]

   It causes incoming damage to be divided between your reserves of health and
   magic.
   Dex:       It affects your dexterity (+6).
   rC:        It greatly protects you from cold.
   Will:      It increases your willpower.
 G - the ring "Pysodgha" {Ice Str+3 Dex-5 Slay+2 Stlth+}
   (You found it on level 3 of the Tomb of the Ancients)

   [ring of ice]

   It enhances your ice magic.
   Str:       It affects your strength (+3).
   Dex:       It affects your dexterity (-5).
   Slay:      It affects your accuracy & damage with ranged weapons and melee
   (+2).
   rF:        It makes you vulnerable to fire.
   rC:        It protects you from cold.
   Stlth:     It makes you more stealthy.
 H - the ring "Fuch" (right hand) {Str+4 Dex+6}
   (You found it in Pandemonium)

   [ring of dexterity]

   Str:       It affects your strength (+4).
   Dex:       It affects your dexterity (+6).
 J - a ring of resist corrosion
 M - a ring of protection from fire
 P - the amulet of Surprise {Faith rC- Will+ Regen+ Dex+4}
   (You found it on level 3 of the Tomb of the Ancients)

   [amulet of faith]

   It allows you to gain divine favour quickly.
   Dex:       It affects your dexterity (+4).
   rC:        It makes you vulnerable to cold.
   Regen:     It increases your rate of health regeneration.
   Will:      It increases your willpower.
 Q - the ring "Pumep" {+Blink rC+ rN+ Int+3 Stlth-}
   (You bought it in a shop on level 5 of the Vaults)

   [ring of protection from cold]

   Int:       It affects your intelligence (+3).
   rC:        It protects you from cold.
   rN:        It protects you from negative energy.
   +Blink:    It lets you blink.
   Stlth:     It makes you less stealthy.
Wands
 L - a wand of digging (28)
Scrolls
 a - 8 scrolls of brand weapon
 h - 27 scrolls of identify
 r - 19 scrolls of teleportation
 y - 10 scrolls of enchant armour
 B - 9 scrolls of enchant weapon
Potions
 b - 2 potions of magic
 d - 16 potions of might
 e - 32 potions of curing
 i - 16 potions of attraction
 k - 9 potions of haste
 q - 9 potions of heal wounds
 t - 13 potions of lignification
 A - a potion of cancellation

Dungeon Overview and Level Annotations

Branches:
Dungeon (15/15)            Temple (1/1) D:7            Lair (5/5) D:9
  Swamp (4/4) Lair:2       Spider (4/4) Lair:3        Slime (5/5) Lair:5
    Orc (2/2) D:9             Elf (0/3) Orc:2        Vaults (5/5) D:13
  Crypt (3/3) Vaults:3       Tomb (3/3) Crypt:3      Depths (4/4) D:15
    Zot (4/5) Depths:4    Gauntlet (visited)

Altars:
Ashenzari
Cheibriados
Dithmenos
Elyvilon
Fedhas
Gozag
Hepliaklqana
Kikubaaqudgha
Makhleb
Nemelex Xobeh
Okawaru
Qazlal
Ru
Sif Muna
Trog
Uskayaw
Vehumet
Wu Jian
Xom
Yredelemnul
Zin
The Shining One

Shops:
D:5 *   Orc:2 *==**   Vaults:1 (   Vaults:2 (   Vaults:4 ?   Vaults:5 =!
Zot:3 *

Portals:
Hell: Depths:1 Depths:2 Depths:3 Depths:4
Abyss: Depths:3
Pandemonium: Depths:2 Depths:4*
Ziggurat: Depths:4
Trove: D:12 (give +3 fire dragon scales)

Annotations:
D:7 1 runed translucent door, Crazy Yiuf
D:10 1 runed translucent door, squishfish's ghost, journeyman GrFi
D:11 2 transporters, qw's ghost, journeyman GrFi
D:13 3 runed translucent doors, qw's ghost, journeyman GrFi
D:15 3 runed translucent doors, qw's ghost, adept GrFi
Swamp:4 2 transporters, qw's ghost, adept GrFi
Spider:3 2 transporters, Bewnofeo's ghost, adept GrFi; qw's ghost, adept GrFi
Slime:5 Royal Jelly
Depths:3 2 runed translucent doors, Barug's ghost, adept TrMo


Message History

You block the quicksilver ooze's attack.
GONNNNG!
The quicksilver ooze hits you but does no damage.
You slice the quicksilver ooze!!
You kill the quicksilver ooze!
That felt strangely unrewarding.
You slice the azure jelly!! You slash the titanic slime creature!
You slice the acid blob!!
Your hands burn!
You slash the acid blob!
Your hands burn!
You slash the Royal Jelly!
Your hands burn!
You slice the quicksilver ooze!! You slash the glowing orange brain!
You kill the glowing orange brain!
The Shining One accepts your kill.
You feel better.
You feel your power returning.
The quicksilver ooze dissolves into shadows!
The azure jelly dissolves into shadows!
The acid blob dissolves into shadows!
The ooze engulfing you falls away. The acid blob spits acid at you.
You block the splash of acid.
BONNNG!
You block the acid blob's attack.
GONNNNG!
The Royal Jelly hits you.
You are splashed with acid.
You resist.
The Royal Jelly hits you but does no damage.
The large slime creature hits your daeva!
You hit the titanic slime creature.
The titanic slime creature is heavily wounded.
You slash the acid blob!
Your hands burn!
You hit the Royal Jelly. The acid corrodes you!
Your hands burn!
The Royal Jelly shudders.
The Royal Jelly spits out another jelly.
The titanic slime creature hits you!!!
You feel threatened and lose the ability to drink potions!
Your daeva calls down the wrath of the Shining One upon the large slime creature.
The large slime creature is smitten.
Two slime creatures merge to form an enormous slime creature.
You slice the titanic slime creature!!
The titanic slime creature is heavily wounded.
You slice the enormous slime creature!! You slice the acid blob!!
Your hands burn!
You die...

...............
#...............
................
................
#...J...........
......J.J.......
.....JJJ.........
#....JJ@.........
..J...J..........
.....JA..........
.................
.................
.................
.........<.......
..........^..##..
.........#.##


You could see the Royal Jelly, 2 acid blobs, an azure jelly, a titanic slime
creature, an enormous slime creature, a large slime creature (ally target), 4
slime creatures and a friendly daeva (summoned).

Vanquished Creatures
  Cerebov (Pan)
  Ignacio (Pan)
  Lom Lobon (Pan)
  Mnoleg (Pan)
  An ancient lich (Crypt:3)
  Mara (Depths:2)
  Mennas (Vaults:4)
  2 juggernauts
  13 pandemonium lords (Pan)
  19 royal mummies
  Sojobo (Vaults:4)
  Parghit (Zot:2)
  Margery (Vaults:4)
  2 curse toes (Zot:4)
  A caustic shrike (Depths:3)
  Nikola (Swamp:3)
  A bone dragon (Depths:4)
  5 golden dragons
  A pearl dragon (Pan)
  6 Brimstone Fiends (Pan)
  Arachne (Spider:4)
  2 electric golems (Zot:4)
  6 Hell Sentinels (Pan)
  5 Tzitzimimeh
  15 tentacled monstrosities
  A walking earthen tome (Depths:3)
  Mlioglotl (Spider:1)
  5 Ice Fiends (Pan)
  7 liches
  A walking frostbound tome (Depths:3)
  8 deep elf blademasters
  28 titans
  13 acid blobs
  3 quicksilver dragons
  10 death cobs
  6 deep elf master archers
  43 Executioners (Pan)
  An eldritch tentacle (Pan)
  2 thorn hunters (Swamp:4)
  3 ancient champions
  Kirke (Swamp:2)
  10 tengu reavers
  6 sphinxes
  18 storm dragons
  A draconian monk (Zot:3)
  8 shadow dragons
  8 daevas (Pan)
  3 azure jellies
  12 frost giants
  2 rockslimes (Slime:5)
  7 revenants
  3 draconian knights
  An emperor scorpion (Spider:4)
  3 iron dragons
  14 demonspawn warmongers (Pan)
  10 fire giants
  Louise (Depths:3)
  26 cacodemons (Pan)
  47 balrugs
  4 draconian scorchers
  7 ghost moths
  3 draconian shifters
  A deep elf sorcerer (Vaults:5)
  14 vault wardens
  14 angels (Pan)
  5 curse skulls
  Aizul (Depths:1)
  6 caustic shrike zombies
  11 demonspawn corrupters (Pan)
  4 orc warlords
  6 draconian stormcallers
  4 quicksilver oozes
  32 stone giants
  4 draconian annihilators
  6 ghouls
  A quicksilver ooze (shapeshifter) (Gauntlet)
  26 demonspawn blood saints (Pan)
  18 ironbound preservers
  7 war gargoyles
  A spriggan defender (Depths:3)
  A caustic shrike skeleton (Crypt:2)
  28 very ugly things
  8 ironbound thunderhulks
  4 deep elf demonologists
  9 apis (Pan)
  6 ophanim (Pan)
  Nessos (D:14)
  7 bennus
  28 reapers
  11 white draconians
  11 eleionomae
  12 demonspawn black suns (Pan)
  8 black draconians
  8 green draconians
  10 vampire knights
  11 purple draconians
  7 red draconians
  21 lorocyprocas (Pan)
  5 deep elf annihilators
  4 bunyips
  6 spark wasps
  29 green deaths (Pan)
  A minotaur (Gauntlet)
  8 dire elephants
  4 deep elf death magi
  7 eidola
  15 blizzard demons (Pan)
  13 ettins
  9 yellow draconians
  2 crystal guardians
  A quicksilver dragon zombie (Crypt:3)
  Josephine (Lair:4)
  18 mummy priests
  11 fire dragons
  8 entropy weavers
  A merfolk impaler (Depths:1)
  An ettin (shapeshifter) (Vaults:4)
  4 jiangshi
  10 yaktaur captains
  11 great orbs of eyes
  4 shambling mangroves (Swamp:4)
  A deep elf high priest (Vaults:5)
  A quicksilver dragon skeleton (Crypt:3)
  8 rakshasas
  6 ice dragons
  4 hell beasts
  2 fenstrider witch zombies
  30 vault guards
  4 spriggan zombies (Crypt:3)
  4 boulder beetles
  2 jorogumos
  10 spriggan air magi
  3 peacekeepers
  31 hydras
  10 ironbound frosthearts
  13 centaur warriors
  3 spriggan skeletons
  A fenstrider witch skeleton (Pan)
  4 ogre magi (Vaults:5)
  A death knight (D:14)
  32 death scarabs
  8 radroaches
  6 death yaks
  5 deep troll earth magi
  2 two-headed ogres
  12 alligators
  7 hell hogs
  2 vampire magi
  4 deep troll shamans
  3 spriggan berserkers
  6 holy swine (Pan)
  6 tengu warriors
  A storm dragon zombie (Crypt:3)
  130 sun demons
  55 soul eaters
  6 deep elf knights
  23 hell knights
  2 shock serpents (shapeshifter)
  Nergalle (D:11)
  2 spectral death yaks (Lair:5)
  15 skeletal warriors
  A death drake (shapeshifter) (Vaults:5)
  4 shadow wraiths
  A sun moth (Spider:3)
  67 slime creatures
  2 salamander mystics (Depths:1)
  A spectral anaconda (Lair:5)
  5 iron trolls
  3 pharaoh ants
  30 sixfirhies
  5 steelbarb worms
  An anaconda zombie (Crypt:3)
  A storm dragon skeleton (Pan)
  5 goliath frogs
  4 spriggan druids
  6 deep elf archers
  A tengu zombie (Vaults:5)
  2 flayed ghosts
  4 orb spiders (Spider:4)
  8 cherubim (Pan)
  A death drake (Swamp:4)
  34 shadow demons (Pan)
  2 obsidian statues
  14 swamp dragons
  10 wizards
  6 glowing orange brains
  5 lindwurms
  57 deep trolls
  A shadow dragon zombie (Vaults:5)
  6 bog bodies
  22 phantasmal warriors
  An orange crystal statue (Zot:3)
  A sphinx zombie (Vaults:5)
  15 harpies
  An anaconda skeleton (Pan)
  A shadow dragon skeleton (Vaults:5)
  14 ironbound convokers
  A bunyip skeleton (Pan)
  7 deep elf pyromancers
  A harpy (shapeshifter) (Vaults:5)
  24 wolf spiders
  31 necromancers
  7 deep elf zephyrmancers
  4 oklob plants (Zot:3)
  9 orc knights
  6 salamanders (Depths:1)
  10 orc sorcerers
  32 ugly things
  An elephant (shapeshifter) (Gauntlet)
  10 cyclopes
  26 moths of wrath
  A shining eye (Slime:2)
  A will-o-the-wisp (Swamp:4)
  3 manticores
  2 orc zombies (Crypt:3)
  A rust devil (Pan)
  A shock serpent zombie (Crypt:2)
  Maurice (D:12)
  4 dire elephant zombies
  A fire giant skeleton (Vaults:2)
  16 vault sentinels
  2 eyes of devastation
  2 naga zombies (Crypt:3)
  An alligator snapping turtle zombie (Crypt:3)
  73 smoke demons
  5 black mambas
  22 elephants (Lair:5)
  3 torpor snails
  2 naga skeletons
  38 orange demons
  A gargoyle (D:14)
  12 cane toads
  A shock serpent skeleton (Crypt:1)
  2 centaur skeletons
  An unseen horror (Pan)
  2 hellions (Pan)
  A yellow draconian zombie (Crypt:2)
  A cane toad (shapeshifter) (Depths:3)
  A black draconian zombie (Crypt:2)
  27 yaktaurs
  43 demonic crawlers
  9 komodo dragons
  2 kobold demonologists (D:10)
  7 rime drakes
  10 efreet
  3 alligator snapping turtle skeletons
  9 freezing wraiths
  A yaktaur zombie (Vaults:5)
  19 tormentors
  69 hellwings
  46 guardian mummies
  3 ice devils
  3 tengu conjurers
  6 trolls
  7 tyrant leeches
  11 red devils (Pan)
  A harpy zombie (Tomb:1)
  A hydra skeleton (Tomb:3)
  3 polar bears
  24 hornets
  2 bloated husks (Swamp:4)
  A troll (shapeshifter) (Depths:2)
  5 blink frogs (Lair:5)
  A hornet (shapeshifter) (D:10)
  28 tarantellas
  Grinder (D:3)
  A spectral elephant (Lair:5)
  A blink frog (shapeshifter) (Vaults:4)
  Prince Ribbit (D:8)
  An ettin zombie (Crypt:3)
  A human skeleton (Vaults:2)
  A dream sheep (Lair:3)
  66 large abominations (Pan)
  A merfolk skeleton (Crypt:3)
  A black mamba zombie (Tomb:2)
  15 spriggans
  A jumping spider (shapeshifter) (Depths:3)
  27 jumping spiders
  2 ettin skeletons (Crypt:3)
  29 culicivoras
  11 flying skulls
  3 shadows
  A guardian serpent skeleton (Crypt:1)
  64 ynoxinuls (Pan)
  15 water elementals
  A vampire (D:12)
  A fire bat (shapeshifter) (D:14)
  19 humans (D:13)
  A fire elemental (Lair:4)
  59 yaks
  14 wraiths
  8 wyverns
  19 ushabtiu
  10 basilisks
  8 golden eyes (Pan)
  6 hogs (Swamp:2)
  13 vampire mosquitoes
  46 chaos spawn
  50 neqoxecs
  66 redbacks
  A demonspawn zombie (Crypt:1)
  6 wargs
  Menkaure (D:7)
  2 spectral cane toads (Lair:5)
  3 steam dragons
  16 swamp worms
  A glowing shapeshifter zombie (Crypt:1)
  A glowing shapeshifter skeleton (Vaults:2)
  An acid dragon (D:14)
  Duvessa (D:7)
  4 floating eyes
  14 hell hounds
  11 water moccasins
  A sky beast (D:7)
  8 swamp drakes
  5 black bears
  20 orc warriors
  2 ice beasts
  2 human zombies
  An elephant zombie (Lair:5)
  An ogre (Orc:1)
  16 wolves
  9 boggarts
  A manticore skeleton (Crypt:2)
  14 centaurs
  2 elephant skeletons (Lair:5)
  3 phantoms
  4 kobold brigands
  13 bullfrogs
  4 necrophages
  A cyclops zombie (Crypt:2)
  3 scorpions
  3 cane toad simulacra (Lair:5)
  9 wights
  9 wyvern skeletons (Crypt:3)
  Dowan (D:7)
  An elephant simulacrum (Lair:5)
  A warg skeleton (Crypt:1)
  10 killer bees
  A shapeshifter skeleton (Crypt:2)
  2 vampire bats (Lair:3)
  3 electric eels
  8 howler monkeys
  6 crimson imps (Pan)
  A lava snake (Lair:4)
  4 hounds
  7 orc priests
  2 gnoll boudas
  4 iguanas
  48 orc wizards
  2 lightning spires (Zot:3)
  7 hell rats (D:14)
  50 mummies
  6 gnolls
  A river rat (D:9)
  10 adders
  A shadow imp (D:7)
  A white imp (D:5)
  An ufetubus (D:5)
  6 worms
  4 dart slugs
  89 orcs
  10 ball pythons
  A bat zombie (Crypt:1)
  5 endoplasms
  2 giant cockroaches
  13 hobgoblins
  6 jackals
  19 kobolds
  10 quokkas
  10 bats
  4 frilled lizards
  A gnoll skeleton (Crypt:1)
  5 goblins
  9 rats
  A ball lightning (Pan)
  3 briar patches (Swamp:4)
  2 fire vortices (Pan)
  A plant (Depths:1)
  A starspawn tentacle (Pan)
3598 creatures vanquished.

Vanquished Creatures (collateral kills)
  6 pandemonium lords (Pan)
  Gloorx Vloq (Pan)
  9 royal mummies
  2 Tzitzimimeh (Pan)
  3 liches
  An Ice Fiend (Pan)
  A Hell Sentinel (Pan)
  A titan (Tomb:1)
  A deep elf blademaster (Tomb:1)
  A deep elf master archer (Tomb:1)
  9 Executioners (Pan)
  A sphinx (Tomb:1)
  An ancient champion (Tomb:2)
  2 revenants
  6 demonspawn warmongers (Pan)
  3 fire giants (Tomb:1)
  2 daevas (Pan)
  4 balrugs (Pan)
  5 cacodemons (Pan)
  2 angels (Pan)
  7 reapers (Pan)
  A demonspawn blood saint (Pan)
  3 very ugly things (Pan)
  6 bennus (Tomb:2)
  An ophan (Pan)
  2 apis (Pan)
  6 lorocyprocas (Pan)
  2 demonspawn black suns (Pan)
  A white draconian (Tomb:1)
  2 green deaths (Pan)
  A yellow draconian (Tomb:1)
  6 blizzard demons (Pan)
  4 mummy priests
  A great orb of eyes (Slime:5)
  A hell beast (Pan)
  5 death scarabs
  A hell hog (Pan)
  4 soul eaters (Pan)
  11 sun demons (Pan)
  A shadow wraith (Pan)
  A cherub (Pan)
  4 sixfirhies (Pan)
  6 large abominations (Pan)
  5 shadow demons (Pan)
  A spriggan simulacrum (Tomb:1)
  An ugly thing (Pan)
  7 smoke demons (Pan)
  8 orange demons (Pan)
  9 demonic crawlers (Pan)
  A naga skeleton (Pan)
  4 hellwings (Pan)
  An efreet (Pan)
  An ice devil (Pan)
  8 guardian mummies
  A harpy zombie (Tomb:2)
  A slime creature (Slime:5)
  A harpy skeleton (Pan)
  15 ynoxinuls (Pan)
  2 flying skulls (Tomb:1)
  A merfolk skeleton (Pan)
  7 ushabtiu
  10 chaos spawn (Pan)
  7 neqoxecs (Pan)
  2 crimson imps (Pan)
  8 mummies
239 creatures vanquished.

Vanquished Creatures (others)
  An ancient lich (Vaults:5)
  A bennu (Tomb:3)
  3 sun demons (Pan)
  A sixfirhy (Pan)
  A glowing orange brain (Pan)
  A smoke demon (Pan)
  A bloated husk (Swamp:1)
  A wolf (Lair:5)
  An orc wizard (Orc:2)
  2 ball lightnings (Pan)
  A fire vortex (Pan)
  29 fungi
  78 plants
  5 starspawn tentacles (Pan)
  58 withered plants
184 creatures vanquished.

Grand Total: 4021 creatures vanquished

Notes
Turn   | Place    | Note
-------+----------+-------------------------------------------
     0 | D:1      | qw the Gargoyle Fighter began the quest for the Orb.
     0 | D:1      | Reached XP level 1. HP: 14/14 MP: 1/1
     0 | D:1      | 0 ||| qw: Version: 0.2-a-17-g06abaee
     0 | D:1      | 0 ||| qw: Game counter: 2088
     0 | D:1      | 0 ||| qw: Always use a shield: true
     0 | D:1      | 0 ||| qw: God list: Okawaru
     0 | D:1      | 0 ||| qw: Allow faded altars: false
     0 | D:1      | 0 ||| qw: Do Orc after D:15 true
     0 | D:1      | 0 ||| qw: Do second Lair branch before Depths: true
     0 | D:1      | 0 ||| qw: Lair rune preference: random
     0 | D:1      | 0 ||| qw: Plans: Normal, Zot:1-4, God:TSO, Crypt, Tomb,
                  | Pan, Slime:5, Hells, Abyss, Orb
     0 | D:1      | 0 ||| PLANNING D:1-11
    71 | D:1      | 71 ||| Stepping ~*~*~tactically~*~*~ (stealth).
   177 | D:1      | Reached XP level 2. HP: 17/19 MP: 2/2
   262 | D:1      | 262 ||| DROPPING +0 club.
   488 | D:1      | Found a faded altar of an unknown god.
   580 | D:1      | Reached skill level 3 in Axes
   634 | D:1      | Reached XP level 3. HP: 23/23 MP: 3/3
   747 | D:1      | 747 ||| READING scroll labelled VUPNIM PUBUA.
   748 | D:1      | 748 ||| READING 3 scrolls labelled JIUBRE HAUMUXO.
   749 | D:1      | 749 ||| READING scroll labelled ZUAKAI KECEIPP.
   750 | D:1      | 750 ||| READING scroll labelled HIR HITHEXYCK.
   751 | D:1      | 751 ||| DRINKING 2 fizzy dark potions.
   752 | D:1      | 752 ||| DRINKING 2 sapphire potions.
   753 | D:1      | 753 ||| DRINKING 2 grey potions.
   754 | D:1      | 754 ||| DROPPING potion of degeneration.
   755 | D:1      | 755 ||| DROPPING 2 scrolls of fear.
   756 | D:1      | 756 ||| DROPPING potion of brilliance.
   939 | D:2      | 939 ||| READING 3 scrolls of brand weapon.
   939 | D:2      | 939 ||| BRANDING +0 war axe of freezing.
  1109 | D:2      | 1109 ||| Stepping ~*~*~tactically~*~*~ (stealth).
  1181 | D:2      | Reached XP level 4. HP: 28/28 MP: 4/4
  1430 | D:2      | 1430 ||| DROPPING +0 whip.
  1480 | D:2      | 1480 ||| READING scroll labelled FASEAF IKHLAISOJ.
  1481 | D:2      | 1481 ||| READING scroll labelled IMOQAR PIESSU.
  1484 | D:2      | 1484 ||| READING scroll labelled MIEKONG QAINA.
  1484 | D:2      | Identified a scroll of acquirement
  1484 | D:2      | 1484 ||| ACQUIRING amulet "Qoeschof" {Fly Regen+ Str+3}
  1484 | D:2      | Acquired the amulet "Qoeschof" {Fly Regen+ Str+3}
  1486 | D:2      | 1486 ||| UPGRADING to amulet "Qoeschof" {Fly Regen+ Str+3}.
  1607 | D:3      | Noticed Grinder
  1610 | D:3      | Paralysed by Grinder for 5 turns
  1616 | D:3      | Paralysed by Grinder for 4 turns
  1626 | D:3      | Paralysed by Grinder for 2 turns
  1647 | D:3      | Paralysed by Grinder for 3 turns
  1651 | D:3      | Killed Grinder
  1652 | D:3      | Reached XP level 5. HP: 32/32 MP: 5/5
  1652 | D:3      | Reached XP level 6. HP: 37/37 MP: 6/6
  1723 | D:3      | Found a broken altar of Ashenzari.
  2185 | D:3      | 2185 ||| UPGRADING to +0 helmet.
  2190 | D:3      | 2190 ||| UPGRADING to ring of positive energy.
  2191 | D:3      | 2191 ||| READING scroll labelled JEGUOC SOKLAIR.
  2209 | D:3      | 2209 ||| READING scroll labelled ZOEKISK JAPEWI.
  2297 | D:4      | Reached skill level 1 in Dodging
  2322 | D:4      | 2322 ||| Stepping ~*~*~tactically~*~*~ (stealth).
  2387 | D:4      | Reached XP level 7. HP: 29/44 MP: 7/7
  2408 | D:4      | Reached skill level 6 in Axes
  2495 | D:4      | 2495 ||| READING scroll of acquirement.
  2495 | D:4      | 2495 ||| ACQUIRING +4 cloak of Pan-Flutes {rC+ Int+2}
  2495 | D:4      | Acquired the +4 cloak of Pan-Flutes {rC+ Int+2}
  2497 | D:4      | 2497 ||| UPGRADING to +4 cloak of Pan-Flutes {rC+ Int+2}.
  2757 | D:4      | 2757 ||| Stepping ~*~*~tactically~*~*~ (stealth).
  2758 | D:4      | 2758 ||| Stepping ~*~*~tactically~*~*~ (stealth).
  2759 | D:4      | 2759 ||| Stepping ~*~*~tactically~*~*~ (stealth).
  2918 | D:4      | 2918 ||| READING scroll labelled MAJOAQ LUT SETAWNE.
  2919 | D:4      | 2919 ||| DRINKING 2 coppery potions.
  2920 | D:4      | 2920 ||| DRINKING 3 blue potions.
  2921 | D:4      | 2921 ||| READING 5 scrolls of identify.
  2921 | D:4      | 2921 ||| IDENTIFYING smoky yellow potion
  2939 | D:5      | Entered Level 5 of the Dungeon
  2939 | D:5      | Found Falooduiso's Assorted Antiques.
  2946 | D:5      | 2946 ||| Stepping ~*~*~tactically~*~*~ (stealth).
  2951 | D:5      | 2951 ||| DRINKING potion of curing.
  2951 | D:5      | 2951 ||| (to cure confusion)
  2970 | D:5      | 2970 ||| SHOPLISTING potion of resistance (230 gold, have
                  | 141).
  2970 | D:5      | 2970 ||| SHOPLISTING scroll of enchant weapon (172 gold,
                  | have 141).
  2970 | D:5      | 2970 ||| BUYING scroll of teleportation (69 gold).
  2970 | D:5      | Bought a scroll of teleportation for 69 gold pieces
  2994 | D:5      | 2994 ||| READING 2 scrolls of enchant weapon.
  2994 | D:5      | 2994 ||| ENCHANTING +0 vampiric war axe.
  2995 | D:5      | 2995 ||| READING scroll of enchant weapon.
  2995 | D:5      | 2995 ||| ENCHANTING +1 vampiric war axe.
  2996 | D:5      | 2996 ||| DROPPING +0 war axe of electrocution.
  3487 | D:5      | 3487 ||| DROPPING +1 vorpal flail.
  3544 | D:5      | Reached XP level 8. HP: 48/48 MP: 8/8
  3637 | D:5      | 3637 ||| Stepping ~*~*~tactically~*~*~ (stealth).
  3789 | D:5      | 3789 ||| READING scroll labelled JOXTOA TIMMIT.
  3790 | D:5      | 3790 ||| READING 6 scrolls of identify.
  3790 | D:5      | 3790 ||| IDENTIFYING fizzy amethyst potion
  3791 | D:5      | 3791 ||| DROPPING potion of berserk rage.
  3810 | D:6      | 3810 ||| Stepping randomly (stuck).
  3851 | D:6      | Reached skill level 6 in Fighting
  3957 | D:6      | Found a white marble altar of Elyvilon.
  4479 | D:6      | 4479 ||| Stepping ~*~*~tactically~*~*~ (stealth).
  4518 | D:6      | 4518 ||| UPGRADING to +0 chain mail.
  4528 | D:6      | 4528 ||| DROPPING +0 scale mail.
  4532 | D:6      | 4532 ||| READING scroll labelled HURGHE TALA.
  4533 | D:6      | 4533 ||| READING 5 scrolls of identify.
  4533 | D:6      | 4533 ||| IDENTIFYING ruby potion
  4534 | D:6      | 4534 ||| Stepping randomly (stuck).
  4535 | D:6      | 4535 ||| Stepping randomly (stuck).
  4579 | D:6      | Reached skill level 9 in Axes
  4579 | D:6      | Reached XP level 9. HP: 55/55 MP: 9/9
  4934 | D:7      | HP: 14/57 [wight/+4 spear (6)]
  4935 | D:7      | 4935 ||| READING 5 scrolls of teleportation.
  4936 | D:7      | 4936 ||| DRINKING potion of heal wounds.
  4937 | D:7      | HP: 4/57 [wight/+4 spear (5)]
  4939 | D:7      | Identified the +7 chain mail of Tiratism {Harm Fly Will+
                  | Int-4}
  4941 | D:7      | 4941 ||| READING 4 scrolls of teleportation.
  5002 | D:7      | Found a runed translucent door.
  5003 | D:7      | Noticed Crazy Yiuf
  5034 | D:7      | 5034 ||| Stepping ~*~*~tactically~*~*~ (hiding).
  5223 | D:7      | 5223 ||| FLEEEEING.
  5224 | D:7      | 5224 ||| FLEEEEING.
  5225 | D:7      | 5225 ||| FLEEEEING.
  5245 | D:7      | Identified the +1 leather armour of Doronn {+Inv rC- rCorr
                  | Str+4}
  5252 | D:7      | 5252 ||| Stepping ~*~*~tactically~*~*~ (stealth).
  5262 | D:7      | Noticed Menkaure
  5263 | D:7      | 5263 ||| Stepping ~*~*~tactically~*~*~ (hiding).
  5265 | D:7      | 5265 ||| Stepping ~*~*~tactically~*~*~ (hiding).
  5266 | D:7      | 5266 ||| Stepping ~*~*~tactically~*~*~ (hiding).
  5275 | D:7      | Killed Menkaure
  5345 | D:7      | Found a staircase to the Ecumenical Temple.
  5346 | D:7      | 5346 ||| PLANNING TEMPLE
  5352 | D:7      | 5352 ||| Stepping ~*~*~tactically~*~*~ (stealth).
  5366 | D:7      | HP: 13/57 [orc warrior/bolt of dispelling energy (4)]
  5367 | D:7      | 5367 ||| READING 3 scrolls of teleportation.
  5424 | D:7      | 5424 ||| READING 4 scrolls of identify.
  5424 | D:7      | 5424 ||| IDENTIFYING fizzy cyan potion
  5443 | Temple   | Entered the Ecumenical Temple
  5496 | Temple   | 5496 ||| PLANNING OKAWARU WORSHIP
  5600 | Temple   | Became a worshipper of Warmaster Okawaru
  5601 | Temple   | 5601 ||| PLANNING D:1-11
  5659 | D:7      | Noticed a green ugly thing
  5666 | D:7      | Noticed a green ugly thing
  5667 | D:7      | 5667 ||| Stepping ~*~*~tactically~*~*~ (stealth).
  5673 | D:7      | Noticed a brown ugly thing
  5680 | D:7      | Killed a green ugly thing
  5680 | D:7      | Reached * piety under Okawaru
  5685 | D:7      | Killed a cyan ugly thing
  5686 | D:7      | Reached XP level 10. HP: 63/63 MP: 9/12
  5692 | D:7      | Killed a brown ugly thing
  5693 | D:7      | Reached skill level 3 in Invocations
  5704 | D:7      | 5704 ||| INVOKING Heroism.
  5774 | D:7      | 5774 ||| INVOKING Heroism.
  5775 | D:7      | 5775 ||| Stepping ~*~*~tactically~*~*~ (hiding).
  5793 | D:7      | 5793 ||| INVOKING Heroism.
  5820 | D:7      | 5820 ||| Stepping ~*~*~tactically~*~*~ (hiding).
  5874 | D:7      | 5874 ||| INVOKING Heroism.
  5879 | D:7      | Reached skill level 1 in Throwing
  5997 | D:7      | 5997 ||| Stepping ~*~*~tactically~*~*~ (hiding).
  6003 | D:7      | 6003 ||| INVOKING Heroism.
  6034 | D:7      | Noticed Dowan
  6035 | D:7      | 6035 ||| Stepping ~*~*~tactically~*~*~ (stealth).
  6039 | D:7      | 6039 ||| Stepping ~*~*~tactically~*~*~ (hiding).
  6042 | D:7      | 6042 ||| Stepping ~*~*~tactically~*~*~ (hiding).
  6043 | D:7      | 6043 ||| Stepping ~*~*~tactically~*~*~ (hiding).
  6059 | D:7      | Killed Dowan
  6072 | D:7      | 6072 ||| SWAPPING to +8 mithril axe "Arga" {speed, Will+}.
  6073 | D:7      | 6073 ||| DROPPING +2 vampiric war axe.
  6074 | D:7      | Noticed Duvessa
  6075 | D:7      | 6075 ||| INVOKING Heroism.
  6080 | D:7      | Killed Duvessa
  6112 | D:7      | Noticed a red ugly thing
  6112 | D:7      | Noticed a manticore
  6113 | D:7      | 6113 ||| INVOKING Heroism.
  6118 | D:7      | Killed a red ugly thing
  6118 | D:7      | Reached ** piety under Okawaru
  6132 | D:7      | Killed a manticore
  6133 | D:7      | Reached skill level 6 in Armour
  6276 | D:7      | 6276 ||| UPGRADING to +0 plate armour.
  6286 | D:7      | 6286 ||| DROPPING +0 chain mail.
  6287 | D:7      | 6287 ||| UPGRADING to ring of willpower.
  6456 | D:8      | Noticed Prince Ribbit
  6476 | D:8      | Killed Prince Ribbit
  6570 | D:8      | Found a bloodstained altar of Trog.
  6572 | D:8      | Found a burning altar of Makhleb.
  6648 | D:8      | 6648 ||| Stepping ~*~*~tactically~*~*~ (hiding).
  6652 | D:8      | 6652 ||| INVOKING Heroism.
  6673 | D:8      | Found a hide-covered altar of Uskayaw.
  6768 | D:8      | 6768 ||| Stepping ~*~*~tactically~*~*~ (hiding).
  6770 | D:8      | 6770 ||| Stepping ~*~*~tactically~*~*~ (hiding).
  6771 | D:8      | 6771 ||| Stepping ~*~*~tactically~*~*~ (hiding).
  6921 | D:8      | 6921 ||| Stepping ~*~*~tactically~*~*~ (hiding).
  6927 | D:8      | 6927 ||| INVOKING Heroism.
  6931 | D:8      | Reached XP level 11. HP: 69/69 MP: 11/14
  7332 | D:8      | Found a snail-covered altar of Cheibriados.
  7333 | D:8      | 7333 ||| UPGRADING to +1 pair of gloves.
  7338 | D:8      | 7338 ||| DROPPING amulet of faith.
  7381 | D:9      | 7381 ||| INVOKING Heroism.
  7382 | D:9      | 7382 ||| STAIRDANCE
  7397 | D:9      | 7397 ||| STAIRDANCE
  7408 | D:9      | 7408 ||| STAIRDANCE
  7515 | D:9      | 7515 ||| STAIRDANCE
  7619 | D:9      | 7619 ||| INVOKING Heroism.
  7657 | D:9      | Found a staircase to the Orcish Mines.
  7680 | D:9      | 7680 ||| Stepping ~*~*~tactically~*~*~ (stealth).
  7681 | D:9      | Noticed a death yak
  7681 | D:9      | Noticed a death yak
  7682 | D:9      | 7682 ||| INVOKING Heroism.
  7683 | D:9      | 7683 ||| Stepping ~*~*~tactically~*~*~ (stealth).
  7699 | D:9      | Killed a death yak
  7699 | D:9      | Reached *** piety under Okawaru
  7704 | D:9      | Noticed a death yak
  7708 | D:9      | Killed a death yak
  7709 | D:9      | Reached skill level 9 in Fighting
  7717 | D:9      | 7717 ||| INVOKING Heroism.
  7719 | D:9      | Killed a death yak
  7731 | D:9      | 7731 ||| Stepping ~*~*~tactically~*~*~ (stealth).
  7732 | D:9      | 7732 ||| Stepping ~*~*~tactically~*~*~ (stealth).
  7749 | D:9      | Found a staircase to the Lair.
  7849 | D:8      | Found a hazy altar of Hepliaklqana.
  7853 | D:8      | 7853 ||| PLANNING LAIR
  7868 | Lair:1   | Entered Level 1 of the Lair of Beasts
  7884 | Lair:1   | Identified the +9 rapier of Cowardice {flame, rCorr}
  7885 | Lair:1   | Noticed a wolf spider
  7886 | Lair:1   | 7886 ||| Stepping ~*~*~tactically~*~*~ (stealth).
  7887 | Lair:1   | 7887 ||| INVOKING Heroism.
  7893 | Lair:1   | Killed a wolf spider
  7898 | Lair:1   | Reached **** piety under Okawaru
  7910 | Lair:1   | 7910 ||| INVOKING Heroism.
  7936 | Lair:1   | Reached skill level 12 in Axes
  7976 | Lair:1   | 7976 ||| INVOKING Heroism.
  8135 | Lair:1   | 8135 ||| READING scroll of acquirement.
  8135 | Lair:1   | 8135 ||| ACQUIRING 601 gold pieces
  8135 | Lair:1   | Acquired 601 gold pieces
  8165 | Lair:1   | 8165 ||| INVOKING Heroism.
  8224 | Lair:1   | 8224 ||| Stepping ~*~*~tactically~*~*~ (stealth).
  8225 | Lair:1   | 8225 ||| Stepping ~*~*~tactically~*~*~ (stealth).
  8226 | Lair:1   | 8226 ||| Stepping ~*~*~tactically~*~*~ (stealth).
  8227 | Lair:1   | 8227 ||| Stepping ~*~*~tactically~*~*~ (stealth).
  8230 | Lair:1   | 8230 ||| INVOKING Heroism.
  8245 | Lair:1   | Reached skill level 6 in Invocations
  8255 | Lair:1   | Reached skill level 9 in Armour
  8389 | Lair:1   | 8389 ||| Stepping ~*~*~tactically~*~*~ (stealth).
  8403 | Lair:1   | 8403 ||| INVOKING Heroism.
  8407 | Lair:1   | Reached XP level 12. HP: 76/76 MP: 13/16
  8412 | Lair:1   | Reached skill level 6 in Shields
  8742 | Lair:1   | 8742 ||| UPGRADING to +6 ring of dexterity.
  8758 | Lair:2   | Reached ***** piety under Okawaru
  8854 | Lair:2   | 8854 ||| Stepping ~*~*~tactically~*~*~ (stealth).
  8869 | Lair:2   | Reached skill level 3 in Dodging
  8878 | Lair:2   | 8878 ||| INVOKING Heroism.
  9087 | Lair:2   | 9087 ||| INVOKING Heroism.
  9089 | Lair:2   | Received a gift from Okawaru
  9207 | Lair:2   | Found a staircase to the Swamp.
  9253 | Lair:2   | 9253 ||| READING 6 scrolls of identify.
  9253 | Lair:2   | 9253 ||| IDENTIFYING green potion
  9254 | Lair:2   | 9254 ||| DROPPING potion of flight.
  9491 | Lair:3   | 9491 ||| INVOKING Heroism.
  9492 | Lair:3   | Noticed a four-headed hydra
  9493 | Lair:3   | 9493 ||| INVOKING Finesse.
  9498 | Lair:3   | 9498 ||| SWAPPING to +0 morningstar.
  9499 | Lair:3   | 9499 ||| Stepping ~*~*~tactically~*~*~ (outnumbered).
  9500 | Lair:3   | 9500 ||| SWAPPING to +8 mithril axe "Arga" {speed, Will+}.
  9504 | Lair:3   | Reached skill level 9 in Invocations
  9505 | Lair:3   | 9505 ||| SWAPPING to +0 morningstar.
  9511 | Lair:3   | Reached skill level 3 in Throwing
  9516 | Lair:3   | Killed a four-headed hydra
  9517 | Lair:3   | 9517 ||| SWAPPING to +8 mithril axe "Arga" {speed, Will+}.
  9524 | Lair:3   | Received a gift from Okawaru
  9533 | Lair:3   | Received a gift from Okawaru
  9605 | Lair:3   | 9605 ||| INVOKING Heroism.
  9621 | Lair:3   | 9621 ||| Stepping ~*~*~tactically~*~*~ (stealth).
  9622 | Lair:3   | 9622 ||| Stepping ~*~*~tactically~*~*~ (stealth).
  9624 | Lair:3   | 9624 ||| Stepping ~*~*~tactically~*~*~ (stealth).
  9625 | Lair:3   | Found a hole to the Spider Nest.
  9811 | Lair:3   | 9811 ||| Stepping ~*~*~tactically~*~*~ (stealth).
  9995 | Lair:3   | 9995 ||| Stepping ~*~*~tactically~*~*~ (stealth).
  9996 | Lair:3   | 9996 ||| Stepping ~*~*~tactically~*~*~ (stealth).
 10000 | Lair:3   | 10000 ||| Stepping ~*~*~tactically~*~*~ (stealth).
 10003 | Lair:3   | 10003 ||| Stepping ~*~*~tactically~*~*~ (stealth).
 10351 | Lair:3   | 10351 ||| UPGRADING to +2 pair of boots of rampaging.
 10356 | Lair:3   | 10356 ||| DROPPING amulet of magic regeneration.
 10357 | Lair:3   | 10357 ||| DROPPING amulet of regeneration.
 10358 | Lair:3   | 10358 ||| UPGRADING to ring of see invisible.
 10360 | Lair:3   | 10360 ||| UPGRADING to +6 ring of dexterity.
 10373 | Lair:4   | Noticed Josephine
 10374 | Lair:4   | 10374 ||| PLANNING GAUNTLET
 10374 | Lair:4   | 10374 ||| INVOKING Heroism.
 10375 | Lair:4   | 10375 ||| STAIRDANCE
 10390 | Lair:4   | 10390 ||| STAIRDANCE
 10396 | Lair:3   | Reached XP level 13. HP: 74/82 MP: 20/20
 10408 | Lair:4   | 10408 ||| STAIRDANCE
 10515 | Lair:4   | 10515 ||| STAIRDANCE
 10517 | Lair:3   | 10517 ||| INVOKING Heroism.
 10537 | Lair:4   | Killed Josephine
 10621 | Lair:4   | 10621 ||| FLEEEEING.
 10676 | Lair:4   | 10676 ||| INVOKING Heroism.
 10943 | Lair:4   | Found a gate leading to a gauntlet.
 10944 | Lair:4   | 10944 ||| READING 6 scrolls of identify.
 10944 | Lair:4   | 10944 ||| IDENTIFYING lumpy inky potion
 10950 | Gauntlet | Entered a Gauntlet
 10950 | Gauntlet | Found a transporter.
 10950 | Gauntlet | Found a transporter.
 10953 | Gauntlet | Found a transporter.
 10954 | Gauntlet | Found a transporter.
 10954 | Gauntlet | Found a transporter.
 10954 | Gauntlet | Found a transporter.
 10968 | Gauntlet | Found a transporter.
 10970 | Gauntlet | Found a transporter.
 10978 | Gauntlet | Found a transporter.
 11080 | Gauntlet | Found a transporter.
 11084 | Gauntlet | Found a transporter.
 11094 | Gauntlet | Found a transporter.
 11142 | Gauntlet | 11142 ||| INVOKING Heroism.
 11179 | Gauntlet | 11179 ||| DROPPING +1 pair of boots of rampaging.
 11181 | Gauntlet | a merfolk changed into an ice dragon
 11181 | Gauntlet | Noticed an ice dragon (shapeshifter)
 11194 | Gauntlet | an ice dragon changed into a quicksilver ooze
 11194 | Gauntlet | Noticed a quicksilver ooze (shapeshifter)
 11201 | Gauntlet | Killed a quicksilver ooze
 11213 | Gauntlet | Identified the +5 battleaxe of Rumisoo {spect, rN+ rCorr
                  | Int-3}
 11222 | Gauntlet | 11222 ||| INVOKING Heroism.
 11223 | Gauntlet | 11223 ||| INVOKING Finesse.
 11287 | Gauntlet | Identified the +2 helmet "Didam" {Will- MP+9 Str-4 Slay+6}
 11293 | Gauntlet | 11293 ||| UPGRADING to +2 helmet "Didam" {Will- MP+9 Str-4
                  | Slay+6}.
 11303 | Gauntlet | 11303 ||| DROPPING +0 helmet.
 11372 | Gauntlet | Identified the +2 battleaxe of Fortitude {speed, *Corrode
                  | rElec Int+6 Dex-5}
 11372 | Gauntlet | Identified the amulet of Okawaru, Kissing {Spirit rC++
                  | Will+ Dex+6}
 11372 | Gauntlet | Noticed a minotaur
 11373 | Gauntlet | 11373 ||| INVOKING Heroism.
 11375 | Gauntlet | 11375 ||| INVOKING Finesse.
 11389 | Gauntlet | Killed a minotaur
 11389 | Gauntlet | Received a gift from Okawaru
 11450 | Gauntlet | 11450 ||| DROPPING +0 morningstar.
 11451 | Gauntlet | 11451 ||| UPGRADING to +3 chain mail of cold resistance.
 11461 | Gauntlet | 11461 ||| DROPPING +3 scale mail of cold resistance.
 11462 | Gauntlet | 11462 ||| DROPPING +2 helmet of intelligence.
 11463 | Gauntlet | 11463 ||| UPGRADING to +2 kite shield of reflection.
 11473 | Gauntlet | 11473 ||| DROPPING +0 buckler.
 11474 | Gauntlet | 11474 ||| DROPPING +1 hat of stealth.
 11478 | Lair:4   | 11478 ||| PLANNING LAIR
 11489 | Lair:4   | 11489 ||| INVOKING Heroism.
 11874 | Lair:5   | Entered Level 5 of the Lair of Beasts
 11876 | Lair:5   | 11876 ||| Stepping ~*~*~tactically~*~*~ (hiding).
 11877 | Lair:5   | 11877 ||| Stepping ~*~*~tactically~*~*~ (hiding).
 11881 | Lair:5   | 11881 ||| Stepping ~*~*~tactically~*~*~ (stealth).
 11894 | Lair:5   | 11894 ||| Stepping ~*~*~tactically~*~*~ (stealth).
 11896 | Lair:5   | 11896 ||| INVOKING Heroism.
 11897 | Lair:5   | 11897 ||| Stepping ~*~*~tactically~*~*~ (hiding).
 11947 | Lair:5   | Reached ****** piety under Okawaru
 11949 | Lair:5   | Found a staircase to the Slime Pits.
 12041 | Lair:5   | 12041 ||| INVOKING Heroism.
 12042 | Lair:5   | 12042 ||| INVOKING Finesse.
 12046 | Lair:5   | 12046 ||| SWAPPING to +2 vampiric morningstar.
 12061 | Lair:5   | 12061 ||| SWAPPING to +8 mithril axe "Arga" {speed, Will+}.
 12064 | Lair:5   | Reached skill level 9 in Shields
 12147 | Lair:5   | 12147 ||| INVOKING Heroism.
 12148 | Lair:5   | 12148 ||| INVOKING Finesse.
 12150 | Lair:5   | 12150 ||| SWAPPING to +2 vampiric morningstar.
 12158 | Lair:5   | 12158 ||| SWAPPING to +8 mithril axe "Arga" {speed, Will+}.
 12164 | Lair:5   | 12164 ||| Stepping ~*~*~tactically~*~*~ (hiding).
 12174 | Lair:5   | 12174 ||| SWAPPING to +2 vampiric morningstar.
 12177 | Lair:5   | Gained mutation: Your large and strong wings let you fly.
                  | [Gargoyle growth]
 12177 | Lair:5   | Reached XP level 14. HP: 88/88 MP: 21/21
 12180 | Lair:5   | 12180 ||| Stepping ~*~*~tactically~*~*~ (outnumbered).
 12181 | Lair:5   | 12181 ||| Stepping ~*~*~tactically~*~*~ (outnumbered).
 12182 | Lair:5   | 12182 ||| Stepping ~*~*~tactically~*~*~ (outnumbered).
 12186 | Lair:5   | Identified the +1 kite shield of Uxat {rElec rC+} (Okawaru
                  | gifted it to you on level 5 of the Lair of Beasts)
 12186 | Lair:5   | Received a gift from Okawaru
 12187 | Lair:5   | 12187 ||| Stepping ~*~*~tactically~*~*~ (outnumbered).
 12188 | Lair:5   | 12188 ||| Stepping ~*~*~tactically~*~*~ (outnumbered).
 12189 | Lair:5   | 12189 ||| SWAPPING to +8 mithril axe "Arga" {speed, Will+}.
 12190 | Lair:5   | 12190 ||| Stepping ~*~*~tactically~*~*~ (stealth).
 12191 | Lair:5   | 12191 ||| SWAPPING to +2 vampiric morningstar.
 12192 | Lair:5   | 12192 ||| Stepping ~*~*~tactically~*~*~ (outnumbered).
 12193 | Lair:5   | 12193 ||| Stepping ~*~*~tactically~*~*~ (outnumbered).
 12194 | Lair:5   | 12194 ||| Stepping ~*~*~tactically~*~*~ (stealth).
 12197 | Lair:5   | 12197 ||| Stepping ~*~*~tactically~*~*~ (outnumbered).
 12209 | Lair:5   | 12209 ||| INVOKING Heroism.
 12221 | Lair:5   | 12221 ||| Stepping ~*~*~tactically~*~*~ (outnumbered).
 12225 | Lair:5   | 12225 ||| INVOKING Finesse.
 12229 | Lair:5   | 12229 ||| Stepping ~*~*~tactically~*~*~ (outnumbered).
 12263 | Lair:5   | 12263 ||| SWAPPING to +8 mithril axe "Arga" {speed, Will+}.
 12473 | Lair:5   | 12473 ||| FLEEEEING.
 12475 | Lair:5   | 12475 ||| INVOKING Heroism.
 12637 | Lair:5   | Noticed a dire elephant
 12637 | Lair:5   | Noticed a dire elephant
 12637 | Lair:5   | Noticed a dire elephant
 12637 | Lair:5   | Noticed a dire elephant
 12638 | Lair:5   | 12638 ||| INVOKING Heroism.
 12646 | Lair:5   | Killed a dire elephant
 12703 | Lair:5   | 12703 ||| INVOKING Heroism.
 12722 | Lair:5   | 12722 ||| INVOKING Finesse.
 12741 | Lair:5   | Reached skill level 12 in Shields
 12781 | Lair:5   | 12781 ||| INVOKING Heroism.
 12782 | Lair:5   | 12782 ||| Stepping ~*~*~tactically~*~*~ (hiding).
 12790 | Lair:5   | Killed a dire elephant
 12802 | Lair:5   | Killed a dire elephant
 12809 | Lair:5   | 12809 ||| INVOKING Heroism.
 12812 | Lair:5   | Killed a dire elephant
 12866 | Lair:5   | 12866 ||| Stepping ~*~*~tactically~*~*~ (stealth).
 12867 | Lair:5   | 12867 ||| INVOKING Heroism.
 13000 | Lair:5   | Received a gift from Okawaru
 13024 | Lair:5   | 13024 ||| INVOKING Heroism.
 13037 | Lair:5   | Reached skill level 6 in Throwing
 13058 | Lair:5   | Identified the +8 flail of Causality {vamp, Will- rCorr
                  | Dex+5}
 13084 | Lair:5   | 13084 ||| Stepping ~*~*~tactically~*~*~ (stealth).
 13319 | Lair:5   | 13319 ||| Stepping ~*~*~tactically~*~*~ (stealth).
 13320 | Lair:5   | 13320 ||| INVOKING Heroism.
 13321 | Lair:5   | 13321 ||| INVOKING Finesse.
 13324 | Lair:5   | 13324 ||| SWAPPING to +2 vampiric morningstar.
 13327 | Lair:5   | Identified the +6 broad axe "Maacweg" {antimagic, rPois}
                  | (Okawaru gifted it to you on level 5 of the Lair of Beasts)
 13327 | Lair:5   | Received a gift from Okawaru
 13328 | Lair:5   | 13328 ||| SWAPPING to +8 mithril axe "Arga" {speed, Will+}.
 13488 | Lair:5   | 13488 ||| PLANNING D:1-11
 13488 | Lair:5   | 13488 ||| DROPPING +0 plate armour.
 13489 | Lair:5   | 13489 ||| UPGRADING to +0 shadow dragon scales.
 13499 | Lair:5   | 13499 ||| UPGRADING to +1 kite shield of Uxat {rElec rC+}.
 13509 | Lair:5   | 13509 ||| READING scroll labelled GAEHUT TEC KAR.
 13510 | Lair:5   | 13510 ||| READING scroll labelled ILYDGH GAHOICH.
 13527 | Lair:5   | 13527 ||| READING 14 scrolls of identify.
 13527 | Lair:5   | 13527 ||| IDENTIFYING orange potion
 13528 | Lair:5   | 13528 ||| READING 13 scrolls of identify.
 13528 | Lair:5   | 13528 ||| IDENTIFYING dark potion
 13529 | Lair:5   | 13529 ||| DROPPING potion of invisibility.
 13530 | Lair:5   | 13530 ||| DROPPING potion of ambrosia.
 13703 | D:9      | 13703 ||| READING scroll of enchant armour.
 13703 | D:9      | 13703 ||| ENCHANTING +1 pair of gloves.
 13705 | D:9      | Identified the +7 flail of Pyromania {chaos, Str+2 Int+6
                  | Dex-5}
 13736 | D:9      | 13736 ||| Stepping ~*~*~tactically~*~*~ (hiding).
 13738 | D:9      | 13738 ||| Stepping ~*~*~tactically~*~*~ (hiding).
 13774 | D:9      | 13774 ||| Stepping ~*~*~tactically~*~*~ (hiding).
 14180 | D:9      | Found a blossoming altar of Fedhas.
 14189 | D:9      | 14189 ||| DROPPING +1 chain mail of cold resistance.
 14190 | D:9      | 14190 ||| DROPPING ring of magical power.
 14191 | D:9      | 14191 ||| READING 13 scrolls of identify.
 14191 | D:9      | 14191 ||| IDENTIFYING fuming dark potion
 14245 | D:10     | Entered Level 10 of the Dungeon
 14246 | D:10     | 14246 ||| INVOKING Heroism.
 14247 | D:10     | 14247 ||| STAIRDANCE
 14257 | D:10     | 14257 ||| STAIRDANCE
 14264 | D:10     | 14264 ||| Stepping ~*~*~tactically~*~*~ (stealth).
 14265 | D:10     | 14265 ||| Stepping ~*~*~tactically~*~*~ (stealth).
 14266 | D:10     | 14266 ||| Stepping ~*~*~tactically~*~*~ (stealth).
 14268 | D:10     | 14268 ||| Stepping ~*~*~tactically~*~*~ (stealth).
 14270 | D:10     | 14270 ||| Stepping ~*~*~tactically~*~*~ (stealth).
 14271 | D:10     | 14271 ||| Stepping ~*~*~tactically~*~*~ (stealth).
 14272 | D:10     | 14272 ||| Stepping ~*~*~tactically~*~*~ (stealth).
 14273 | D:10     | 14273 ||| Stepping ~*~*~tactically~*~*~ (stealth).
 14275 | D:10     | 14275 ||| Stepping ~*~*~tactically~*~*~ (stealth).
 14276 | D:10     | 14276 ||| Stepping ~*~*~tactically~*~*~ (stealth).
 14277 | D:10     | 14277 ||| Stepping ~*~*~tactically~*~*~ (stealth).
 14279 | D:10     | 14279 ||| Stepping ~*~*~tactically~*~*~ (stealth).
 14280 | D:10     | 14280 ||| Stepping ~*~*~tactically~*~*~ (stealth).
 14281 | D:10     | 14281 ||| Stepping ~*~*~tactically~*~*~ (stealth).
 14282 | D:10     | 14282 ||| Stepping ~*~*~tactically~*~*~ (stealth).
 14284 | D:10     | 14284 ||| Stepping ~*~*~tactically~*~*~ (stealth).
 14321 | D:10     | 14321 ||| INVOKING Heroism.
 14323 | D:10     | 14323 ||| Stepping ~*~*~tactically~*~*~ (stealth).
 14394 | D:10     | Found a basalt altar of Yredelemnul.
 14406 | D:10     | 14406 ||| Stepping ~*~*~tactically~*~*~ (stealth).
 14408 | D:10     | 14408 ||| Stepping ~*~*~tactically~*~*~ (stealth).
 14410 | D:10     | 14410 ||| Stepping ~*~*~tactically~*~*~ (stealth).
 14412 | D:10     | 14412 ||| Stepping ~*~*~tactically~*~*~ (hiding).
 14421 | D:10     | 14421 ||| INVOKING Heroism.
 14431 | D:10     | Reached XP level 15. HP: 94/94 MP: 22/22
 14432 | D:10     | 14432 ||| Stepping ~*~*~tactically~*~*~ (hiding).
 14448 | D:10     | 14448 ||| Stepping ~*~*~tactically~*~*~ (stealth).
 14449 | D:10     | 14449 ||| Stepping ~*~*~tactically~*~*~ (stealth).
 14451 | D:10     | 14451 ||| Stepping ~*~*~tactically~*~*~ (stealth).
 14452 | D:10     | 14452 ||| Stepping ~*~*~tactically~*~*~ (stealth).
 14454 | D:10     | 14454 ||| Stepping ~*~*~tactically~*~*~ (hiding).
 14492 | D:10     | 14492 ||| Stepping ~*~*~tactically~*~*~ (stealth).
 14493 | D:10     | 14493 ||| Stepping ~*~*~tactically~*~*~ (stealth).
 14497 | D:10     | 14497 ||| Stepping randomly (stuck).
 14498 | D:10     | 14498 ||| Stepping randomly (stuck).
 14499 | D:10     | 14499 ||| Stepping randomly (stuck).
 14503 | D:10     | 14503 ||| Stepping randomly (stuck).
 14541 | D:10     | 14541 ||| Stepping ~*~*~tactically~*~*~ (stealth).
 14543 | D:10     | 14543 ||| Stepping ~*~*~tactically~*~*~ (hiding).
 14551 | D:10     | 14551 ||| INVOKING Heroism.
 14676 | D:10     | You are sucked into a shaft and drop 2 floors!
 14682 | D:12     | Identified the +8 quarterstaff of Honour {protect, rCorr}
 14694 | D:12     | 14694 ||| Stepping ~*~*~tactically~*~*~ (stealth).
 14696 | D:12     | 14696 ||| Stepping ~*~*~tactically~*~*~ (stealth).
 14722 | D:12     | 14722 ||| READING scroll labelled VOUNEQ WEZOTHROQI.
 14807 | D:11     | Identified the +0 robe "Dounegh" {rElec rPois Str+2 Dex+3}
 14817 | D:11     | 14817 ||| Stepping ~*~*~tactically~*~*~ (stealth).
 15000 | D:10     | Found a runed translucent door.
 15003 | D:10     | Noticed squishfish's ghost (journeyman GrFi)
 15007 | D:10     | Identified the +7 spear "Assu" {flame, rC+ Int+2}
 15030 | D:11     | Found a transporter.
 15046 | D:11     | Noticed qw's ghost (journeyman GrFi)
 15049 | D:11     | Found a bloodstained altar of Trog.
 15074 | D:11     | Found a transporter.
 15150 | D:11     | 15150 ||| Stepping ~*~*~tactically~*~*~ (hiding).
 15163 | D:11     | Noticed Nergalle
 15164 | D:11     | 15164 ||| Stepping ~*~*~tactically~*~*~ (stealth).
 15166 | D:11     | 15166 ||| Stepping ~*~*~tactically~*~*~ (hiding).
 15167 | D:11     | 15167 ||| Stepping ~*~*~tactically~*~*~ (hiding).
 15174 | D:11     | 15174 ||| INVOKING Heroism.
 15179 | D:11     | Killed Nergalle
 15197 | D:11     | 15197 ||| Stepping ~*~*~tactically~*~*~ (stealth).
 15199 | D:11     | 15199 ||| Stepping ~*~*~tactically~*~*~ (stealth).
 15237 | D:11     | Found an iron altar of Okawaru.
 15547 | D:11     | 15547 ||| PLANNING D
 15709 | D:12     | 15709 ||| Stepping ~*~*~tactically~*~*~ (hiding).
 15717 | D:12     | 15717 ||| Stepping ~*~*~tactically~*~*~ (stealth).
 15719 | D:12     | 15719 ||| Stepping ~*~*~tactically~*~*~ (stealth).
 15720 | D:12     | 15720 ||| Stepping ~*~*~tactically~*~*~ (stealth).
 15723 | D:12     | Reached skill level 15 in Axes
 15772 | D:12     | 15772 ||| Stepping ~*~*~tactically~*~*~ (stealth).
 15783 | D:12     | 15783 ||| Stepping ~*~*~tactically~*~*~ (stealth).
 15789 | D:12     | 15789 ||| FLEEEEING.
 15790 | D:12     | 15790 ||| FLEEEEING.
 15791 | D:12     | 15791 ||| FLEEEEING.
 15792 | D:12     | 15792 ||| FLEEEEING.
 15793 | D:12     | 15793 ||| FLEEEEING.
 15794 | D:12     | 15794 ||| FLEEEEING.
 15795 | D:12     | 15795 ||| FLEEEEING.
 15796 | D:12     | 15796 ||| FLEEEEING.
 15797 | D:12     | 15797 ||| FLEEEEING.
 15798 | D:12     | 15798 ||| FLEEEEING.
 15799 | D:12     | 15799 ||| FLEEEEING.
 15800 | D:12     | 15800 ||| FLEEEEING.
 15801 | D:12     | 15801 ||| FLEEEEING.
 15802 | D:12     | 15802 ||| FLEEEEING.
 15803 | D:12     | 15803 ||| FLEEEEING.
 15804 | D:12     | 15804 ||| FLEEEEING.
 15805 | D:12     | 15805 ||| FLEEEEING.
 15806 | D:12     | 15806 ||| FLEEEEING.
 15807 | D:12     | 15807 ||| FLEEEEING.
 15808 | D:12     | 15808 ||| FLEEEEING.
 15809 | D:12     | 15809 ||| FLEEEEING.
 15810 | D:12     | 15810 ||| FLEEEEING.
 15811 | D:12     | 15811 ||| FLEEEEING.
 15812 | D:12     | 15812 ||| FLEEEEING.
 15813 | D:12     | 15813 ||| FLEEEEING.
 15814 | D:12     | 15814 ||| FLEEEEING.
 15815 | D:12     | 15815 ||| FLEEEEING.
 15816 | D:12     | 15816 ||| FLEEEEING.
 15817 | D:12     | 15817 ||| FLEEEEING.
 15818 | D:12     | 15818 ||| FLEEEEING.
 15819 | D:12     | 15819 ||| FLEEEEING.
 15820 | D:12     | 15820 ||| FLEEEEING.
 15821 | D:12     | 15821 ||| FLEEEEING.
 15822 | D:12     | 15822 ||| FLEEEEING.
 15823 | D:12     | 15823 ||| FLEEEEING.
 15824 | D:12     | 15824 ||| FLEEEEING.
 15825 | D:12     | 15825 ||| FLEEEEING.
 15848 | D:12     | Noticed Maurice
 15849 | D:12     | 15849 ||| Stepping ~*~*~tactically~*~*~ (hiding).
 15860 | D:12     | Killed Maurice
 15931 | D:12     | 15931 ||| Stepping ~*~*~tactically~*~*~ (stealth).
 15935 | D:12     | 15935 ||| INVOKING Heroism.
 15987 | D:12     | Found a portal to a secret trove of treasure.
 16249 | D:12     | 16249 ||| Stepping ~*~*~tactically~*~*~ (stealth).
 16261 | D:12     | Reached skill level 12 in Armour
 16269 | D:12     | 16269 ||| INVOKING Heroism.
 16272 | D:12     | Identified the +6 battleaxe "Tormentor" {vamp, rF+ SInv}
                  | (Okawaru gifted it to you on level 12 of the Dungeon)
 16272 | D:12     | Received a gift from Okawaru
 16286 | D:12     | HP: 23/95 [hell knight/+0 demon blade of flaming (7)]
 16287 | D:12     | 16287 ||| READING 6 scrolls of teleportation.
 16292 | D:12     | 16292 ||| FLEEEEING.
 16293 | D:12     | 16293 ||| FLEEEEING.
 16294 | D:12     | 16294 ||| FLEEEEING.
 16295 | D:12     | 16295 ||| FLEEEEING.
 16296 | D:12     | 16296 ||| FLEEEEING.
 16297 | D:12     | 16297 ||| FLEEEEING.
 16299 | D:12     | 16299 ||| FLEEEEING.
 16300 | D:12     | 16300 ||| FLEEEEING.
 16301 | D:12     | 16301 ||| FLEEEEING.
 16302 | D:12     | 16302 ||| FLEEEEING.
 16303 | D:12     | 16303 ||| FLEEEEING.
 16304 | D:12     | 16304 ||| FLEEEEING.
 16305 | D:12     | 16305 ||| FLEEEEING.
 16306 | D:12     | 16306 ||| FLEEEEING.
 16307 | D:12     | 16307 ||| FLEEEEING.
 16308 | D:12     | 16308 ||| FLEEEEING.
 16309 | D:12     | 16309 ||| FLEEEEING.
 16310 | D:12     | 16310 ||| FLEEEEING.
 16439 | D:12     | 16439 ||| Stepping ~*~*~tactically~*~*~ (stealth).
 16447 | D:12     | 16447 ||| Stepping ~*~*~tactically~*~*~ (hiding).
 16463 | D:12     | Reached skill level 12 in Fighting
 16466 | D:12     | 16466 ||| DROPPING +2 vampiric morningstar.
 16467 | D:12     | 16467 ||| DROPPING +8 flail of Causality {vamp, Will- rCorr
                  | Dex+5}.
 16570 | D:12     | 16570 ||| READING scroll labelled QESUHI TAEBB.
 16644 | D:13     | 16644 ||| INVOKING Heroism.
 16746 | D:13     | 16746 ||| INVOKING Heroism.
 16747 | D:13     | 16747 ||| READING 5 scrolls of teleportation.
 16890 | D:13     | 16890 ||| Stepping ~*~*~tactically~*~*~ (stealth).
 16921 | D:13     | 16921 ||| INVOKING Heroism.
 16972 | D:13     | Found a gate to the Vaults.
 16984 | D:13     | Received a gift from Okawaru
 17373 | D:13     | 17373 ||| Stepping ~*~*~tactically~*~*~ (hiding).
 17475 | D:13     | 17475 ||| Stepping ~*~*~tactically~*~*~ (hiding).
 17577 | D:13     | 17577 ||| Stepping ~*~*~tactically~*~*~ (hiding).
 17793 | D:13     | Found a runed translucent gate.
 17793 | D:13     | Found a runed translucent gate.
 17793 | D:13     | Found a runed translucent gate.
 17798 | D:13     | Noticed qw's ghost (journeyman GrFi)
 17800 | D:13     | Found an iron altar of Okawaru.
 17802 | D:13     | 17802 ||| DROPPING scarf of shadows.
 17803 | D:13     | 17803 ||| DROPPING ring of willpower.
 17804 | D:13     | 17804 ||| DROPPING ring of positive energy.
 17805 | D:13     | 17805 ||| UPGRADING to +4 ring of evasion.
 17881 | D:14     | 17881 ||| FLEEEEING.
 17882 | D:14     | 17882 ||| STAIRDANCE
 18120 | D:14     | 18120 ||| INVOKING Heroism.
 18186 | D:14     | Found an opulent altar of Gozag.
 18223 | D:14     | 18223 ||| Stepping ~*~*~tactically~*~*~ (stealth).
 18248 | D:14     | 18248 ||| INVOKING Heroism.
 18249 | D:14     | 18249 ||| INVOKING Finesse.
 18308 | D:14     | 18308 ||| INVOKING Heroism.
 18309 | D:14     | 18309 ||| INVOKING Finesse.
 18528 | D:14     | 18528 ||| INVOKING Heroism.
 18532 | D:14     | HP: 21/96 [mirror damage (8)]
 18533 | D:14     | 18533 ||| FLEEEEING.
 18534 | D:14     | 18534 ||| READING 4 scrolls of teleportation.
 18535 | D:14     | 18535 ||| DRINKING potion of heal wounds.
 18607 | D:14     | Reached XP level 16. HP: 101/101 MP: 23/23
 18659 | D:14     | Identified the +8 falchion of Wariness {antimagic, Dex+2
                  | Stlth+}
 18692 | D:14     | 18692 ||| Stepping ~*~*~tactically~*~*~ (hiding).
 18794 | D:14     | 18794 ||| Stepping ~*~*~tactically~*~*~ (hiding).
 18896 | D:14     | 18896 ||| Stepping ~*~*~tactically~*~*~ (hiding).
 18912 | D:14     | 18912 ||| Stepping ~*~*~tactically~*~*~ (stealth).
 18917 | D:14     | 18917 ||| Stepping ~*~*~tactically~*~*~ (stealth).
 18931 | D:14     | 18931 ||| INVOKING Heroism.
 18933 | D:14     | 18933 ||| INVOKING Finesse.
 18938 | D:14     | 18938 ||| SWAPPING to +2 war axe of flaming.
 18945 | D:14     | 18945 ||| Stepping ~*~*~tactically~*~*~ (hiding).
 18946 | D:14     | 18946 ||| Stepping ~*~*~tactically~*~*~ (hiding).
 18953 | D:14     | 18953 ||| SWAPPING to +8 mithril axe "Arga" {speed, Will+}.
 19142 | D:14     | Noticed Nessos
 19143 | D:14     | 19143 ||| Stepping ~*~*~tactically~*~*~ (hiding).
 19146 | D:14     | 19146 ||| Stepping ~*~*~tactically~*~*~ (hiding).
 19147 | D:14     | 19147 ||| INVOKING Finesse.
 19150 | D:14     | 19150 ||| Stepping ~*~*~tactically~*~*~ (hiding).
 19152 | D:14     | 19152 ||| Stepping ~*~*~tactically~*~*~ (hiding).
 19153 | D:14     | 19153 ||| Stepping ~*~*~tactically~*~*~ (hiding).
 19154 | D:14     | 19154 ||| Stepping ~*~*~tactically~*~*~ (hiding).
 19155 | D:14     | 19155 ||| Stepping ~*~*~tactically~*~*~ (hiding).
 19171 | D:14     | Killed Nessos
 19234 | D:14     | 19234 ||| DROPPING +2 hat.
 19266 | D:15     | Entered Level 15 of the Dungeon
 19270 | D:15     | 19270 ||| Stepping ~*~*~tactically~*~*~ (hiding).
 19372 | D:15     | 19372 ||| Stepping ~*~*~tactically~*~*~ (stealth).
 19374 | D:15     | 19374 ||| Stepping ~*~*~tactically~*~*~ (stealth).
 19405 | D:15     | 19405 ||| Stepping ~*~*~tactically~*~*~ (stealth).
 19407 | D:15     | 19407 ||| Stepping ~*~*~tactically~*~*~ (hiding).
 19442 | D:15     | 19442 ||| Stepping ~*~*~tactically~*~*~ (stealth).
 19443 | D:15     | 19443 ||| Stepping ~*~*~tactically~*~*~ (stealth).
 19444 | D:15     | 19444 ||| Stepping ~*~*~tactically~*~*~ (stealth).
 19446 | D:15     | 19446 ||| Stepping ~*~*~tactically~*~*~ (stealth).
 19447 | D:15     | 19447 ||| Stepping ~*~*~tactically~*~*~ (stealth).
 19467 | D:15     | 19467 ||| INVOKING Heroism.
 19469 | D:15     | 19469 ||| INVOKING Finesse.
 19507 | D:15     | 19507 ||| Stepping ~*~*~tactically~*~*~ (stealth).
 19514 | D:15     | 19514 ||| INVOKING Heroism.
 19739 | D:15     | Received a gift from Okawaru
 19819 | D:15     | 19819 ||| Stepping ~*~*~tactically~*~*~ (hiding).
 20096 | D:15     | Found a staircase to the Depths.
 20113 | D:15     | 20113 ||| Stepping ~*~*~tactically~*~*~ (hiding).
 20114 | D:15     | 20114 ||| Stepping ~*~*~tactically~*~*~ (hiding).
 20115 | D:15     | 20115 ||| Stepping ~*~*~tactically~*~*~ (hiding).
 20118 | D:15     | 20118 ||| INVOKING Heroism.
 20124 | D:15     | Found a runed translucent gate.
 20124 | D:15     | Found a runed translucent gate.
 20124 | D:15     | Found an ancient bone altar of Kikubaaqudgha.
 20136 | D:15     | Found a runed translucent gate.
 20139 | D:15     | Noticed a lich
 20139 | D:15     | Noticed a lich
 20140 | D:15     | Noticed a lich
 20140 | D:15     | Noticed a lich
 20141 | D:15     | Noticed qw's ghost (adept GrFi)
 20389 | D:15     | 20389 ||| PLANNING ORC
 20389 | D:15     | 20389 ||| DROPPING +1 helmet.
 20390 | D:15     | 20390 ||| READING scroll labelled MANASU JYRYUG.
 20560 | Orc:1    | Entered Level 1 of the Orcish Mines
 20561 | Orc:1    | 20561 ||| INVOKING Heroism.
 20725 | Orc:2    | Entered Level 2 of the Orcish Mines
 20725 | Orc:2    | Found a staircase to the Elven Halls.
 20730 | Orc:2    | 20730 ||| STAIRDANCE
 20763 | Orc:2    | 20763 ||| INVOKING Heroism.
 20854 | Orc:2    | Found Heenov's Assorted Antiques.
 20861 | Orc:1    | 20861 ||| INVOKING Heroism.
 21036 | Orc:1    | 21036 ||| DROPPING +3 chain mail of cold resistance.
 21050 | Orc:2    | 21050 ||| BUYING potion of curing (78 gold).
 21050 | Orc:2    | Bought a potion of curing for 78 gold pieces
 21050 | Orc:2    | 21050 ||| BUYING potion of heal wounds (130 gold).
 21050 | Orc:2    | Bought a potion of heal wounds for 130 gold pieces
 21050 | Orc:2    | 21050 ||| BUYING potion of magic (208 gold).
 21050 | Orc:2    | Bought a potion of magic for 208 gold pieces
 21050 | Orc:2    | 21050 ||| BUYING scroll of enchant armour (195 gold).
 21050 | Orc:2    | Bought a scroll of enchant armour for 195 gold pieces
 21050 | Orc:2    | 21050 ||| BUYING shiny steel ring (130 gold).
 21050 | Orc:2    | Bought a shiny steel ring for 130 gold pieces
 21050 | Orc:2    | 21050 ||| READING scroll of enchant armour.
 21050 | Orc:2    | 21050 ||| ENCHANTING +0 shadow dragon scales.
 21066 | Orc:2    | 21066 ||| INVOKING Heroism.
 21168 | Orc:2    | 21168 ||| INVOKING Heroism.
 21176 | Orc:2    | 21176 ||| Stepping ~*~*~tactically~*~*~ (hiding).
 21197 | Orc:2    | 21197 ||| Stepping ~*~*~tactically~*~*~ (stealth).
 21205 | Orc:2    | Found Ril Monaly's General Store.
 21205 | Orc:2    | Found Seofi's Assorted Antiques.
 21207 | Orc:2    | 21207 ||| Stepping ~*~*~tactically~*~*~ (hiding).
 21210 | Orc:2    | 21210 ||| Stepping ~*~*~tactically~*~*~ (hiding).
 21230 | Orc:2    | 21230 ||| Stepping ~*~*~tactically~*~*~ (stealth).
 21231 | Orc:2    | 21231 ||| Stepping ~*~*~tactically~*~*~ (stealth).
 21232 | Orc:2    | 21232 ||| Stepping ~*~*~tactically~*~*~ (stealth).
 21236 | Orc:2    | 21236 ||| Stepping ~*~*~tactically~*~*~ (hiding).
 21242 | Orc:2    | 21242 ||| Stepping ~*~*~tactically~*~*~ (hiding).
 21251 | Orc:2    | 21251 ||| Stepping ~*~*~tactically~*~*~ (hiding).
 21259 | Orc:2    | 21259 ||| INVOKING Heroism.
 21262 | Orc:2    | 21262 ||| Stepping ~*~*~tactically~*~*~ (hiding).
 21272 | Orc:2    | 21272 ||| Stepping ~*~*~tactically~*~*~ (hiding).
 21315 | Orc:2    | 21315 ||| Stepping ~*~*~tactically~*~*~ (stealth).
 21317 | Orc:2    | 21317 ||| Stepping ~*~*~tactically~*~*~ (stealth).
 21319 | Orc:2    | 21319 ||| Stepping ~*~*~tactically~*~*~ (stealth).
 21324 | Orc:2    | 21324 ||| Stepping ~*~*~tactically~*~*~ (stealth).
 21456 | Orc:2    | 21456 ||| Stepping ~*~*~tactically~*~*~ (hiding).
 21459 | Orc:2    | 21459 ||| Stepping ~*~*~tactically~*~*~ (stealth).
 21468 | Orc:2    | 21468 ||| INVOKING Heroism.
 21578 | Orc:2    | 21578 ||| DROPPING +6 ring of intelligence.
 21585 | Orc:1    | 21585 ||| INVOKING Heroism.
 21733 | Orc:2    | 21733 ||| Stepping ~*~*~tactically~*~*~ (stealth).
 21735 | Orc:2    | 21735 ||| Stepping ~*~*~tactically~*~*~ (stealth).
 21742 | Orc:2    | 21742 ||| Stepping ~*~*~tactically~*~*~ (stealth).
 21752 | Orc:2    | 21752 ||| Stepping ~*~*~tactically~*~*~ (stealth).
 21754 | Orc:2    | 21754 ||| Stepping ~*~*~tactically~*~*~ (stealth).
 21758 | Orc:2    | 21758 ||| Stepping ~*~*~tactically~*~*~ (stealth).
 21770 | Orc:2    | 21770 ||| Stepping ~*~*~tactically~*~*~ (stealth).
 21772 | Orc:2    | 21772 ||| Stepping ~*~*~tactically~*~*~ (hiding).
 21773 | Orc:2    | 21773 ||| Stepping ~*~*~tactically~*~*~ (hiding).
 21774 | Orc:2    | 21774 ||| Stepping ~*~*~tactically~*~*~ (hiding).
 21775 | Orc:2    | 21775 ||| Stepping ~*~*~tactically~*~*~ (hiding).
 21778 | Orc:2    | 21778 ||| INVOKING Heroism.
 21859 | Orc:2    | 21859 ||| Stepping ~*~*~tactically~*~*~ (hiding).
 21861 | Orc:2    | 21861 ||| INVOKING Heroism.
 21865 | Orc:2    | 21865 ||| Stepping ~*~*~tactically~*~*~ (hiding).
 21875 | Orc:2    | Found Bizal's Jewellery Shop.
 21875 | Orc:2    | Found Kiucsayz's Jewellery Emporium.
 21891 | Orc:2    | 21891 ||| BUYING +4 ring of slaying (1326 gold).
 21891 | Orc:2    | Bought a +4 ring of slaying for 1326 gold pieces
 21891 | Orc:2    | 21891 ||| BUYING ring of fire (425 gold).
 21891 | Orc:2    | Bought a ring of fire for 425 gold pieces
 21891 | Orc:2    | 21891 ||| SHOPLISTING ring of ice (425 gold, have 358).
 21891 | Orc:2    | 21891 ||| SHOPLISTING ring of the Hare {EV+8} (2176 gold,
                  | have 358).
 21900 | Orc:2    | 21900 ||| SHOPLISTING ring "Emiuc" {rF+ rC+ Int+3} (724
                  | gold, have 358).
 21900 | Orc:2    | 21900 ||| BUYING ring of resist corrosion (320 gold).
 21900 | Orc:2    | Bought a ring of resist corrosion for 320 gold pieces
 21937 | Orc:2    | 21937 ||| SHOPLISTING potion of might (60 gold, have 38).
 21937 | Orc:2    | 21937 ||| SHOPLISTING potion of resistance (150 gold, have
                  | 38).
 21937 | Orc:2    | 21937 ||| SHOPLISTING scroll of teleportation (45 gold,
                  | have 38).
 21946 | Orc:2    | 21946 ||| SHOPLISTING 3 scrolls of teleportation (198 gold,
                  | have 38).
 21969 | Orc:2    | 21969 ||| PLANNING SPIDER:1-3
 21969 | Orc:2    | 21969 ||| DROPPING +6 ring of dexterity.
 22130 | Spider:1 | Entered Level 1 of the Spider Nest
 22160 | Spider:1 | 22160 ||| Stepping ~*~*~tactically~*~*~ (stealth).
 22199 | Spider:1 | 22199 ||| INVOKING Heroism.
 22201 | Spider:1 | Received a gift from Okawaru
 22218 | Spider:1 | Noticed Mlioglotl
 22222 | Spider:1 | 22222 ||| INVOKING Finesse.
 22235 | Spider:1 | Killed Mlioglotl
 22241 | Spider:1 | 22241 ||| Stepping ~*~*~tactically~*~*~ (stealth).
 22263 | Spider:1 | 22263 ||| Stepping ~*~*~tactically~*~*~ (stealth).
 22307 | Spider:1 | 22307 ||| Stepping ~*~*~tactically~*~*~ (stealth).
 22380 | Spider:1 | 22380 ||| INVOKING Heroism.
 22403 | Spider:1 | 22403 ||| Stepping ~*~*~tactically~*~*~ (stealth).
 22507 | Spider:1 | 22507 ||| Stepping ~*~*~tactically~*~*~ (hiding).
 22539 | Spider:1 | 22539 ||| Stepping ~*~*~tactically~*~*~ (stealth).
 22541 | Spider:1 | 22541 ||| INVOKING Heroism.
 22598 | Spider:1 | 22598 ||| Stepping ~*~*~tactically~*~*~ (stealth).
 22601 | Spider:1 | 22601 ||| Stepping ~*~*~tactically~*~*~ (stealth).
 22602 | Spider:1 | 22602 ||| INVOKING Heroism.
 22607 | Spider:1 | 22607 ||| Stepping ~*~*~tactically~*~*~ (hiding).
 22613 | Spider:1 | Reached XP level 17. HP: 108/108 MP: 24/24
 22615 | Spider:1 | 22615 ||| Stepping ~*~*~tactically~*~*~ (stealth).
 22623 | Spider:1 | Received a gift from Okawaru
 22628 | Spider:1 | 22628 ||| READING scroll of enchant armour.
 22628 | Spider:1 | 22628 ||| ENCHANTING +1 shadow dragon scales.
 22790 | Spider:1 | 22790 ||| Stepping ~*~*~tactically~*~*~ (hiding).
 23063 | Spider:1 | 23063 ||| DROPPING ring of wizardry.
 23145 | Spider:2 | 23145 ||| INVOKING Heroism.
 23279 | Spider:2 | 23279 ||| INVOKING Finesse.
 23292 | Spider:2 | Reached skill level 18 in Axes
 23481 | Spider:2 | 23481 ||| Stepping ~*~*~tactically~*~*~ (stealth).
 23482 | Spider:2 | 23482 ||| Stepping ~*~*~tactically~*~*~ (stealth).
 23490 | Spider:2 | 23490 ||| INVOKING Finesse.
 23501 | Spider:2 | 23501 ||| INVOKING Heroism.
 23551 | Spider:2 | 23551 ||| INVOKING Heroism.
 23582 | Spider:2 | 23582 ||| INVOKING Finesse.
 23623 | Spider:2 | 23623 ||| INVOKING Heroism.
 23934 | Spider:2 | 23934 ||| INVOKING Heroism.
 23942 | Spider:2 | 23942 ||| DRINKING 13 potions of curing.
 23942 | Spider:2 | 23942 ||| (to cure confusion)
 24201 | Spider:3 | 24201 ||| INVOKING Heroism.
 24268 | Spider:3 | Received a gift from Okawaru
 24290 | Spider:3 | 24290 ||| Stepping ~*~*~tactically~*~*~ (stealth).
 24292 | Spider:3 | 24292 ||| Stepping ~*~*~tactically~*~*~ (stealth).
 24293 | Spider:3 | 24293 ||| INVOKING Finesse.
 24323 | Spider:3 | 24323 ||| Stepping ~*~*~tactically~*~*~ (stealth).
 24336 | Spider:3 | 24336 ||| INVOKING Heroism.
 24367 | Spider:3 | 24367 ||| Stepping ~*~*~tactically~*~*~ (hiding).
 24471 | Spider:3 | 24471 ||| Stepping ~*~*~tactically~*~*~ (stealth).
 24493 | Spider:3 | 24493 ||| Stepping ~*~*~tactically~*~*~ (stealth).
 24503 | Spider:3 | 24503 ||| READING scroll of enchant armour.
 24503 | Spider:3 | 24503 ||| ENCHANTING +2 shadow dragon scales.
 24512 | Spider:3 | Found a transporter.
 24517 | Spider:3 | 24517 ||| INVOKING Finesse.
 24549 | Spider:3 | Identified the +0 leather armour of Divine Intervention
                  | {*Corrode rN+++ Regen+ MP+9}
 24578 | Spider:3 | Noticed qw's ghost (adept GrFi)
 24585 | Spider:3 | Noticed Bewnofeo's ghost (adept GrFi)
 24603 | Spider:3 | 24603 ||| Stepping ~*~*~tactically~*~*~ (stealth).
 24609 | Spider:3 | 24609 ||| Stepping ~*~*~tactically~*~*~ (stealth).
 24611 | Spider:3 | 24611 ||| Stepping ~*~*~tactically~*~*~ (stealth).
 24612 | Spider:3 | 24612 ||| Stepping ~*~*~tactically~*~*~ (stealth).
 24613 | Spider:3 | 24613 ||| Stepping ~*~*~tactically~*~*~ (stealth).
 24614 | Spider:3 | 24614 ||| INVOKING Finesse.
 24812 | Spider:3 | Found a transporter.
 24836 | Spider:3 | Received a gift from Okawaru
 24952 | Spider:3 | 24952 ||| INVOKING Heroism.
 25186 | Spider:3 | 25186 ||| Stepping ~*~*~tactically~*~*~ (hiding).
 25336 | Spider:3 | 25336 ||| PLANNING SWAMP:1-3
 25336 | Spider:3 | 25336 ||| DROPPING +7 chain mail of Tiratism {Harm Fly
                  | Will+ Int-4}.
 25482 | Swamp:1  | Entered Level 1 of the Swamp
 25508 | Swamp:1  | 25508 ||| Stepping ~*~*~tactically~*~*~ (hiding).
 25614 | Swamp:1  | 25614 ||| Stepping ~*~*~tactically~*~*~ (hiding).
 25617 | Swamp:1  | 25617 ||| INVOKING Heroism.
 25666 | Swamp:1  | 25666 ||| Stepping ~*~*~tactically~*~*~ (stealth).
 25668 | Swamp:1  | 25668 ||| Stepping ~*~*~tactically~*~*~ (hiding).
 25669 | Swamp:1  | 25669 ||| INVOKING Heroism.
 25721 | Swamp:1  | 25721 ||| INVOKING Heroism.
 25795 | Swamp:1  | 25795 ||| Stepping ~*~*~tactically~*~*~ (hiding).
 25924 | Swamp:1  | 25924 ||| INVOKING Heroism.
 25968 | Swamp:1  | 25968 ||| Stepping ~*~*~tactically~*~*~ (hiding).
 26070 | Swamp:1  | 26070 ||| Stepping ~*~*~tactically~*~*~ (hiding).
 26071 | Swamp:1  | 26071 ||| INVOKING Heroism.
 26176 | Swamp:1  | 26176 ||| Stepping ~*~*~tactically~*~*~ (hiding).
 26278 | Swamp:1  | 26278 ||| Stepping ~*~*~tactically~*~*~ (hiding).
 26480 | Swamp:1  | 26480 ||| INVOKING Heroism.
 26510 | Swamp:1  | Received a gift from Okawaru
 26700 | Swamp:2  | Identified the +2 robe of Sacy {Rampage Str+3 Int+7
                  | Archmagi}
 26701 | Swamp:2  | 26701 ||| Stepping ~*~*~tactically~*~*~ (hiding).
 26804 | Swamp:2  | 26804 ||| INVOKING Heroism.
 26805 | Swamp:2  | 26805 ||| SWAPPING to +2 war axe of flaming.
 26810 | Swamp:2  | 26810 ||| SWAPPING to +8 mithril axe "Arga" {speed, Will+}.
 26843 | Swamp:2  | 26843 ||| Stepping ~*~*~tactically~*~*~ (stealth).
 26903 | Swamp:2  | 26903 ||| INVOKING Heroism.
 26944 | Swamp:2  | Received a gift from Okawaru
 27013 | Swamp:2  | 27013 ||| INVOKING Heroism.
 27014 | Swamp:2  | Noticed Kirke
 27024 | Swamp:2  | Killed Kirke
 27153 | Swamp:2  | 27153 ||| Stepping ~*~*~tactically~*~*~ (hiding).
 27255 | Swamp:2  | 27255 ||| Stepping ~*~*~tactically~*~*~ (hiding).
 27357 | Swamp:2  | 27357 ||| Stepping ~*~*~tactically~*~*~ (hiding).
 27391 | Swamp:2  | 27391 ||| Stepping ~*~*~tactically~*~*~ (hiding).
 27756 | Swamp:3  | 27756 ||| INVOKING Heroism.
 27806 | Swamp:3  | 27806 ||| INVOKING Heroism.
 27830 | Swamp:3  | 27830 ||| Stepping ~*~*~tactically~*~*~ (hiding).
 27846 | Swamp:3  | 27846 ||| Stepping ~*~*~tactically~*~*~ (hiding).
 27849 | Swamp:3  | 27849 ||| SWAPPING to +2 war axe of flaming.
 27855 | Swamp:3  | 27855 ||| SWAPPING to +8 mithril axe "Arga" {speed, Will+}.
 27875 | Swamp:3  | Reached skill level 15 in Armour
 27950 | Swamp:3  | Noticed Nikola
 27951 | Swamp:3  | 27951 ||| Stepping ~*~*~tactically~*~*~ (hiding).
 27955 | Swamp:3  | 27955 ||| INVOKING Heroism.
 27956 | Swamp:3  | 27956 ||| INVOKING Finesse.
 27961 | Swamp:3  | Killed Nikola
 27962 | Swamp:3  | Reached XP level 18. HP: 116/116 MP: 25/25
 27967 | Swamp:3  | 27967 ||| DROPPING +2 war axe of flaming.
 28029 | Swamp:3  | Noticed a tentacled monstrosity
 28030 | Swamp:3  | 28030 ||| INVOKING Heroism.
 28031 | Swamp:3  | 28031 ||| INVOKING Finesse.
 28042 | Swamp:3  | Killed a tentacled monstrosity
 28188 | Swamp:3  | 28188 ||| Stepping ~*~*~tactically~*~*~ (hiding).
 28304 | Swamp:3  | 28304 ||| Stepping ~*~*~tactically~*~*~ (hiding).
 28419 | Swamp:3  | 28419 ||| INVOKING Heroism.
 28627 | Swamp:3  | 28627 ||| PLANNING SPIDER:4
 28627 | Swamp:3  | 28627 ||| DROPPING +0 pair of gloves of dexterity.
 28801 | Spider:4 | Entered Level 4 of the Spider Nest
 28802 | Spider:4 | 28802 ||| Stepping ~*~*~tactically~*~*~ (stealth).
 28803 | Spider:4 | 28803 ||| INVOKING Heroism.
 28807 | Spider:4 | Reached skill level 15 in Fighting
 28857 | Spider:4 | 28857 ||| Stepping ~*~*~tactically~*~*~ (stealth).
 28860 | Spider:4 | 28860 ||| Stepping ~*~*~tactically~*~*~ (stealth).
 28862 | Spider:4 | 28862 ||| Stepping ~*~*~tactically~*~*~ (stealth).
 28863 | Spider:4 | 28863 ||| Stepping ~*~*~tactically~*~*~ (stealth).
 28864 | Spider:4 | 28864 ||| Stepping ~*~*~tactically~*~*~ (stealth).
 28866 | Spider:4 | 28866 ||| Stepping ~*~*~tactically~*~*~ (stealth).
 28868 | Spider:4 | 28868 ||| Stepping ~*~*~tactically~*~*~ (stealth).
 28870 | Spider:4 | 28870 ||| Stepping ~*~*~tactically~*~*~ (stealth).
 28872 | Spider:4 | 28872 ||| Stepping ~*~*~tactically~*~*~ (stealth).
 28874 | Spider:4 | 28874 ||| Stepping ~*~*~tactically~*~*~ (stealth).
 28876 | Spider:4 | 28876 ||| Stepping ~*~*~tactically~*~*~ (stealth).
 28878 | Spider:4 | 28878 ||| Stepping ~*~*~tactically~*~*~ (stealth).
 28880 | Spider:4 | 28880 ||| Stepping ~*~*~tactically~*~*~ (stealth).
 28883 | Spider:4 | 28883 ||| Stepping ~*~*~tactically~*~*~ (stealth).
 28891 | Spider:4 | Received a gift from Okawaru
 28970 | Spider:4 | Noticed Arachne
 28971 | Spider:4 | 28971 ||| INVOKING Finesse.
 28977 | Spider:4 | 28977 ||| INVOKING Heroism.
 28987 | Spider:4 | Killed Arachne
 29017 | Spider:4 | 29017 ||| Stepping ~*~*~tactically~*~*~ (hiding).
 29018 | Spider:4 | 29018 ||| Stepping ~*~*~tactically~*~*~ (stealth).
 29019 | Spider:4 | 29019 ||| Stepping ~*~*~tactically~*~*~ (hiding).
 29020 | Spider:4 | 29020 ||| Stepping ~*~*~tactically~*~*~ (stealth).
 29025 | Spider:4 | Received a gift from Okawaru
 29045 | Spider:4 | 29045 ||| Stepping ~*~*~tactically~*~*~ (hiding).
 29046 | Spider:4 | 29046 ||| Stepping ~*~*~tactically~*~*~ (hiding).
 29061 | Spider:4 | 29061 ||| Stepping ~*~*~tactically~*~*~ (stealth).
 29064 | Spider:4 | 29064 ||| Stepping ~*~*~tactically~*~*~ (stealth).
 29069 | Spider:4 | 29069 ||| Stepping ~*~*~tactically~*~*~ (stealth).
 29130 | Spider:4 | 29130 ||| Stepping ~*~*~tactically~*~*~ (stealth).
 29131 | Spider:4 | 29131 ||| Stepping ~*~*~tactically~*~*~ (stealth).
 29140 | Spider:4 | 29140 ||| Stepping ~*~*~tactically~*~*~ (stealth).
 29141 | Spider:4 | 29141 ||| Stepping ~*~*~tactically~*~*~ (stealth).
 29154 | Spider:4 | 29154 ||| Stepping ~*~*~tactically~*~*~ (stealth).
 29156 | Spider:4 | 29156 ||| Stepping ~*~*~tactically~*~*~ (stealth).
 29157 | Spider:4 | 29157 ||| Stepping ~*~*~tactically~*~*~ (stealth).
 29158 | Spider:4 | 29158 ||| Stepping ~*~*~tactically~*~*~ (stealth).
 29159 | Spider:4 | 29159 ||| INVOKING Heroism.
 29171 | Spider:4 | Reached skill level 15 in Shields
 29171 | Spider:4 | Received a gift from Okawaru
 29217 | Spider:4 | 29217 ||| Stepping ~*~*~tactically~*~*~ (stealth).
 29218 | Spider:4 | 29218 ||| Stepping ~*~*~tactically~*~*~ (stealth).
 29246 | Spider:4 | 29246 ||| Stepping ~*~*~tactically~*~*~ (stealth).
 29247 | Spider:4 | 29247 ||| Stepping ~*~*~tactically~*~*~ (stealth).
 29255 | Spider:4 | 29255 ||| INVOKING Finesse.
 29367 | Spider:4 | 29367 ||| Stepping ~*~*~tactically~*~*~ (hiding).
 29396 | Spider:4 | 29396 ||| Stepping ~*~*~tactically~*~*~ (stealth).
 29409 | Spider:4 | 29409 ||| Stepping ~*~*~tactically~*~*~ (stealth).
 29410 | Spider:4 | 29410 ||| Stepping ~*~*~tactically~*~*~ (stealth).
 29412 | Spider:4 | 29412 ||| Stepping ~*~*~tactically~*~*~ (stealth).
 29452 | Spider:4 | 29452 ||| Stepping ~*~*~tactically~*~*~ (stealth).
 29453 | Spider:4 | 29453 ||| Stepping ~*~*~tactically~*~*~ (stealth).
 29561 | Spider:4 | 29561 ||| Stepping ~*~*~tactically~*~*~ (stealth).
 29573 | Spider:4 | 29573 ||| INVOKING Heroism.
 29612 | Spider:4 | 29612 ||| READING scroll of acquirement.
 29612 | Spider:4 | 29612 ||| ACQUIRING 1262 gold pieces
 29612 | Spider:4 | Acquired 1262 gold pieces
 29800 | Spider:4 | 29800 ||| Stepping ~*~*~tactically~*~*~ (stealth).
 29802 | Spider:4 | 29802 ||| INVOKING Heroism.
 29828 | Spider:4 | Reached skill level 9 in Throwing
 29988 | Spider:4 | Got a gossamer rune of Zot
 29997 | Spider:4 | 29997 ||| PLANNING VAULTS:1-4
 29997 | Spider:4 | 29997 ||| DROPPING +0 pair of gloves of hurling.
 29998 | Spider:4 | 29998 ||| DROPPING scarf of harm.
 29999 | Spider:4 | 29999 ||| DROPPING amulet of the acrobat.
 30360 | Vaults:1 | Entered Level 1 of the Vaults
 30361 | Vaults:1 | 30361 ||| INVOKING Heroism.
 30528 | Vaults:1 | 30528 ||| Stepping ~*~*~tactically~*~*~ (hiding).
 30531 | Vaults:1 | 30531 ||| Stepping ~*~*~tactically~*~*~ (hiding).
 30591 | Vaults:1 | 30591 ||| INVOKING Heroism.
 30592 | Vaults:1 | 30592 ||| INVOKING Finesse.
 30805 | Vaults:1 | 30805 ||| INVOKING Heroism.
 30951 | Vaults:1 | 30951 ||| Stepping ~*~*~tactically~*~*~ (hiding).
 31053 | Vaults:1 | 31053 ||| Stepping ~*~*~tactically~*~*~ (hiding).
 31155 | Vaults:1 | 31155 ||| Stepping ~*~*~tactically~*~*~ (hiding).
 31274 | Vaults:1 | 31274 ||| READING scroll of acquirement.
 31274 | Vaults:1 | 31274 ||| ACQUIRING +8 crystal plate armour of the Devil
                  | {rF+}
 31274 | Vaults:1 | Acquired the +8 crystal plate armour of the Devil {rF+}
 31276 | Vaults:1 | 31276 ||| DROPPING +1 leather armour of Doronn {+Inv rC-
                  | rCorr Str+4}.
 31291 | Vaults:1 | 31291 ||| Stepping ~*~*~tactically~*~*~ (hiding).
 31301 | Vaults:1 | 31301 ||| Stepping ~*~*~tactically~*~*~ (stealth).
 31312 | Vaults:1 | Received a gift from Okawaru
 31485 | Vaults:1 | Found Jeghaeck's Antique Weapon Emporium.
 31655 | Vaults:1 | 31655 ||| INVOKING Heroism.
 31672 | Vaults:1 | Received a gift from Okawaru
 31677 | Vaults:1 | Reached XP level 19. HP: 109/125 MP: 26/26
 31733 | Vaults:1 | 31733 ||| Stepping ~*~*~tactically~*~*~ (stealth).
 31838 | Vaults:1 | 31838 ||| Stepping ~*~*~tactically~*~*~ (hiding).
 31940 | Vaults:1 | 31940 ||| Stepping ~*~*~tactically~*~*~ (hiding).
 32042 | Vaults:1 | 32042 ||| Stepping ~*~*~tactically~*~*~ (hiding).
 32270 | Vaults:1 | 32270 ||| UPGRADING to +2 pair of gloves of dexterity.
 32280 | Vaults:1 | 32280 ||| DROPPING +0 fire dragon scales.
 32281 | Vaults:1 | 32281 ||| UPGRADING to +8 crystal plate armour of the Devil
                  | {rF+}.
 32291 | Vaults:1 | 32291 ||| DROPPING +2 pair of gloves.
 32292 | Vaults:1 | 32292 ||| DROPPING +0 plate armour of cold resistance.
 32293 | Vaults:1 | 32293 ||| DROPPING +3 shadow dragon scales.
 32343 | Vaults:2 | 32343 ||| INVOKING Heroism.
 32364 | Vaults:2 | Received a gift from Okawaru
 32440 | Vaults:2 | 32440 ||| INVOKING Heroism.
 32443 | Vaults:2 | 32443 ||| Stepping ~*~*~tactically~*~*~ (stealth).
 32447 | Vaults:2 | 32447 ||| Stepping ~*~*~tactically~*~*~ (stealth).
 32727 | Vaults:2 | 32727 ||| INVOKING Heroism.
 32747 | Vaults:2 | Reached skill level 18 in Armour
 32849 | Vaults:2 | 32849 ||| Stepping ~*~*~tactically~*~*~ (hiding).
 32853 | Vaults:2 | 32853 ||| INVOKING Heroism.
 32854 | Vaults:2 | 32854 ||| INVOKING Finesse.
 32860 | Vaults:2 | HP: 20/125 [orc knight/+0 bardiche (21)]
 32861 | Vaults:2 | 32861 ||| READING 8 scrolls of teleportation.
 32862 | Vaults:2 | 32862 ||| DRINKING 2 potions of heal wounds.
 32863 | Vaults:2 | 32863 ||| DRINKING potion of heal wounds.
 32869 | Vaults:2 | 32869 ||| Stepping ~*~*~tactically~*~*~ (hiding).
 32875 | Vaults:2 | 32875 ||| READING 7 scrolls of teleportation.
 32884 | Vaults:2 | 32884 ||| Stepping ~*~*~tactically~*~*~ (hiding).
 32885 | Vaults:2 | 32885 ||| READING 6 scrolls of teleportation.
 32915 | Vaults:2 | Received a gift from Okawaru
 33000 | Vaults:2 | Found Lablysops's Antique Weapon Shoppe.
 33059 | Vaults:2 | 33059 ||| INVOKING Heroism.
 33072 | Vaults:2 | 33072 ||| INVOKING Finesse.
 33087 | Vaults:2 | Received a gift from Okawaru
 33088 | Vaults:2 | 33088 ||| Stepping ~*~*~tactically~*~*~ (hiding).
 33298 | Vaults:2 | 33298 ||| Stepping ~*~*~tactically~*~*~ (hiding).
 33301 | Vaults:2 | 33301 ||| Stepping ~*~*~tactically~*~*~ (hiding).
 33302 | Vaults:2 | 33302 ||| Stepping ~*~*~tactically~*~*~ (hiding).
 33303 | Vaults:2 | 33303 ||| Stepping ~*~*~tactically~*~*~ (hiding).
 33304 | Vaults:2 | 33304 ||| Stepping ~*~*~tactically~*~*~ (hiding).
 33375 | Vaults:2 | 33375 ||| Stepping ~*~*~tactically~*~*~ (stealth).
 33412 | Vaults:2 | 33412 ||| INVOKING Heroism.
 33850 | Vaults:2 | 33850 ||| DROPPING +1 pair of gloves.
 33902 | Vaults:3 | 33902 ||| INVOKING Heroism.
 33903 | Vaults:3 | 33903 ||| INVOKING Finesse.
 34136 | Vaults:3 | 34136 ||| INVOKING Heroism.
 34137 | Vaults:3 | 34137 ||| INVOKING Finesse.
 34193 | Vaults:3 | Identified the +9 broad axe of Doom {drain, rElec rPois
                  | Will- SInv} (Okawaru gifted it to you on level 3 of the
                  | Vaults)
 34193 | Vaults:3 | Received a gift from Okawaru
 34228 | Vaults:3 | 34228 ||| Stepping ~*~*~tactically~*~*~ (stealth).
 34239 | Vaults:3 | Reached XP level 20. HP: 119/132 MP: 27/27
 34303 | Vaults:3 | 34303 ||| Stepping ~*~*~tactically~*~*~ (hiding).
 34305 | Vaults:3 | 34305 ||| INVOKING Heroism.
 34447 | Vaults:3 | 34447 ||| Stepping ~*~*~tactically~*~*~ (stealth).
 34449 | Vaults:3 | 34449 ||| Stepping ~*~*~tactically~*~*~ (hiding).
 34462 | Vaults:3 | 34462 ||| INVOKING Heroism.
 34553 | Vaults:3 | 34553 ||| Stepping ~*~*~tactically~*~*~ (hiding).
 34554 | Vaults:3 | 34554 ||| Stepping ~*~*~tactically~*~*~ (hiding).
 34562 | Vaults:3 | 34562 ||| INVOKING Heroism.
 34613 | Vaults:3 | Found a staircase to the Crypt.
 34619 | Vaults:3 | Noticed a golden dragon
 34620 | Vaults:3 | 34620 ||| INVOKING Heroism.
 34621 | Vaults:3 | 34621 ||| INVOKING Finesse.
 34630 | Vaults:3 | Killed a golden dragon
 34765 | Vaults:3 | 34765 ||| Stepping ~*~*~tactically~*~*~ (stealth).
 35010 | Vaults:3 | 35010 ||| INVOKING Heroism.
 35219 | Vaults:3 | 35219 ||| Stepping ~*~*~tactically~*~*~ (hiding).
 35220 | Vaults:3 | 35220 ||| Stepping ~*~*~tactically~*~*~ (hiding).
 35301 | Vaults:3 | 35301 ||| INVOKING Heroism.
 35434 | Vaults:3 | 35434 ||| Stepping ~*~*~tactically~*~*~ (hiding).
 35435 | Vaults:3 | 35435 ||| Stepping ~*~*~tactically~*~*~ (hiding).
 35615 | Vaults:4 | Found Iqyaqien's Magic Scroll Emporium.
 35652 | Vaults:4 | 35652 ||| INVOKING Heroism.
 35657 | Vaults:4 | Received a gift from Okawaru
 35677 | Vaults:4 | 35677 ||| Stepping ~*~*~tactically~*~*~ (hiding).
 35884 | Vaults:4 | 35884 ||| Stepping ~*~*~tactically~*~*~ (stealth).
 35886 | Vaults:4 | 35886 ||| INVOKING Heroism.
 35888 | Vaults:4 | 35888 ||| Stepping ~*~*~tactically~*~*~ (stealth).
 35914 | Vaults:4 | Reached skill level 21 in Armour
 35948 | Vaults:4 | Noticed Margery
 35949 | Vaults:4 | 35949 ||| DRINKING 3 potions of resistance.
 35950 | Vaults:4 | 35950 ||| INVOKING Heroism.
 35973 | Vaults:4 | Killed Margery
 36183 | Vaults:4 | 36183 ||| BUYING scroll of teleportation (51 gold).
 36183 | Vaults:4 | Bought a scroll of teleportation for 51 gold pieces
 36261 | Vaults:4 | 36261 ||| INVOKING Heroism.
 36262 | Vaults:4 | Noticed Sojobo
 36263 | Vaults:4 | 36263 ||| INVOKING Finesse.
 36282 | Vaults:4 | Killed Sojobo
 36333 | Vaults:4 | 36333 ||| Stepping ~*~*~tactically~*~*~ (hiding).
 36340 | Vaults:4 | 36340 ||| INVOKING Heroism.
 36376 | Vaults:4 | 36376 ||| Stepping ~*~*~tactically~*~*~ (hiding).
 36599 | Vaults:4 | Found the +18 shield of the Gong {rElec rN+ Will+ EV-5}
 36661 | Vaults:4 | 36661 ||| Stepping ~*~*~tactically~*~*~ (hiding).
 36697 | Vaults:4 | 36697 ||| DRINKING 14 potions of curing.
 36697 | Vaults:4 | 36697 ||| (to cure confusion)
 36750 | Vaults:4 | 36750 ||| Stepping ~*~*~tactically~*~*~ (hiding).
 36764 | Vaults:4 | 36764 ||| Stepping ~*~*~tactically~*~*~ (stealth).
 36801 | Vaults:4 | Noticed Mennas
 36802 | Vaults:4 | 36802 ||| INVOKING Heroism.
 36823 | Vaults:4 | 36823 ||| INVOKING Finesse.
 36830 | Vaults:4 | Killed Mennas
 36904 | Vaults:4 | 36904 ||| Stepping ~*~*~tactically~*~*~ (hiding).
 36936 | Vaults:4 | 36936 ||| Stepping ~*~*~tactically~*~*~ (stealth).
 36942 | Vaults:4 | 36942 ||| Stepping ~*~*~tactically~*~*~ (hiding).
 37091 | Vaults:4 | 37091 ||| PLANNING SWAMP:4
 37091 | Vaults:4 | 37091 ||| UPGRADING to +18 shield of the Gong {rElec rN+
                  | Will+ EV-5}.
 37101 | Vaults:4 | 37101 ||| DROPPING +1 kite shield of Uxat {rElec rC+}.
 37102 | Vaults:4 | 37102 ||| DROPPING +2 kite shield of reflection.
 37103 | Vaults:4 | 37103 ||| READING 28 scrolls of identify.
 37103 | Vaults:4 | 37103 ||| IDENTIFYING golden potion
 37412 | Swamp:4  | Entered Level 4 of the Swamp
 37415 | Swamp:4  | 37415 ||| INVOKING Heroism.
 37432 | Swamp:4  | 37432 ||| Stepping ~*~*~tactically~*~*~ (hiding).
 37433 | Swamp:4  | 37433 ||| Stepping ~*~*~tactically~*~*~ (hiding).
 37474 | Swamp:4  | 37474 ||| INVOKING Heroism.
 37483 | Swamp:4  | Reached XP level 21. HP: 128/140 MP: 28/28
 37486 | Swamp:4  | Reached skill level 18 in Fighting
 37514 | Swamp:4  | 37514 ||| Stepping ~*~*~tactically~*~*~ (hiding).
 37534 | Swamp:4  | 37534 ||| Stepping ~*~*~tactically~*~*~ (hiding).
 37552 | Swamp:4  | 37552 ||| INVOKING Heroism.
 37622 | Swamp:4  | 37622 ||| INVOKING Heroism.
 37635 | Swamp:4  | Identified the +0 chain mail of Cuetuoj {Int+4} (Okawaru
                  | gifted it to you on level 4 of the Swamp)
 37635 | Swamp:4  | Received a gift from Okawaru
 37688 | Swamp:4  | 37688 ||| Stepping ~*~*~tactically~*~*~ (stealth).
 37689 | Swamp:4  | 37689 ||| Stepping ~*~*~tactically~*~*~ (stealth).
 37691 | Swamp:4  | 37691 ||| Stepping ~*~*~tactically~*~*~ (stealth).
 37699 | Swamp:4  | 37699 ||| Stepping ~*~*~tactically~*~*~ (hiding).
 37715 | Swamp:4  | 37715 ||| Stepping ~*~*~tactically~*~*~ (hiding).
 37843 | Swamp:4  | 37843 ||| Stepping ~*~*~tactically~*~*~ (hiding).
 37848 | Swamp:4  | 37848 ||| Stepping ~*~*~tactically~*~*~ (hiding).
 37849 | Swamp:4  | 37849 ||| Stepping ~*~*~tactically~*~*~ (hiding).
 37856 | Swamp:4  | 37856 ||| INVOKING Heroism.
 37859 | Swamp:4  | 37859 ||| Stepping ~*~*~tactically~*~*~ (hiding).
 37892 | Swamp:4  | 37892 ||| Stepping ~*~*~tactically~*~*~ (stealth).
 37925 | Swamp:4  | 37925 ||| Stepping ~*~*~tactically~*~*~ (stealth).
 37927 | Swamp:4  | 37927 ||| Stepping ~*~*~tactically~*~*~ (stealth).
 37928 | Swamp:4  | 37928 ||| Stepping ~*~*~tactically~*~*~ (stealth).
 37929 | Swamp:4  | 37929 ||| Stepping ~*~*~tactically~*~*~ (stealth).
 37955 | Swamp:4  | 37955 ||| Stepping ~*~*~tactically~*~*~ (hiding).
 37960 | Swamp:4  | 37960 ||| INVOKING Heroism.
 37975 | Swamp:4  | 37975 ||| Stepping ~*~*~tactically~*~*~ (cloud).
 37980 | Swamp:4  | 37980 ||| Stepping ~*~*~tactically~*~*~ (stealth).
 38013 | Swamp:4  | Got a decaying rune of Zot
 38048 | Swamp:4  | 38048 ||| Stepping ~*~*~tactically~*~*~ (stealth).
 38111 | Swamp:4  | 38111 ||| Stepping ~*~*~tactically~*~*~ (stealth).
 38134 | Swamp:4  | Found a transporter.
 38204 | Swamp:4  | Found a transporter.
 38294 | Swamp:4  | Noticed qw's ghost (adept GrFi)
 38308 | Swamp:4  | 38308 ||| PLANNING DEPTHS
 38601 | Depths:1 | Entered Level 1 of the Depths
 38601 | Depths:1 | Found a shimmering blue altar of Sif Muna.
 38602 | Depths:1 | 38602 ||| INVOKING Heroism.
 38603 | Depths:1 | 38603 ||| INVOKING Finesse.
 38707 | Depths:1 | 38707 ||| Stepping ~*~*~tactically~*~*~ (hiding).
 38708 | Depths:1 | 38708 ||| Stepping ~*~*~tactically~*~*~ (hiding).
 38727 | Depths:1 | Noticed Aizul
 38750 | Depths:1 | Killed Aizul
 38756 | Depths:1 | 38756 ||| INVOKING Heroism.
 38941 | Depths:1 | 38941 ||| INVOKING Finesse.
 39015 | Depths:1 | 39015 ||| Stepping ~*~*~tactically~*~*~ (stealth).
 39016 | Depths:1 | 39016 ||| Stepping ~*~*~tactically~*~*~ (stealth).
 39017 | Depths:1 | 39017 ||| Stepping ~*~*~tactically~*~*~ (stealth).
 39032 | Depths:1 | 39032 ||| INVOKING Heroism.
 39033 | Depths:1 | 39033 ||| INVOKING Finesse.
 39068 | Depths:1 | 39068 ||| Stepping ~*~*~tactically~*~*~ (hiding).
 39129 | Depths:1 | 39129 ||| Stepping ~*~*~tactically~*~*~ (hiding).
 39322 | Depths:1 | 39322 ||| Stepping ~*~*~tactically~*~*~ (stealth).
 39347 | Depths:1 | 39347 ||| Stepping ~*~*~tactically~*~*~ (hiding).
 39698 | Depths:1 | Found a gateway to Hell.
 39764 | Depths:2 | 39764 ||| INVOKING Heroism.
 39777 | Depths:2 | Identified the -1 pair of boots "Esuhim" {rN+ Int+4 Dex+2}
                  | (Okawaru gifted it to you on level 2 of the Depths)
 39777 | Depths:2 | Received a gift from Okawaru
 39804 | Depths:2 | Reached skill level 6 in Dodging
 39822 | Depths:2 | 39822 ||| Stepping ~*~*~tactically~*~*~ (stealth).
 39822 | Depths:2 | Noticed Mara
 39823 | Depths:2 | 39823 ||| INVOKING Finesse.
 39823 | Depths:2 | Noticed qw's illusion
 39844 | Depths:2 | 39844 ||| INVOKING Heroism.
 39921 | Depths:2 | Noticed qw's illusion
 39937 | Depths:2 | 39937 ||| INVOKING Heroism.
 39949 | Depths:2 | 39949 ||| INVOKING Finesse.
 39952 | Depths:2 | Killed Mara
 39953 | Depths:2 | Reached XP level 22. HP: 112/152 MP: 29/29
 40314 | Depths:2 | Found a one-way gate leading to the halls of Pandemonium.
 40416 | Depths:2 | 40416 ||| DROPPING -1 pair of boots "Esuhim" {rN+ Int+4
                  | Dex+2}.
 40443 | Depths:3 | 40443 ||| PLANNING BAZAAR
 40451 | Depths:3 | 40451 ||| INVOKING Heroism.
 40452 | Depths:3 | 40452 ||| INVOKING Finesse.
 40525 | Depths:3 | 40525 ||| Stepping ~*~*~tactically~*~*~ (hiding).
 40526 | Depths:3 | 40526 ||| Stepping ~*~*~tactically~*~*~ (hiding).
 40527 | Depths:3 | 40527 ||| Stepping ~*~*~tactically~*~*~ (hiding).
 40530 | Depths:3 | 40530 ||| INVOKING Heroism.
 40623 | Depths:3 | 40623 ||| INVOKING Finesse.
 40718 | Depths:3 | Found a flickering gateway to a bazaar.
 40727 | Bazaar   | Entered a bazaar
 40731 | Bazaar   | Found Giwujyfi's Jewellery Boutique.
 40737 | Bazaar   | 40737 ||| BUYING amulet "Alevium" {rF+ Regen+} (528 gold).
 40737 | Bazaar   | Bought the amulet "Alevium" {rF+ Regen+} for 528 gold
                  | pieces
 40737 | Bazaar   | 40737 ||| BUYING ring of Kooffem {rC+ rN+ Will+} (518
                  | gold).
 40737 | Bazaar   | Bought the ring of Kooffem {rC+ rN+ Will+} for 518 gold
                  | pieces
 40753 | Bazaar   | Found Karch's Antique Armour Emporium.
 40758 | Bazaar   | 40758 ||| BUYING pair of crude boots (361 gold).
 40758 | Bazaar   | Bought a pair of crude boots for 361 gold pieces
 40758 | Bazaar   | Identified the +0 pair of boots "Ihockey" {rF+ rCorr Dex-2}
                  | (You bought it in a shop in a bazaar)
 40758 | Bazaar   | 40758 ||| BUYING pair of faintly glowing gloves (361 gold).
 40758 | Bazaar   | Bought a pair of faintly glowing gloves for 361 gold pieces
 40758 | Bazaar   | Identified the +0 pair of gloves of the Journeyman {rPois
                  | Dex+4 Slay+2} (You bought it in a shop in a bazaar)
 40774 | Bazaar   | Found Vyodgh's Antique Armour Boutique.
 40779 | Bazaar   | 40779 ||| BUYING pair of glowing boots (180 gold).
 40779 | Bazaar   | Bought a pair of glowing boots for 180 gold pieces
 40794 | Bazaar   | Found Ocuruahe's Antique Weapon Shoppe.
 40813 | Bazaar   | 40813 ||| UPGRADING to +0 pair of gloves of the Journeyman
                  | {rPois Dex+4 Slay+2}.
 40823 | Bazaar   | 40823 ||| DROPPING +2 pair of gloves of dexterity.
 40824 | Bazaar   | 40824 ||| DROPPING +0 pair of boots of rampaging.
 40844 | Depths:3 | 40844 ||| PLANNING DEPTHS
 40873 | Depths:3 | Noticed a juggernaut
 40880 | Depths:3 | Found an ornate altar of the Wu Jian Council.
 40947 | Depths:3 | 40947 ||| Stepping ~*~*~tactically~*~*~ (stealth).
 40949 | Depths:3 | 40949 ||| Stepping ~*~*~tactically~*~*~ (stealth).
 40956 | Depths:3 | 40956 ||| INVOKING Heroism.
 40957 | Depths:3 | 40957 ||| INVOKING Finesse.
 40969 | Depths:3 | 40969 ||| Stepping ~*~*~tactically~*~*~ (hiding).
 40974 | Depths:3 | 40974 ||| Stepping ~*~*~tactically~*~*~ (hiding).
 40978 | Depths:3 | 40978 ||| Stepping ~*~*~tactically~*~*~ (hiding).
 40980 | Depths:3 | 40980 ||| INVOKING Heroism.
 40997 | Depths:3 | Noticed a juggernaut
 41026 | Depths:3 | Killed a juggernaut
 41032 | Depths:3 | Received a gift from Okawaru
 41038 | Depths:3 | 41038 ||| INVOKING Finesse.
 41051 | Depths:3 | Noticed a caustic shrike
 41052 | Depths:3 | 41052 ||| Stepping ~*~*~tactically~*~*~ (stealth).
 41054 | Depths:3 | 41054 ||| Stepping ~*~*~tactically~*~*~ (hiding).
 41059 | Depths:3 | 41059 ||| INVOKING Heroism.
 41061 | Depths:3 | Killed a caustic shrike
 41066 | Depths:3 | 41066 ||| Stepping ~*~*~tactically~*~*~ (hiding).
 41084 | Depths:3 | 41084 ||| Stepping ~*~*~tactically~*~*~ (hiding).
 41166 | Depths:3 | 41166 ||| INVOKING Heroism.
 41167 | Depths:3 | 41167 ||| INVOKING Finesse.
 41168 | Depths:3 | 41168 ||| INVOKING Finesse.
 41175 | Depths:3 | 41175 ||| Stepping ~*~*~tactically~*~*~ (hiding).
 41202 | Depths:3 | Found the +3 pair of seven-league boots {Rampage+∞}
 41222 | Depths:3 | 41222 ||| DROPPING ring of fire.
 41223 | Depths:3 | 41223 ||| Stepping randomly (stuck).
 41224 | Depths:3 | 41224 ||| Stepping randomly (stuck).
 41225 | Depths:3 | 41225 ||| Stepping randomly (stuck).
 41423 | Depths:3 | Noticed Louise
 41424 | Depths:3 | Found a one-way gate to the infinite horrors of the Abyss.
 41425 | Depths:3 | 41425 ||| Stepping ~*~*~tactically~*~*~ (hiding).
 41426 | Depths:3 | 41426 ||| Stepping ~*~*~tactically~*~*~ (hiding).
 41438 | Depths:3 | Killed Louise
 41534 | Depths:3 | Found a large runed translucent door.
 41536 | Depths:3 | Found a large runed translucent door.
 41538 | Depths:3 | Noticed Barug's ghost (adept TrMo)
 41805 | Depths:3 | 41805 ||| UPGRADING to +3 pair of seven-league boots
                  | {Rampage+∞}.
 41815 | Depths:3 | 41815 ||| DROPPING +2 pair of boots of rampaging.
 41841 | Depths:4 | Entered Level 4 of the Depths
 41849 | Depths:4 | Reached skill level 21 in Fighting
 41865 | Depths:4 | Reached skill level 18 in Shields
 41920 | Depths:4 | 41920 ||| INVOKING Heroism.
 41921 | Depths:4 | 41921 ||| INVOKING Finesse.
 41952 | Depths:4 | Received a gift from Okawaru
 41953 | Depths:4 | 41953 ||| Stepping ~*~*~tactically~*~*~ (hiding).
 41955 | Depths:4 | 41955 ||| Stepping ~*~*~tactically~*~*~ (hiding).
 41956 | Depths:4 | 41956 ||| Stepping ~*~*~tactically~*~*~ (hiding).
 41958 | Depths:4 | Found a one-way gateway to a ziggurat.
 42012 | Depths:4 | 42012 ||| Stepping ~*~*~tactically~*~*~ (hiding).
 42058 | Depths:4 | 42058 ||| Stepping ~*~*~tactically~*~*~ (stealth).
 42059 | Depths:4 | 42059 ||| Stepping ~*~*~tactically~*~*~ (stealth).
 42060 | Depths:4 | 42060 ||| Stepping ~*~*~tactically~*~*~ (stealth).
 42061 | Depths:4 | 42061 ||| Stepping ~*~*~tactically~*~*~ (hiding).
 42068 | Depths:4 | 42068 ||| INVOKING Heroism.
 42091 | Depths:4 | 42091 ||| Stepping ~*~*~tactically~*~*~ (hiding).
 42092 | Depths:4 | 42092 ||| Stepping ~*~*~tactically~*~*~ (hiding).
 42100 | Depths:4 | Received a gift from Okawaru
 42119 | Depths:4 | Noticed a juggernaut
 42120 | Depths:4 | 42120 ||| INVOKING Heroism.
 42121 | Depths:4 | 42121 ||| INVOKING Finesse.
 42138 | Depths:4 | Killed a juggernaut
 42198 | Depths:4 | 42198 ||| INVOKING Heroism.
 42199 | Depths:4 | 42199 ||| INVOKING Finesse.
 42266 | Depths:4 | 42266 ||| Stepping ~*~*~tactically~*~*~ (hiding).
 42288 | Depths:4 | 42288 ||| Stepping ~*~*~tactically~*~*~ (hiding).
 42310 | Depths:4 | Found a gate to the Realm of Zot.
 42332 | Depths:4 | 42332 ||| INVOKING Heroism.
 42338 | Depths:4 | Reached XP level 23. HP: 151/162 MP: 30/30
 42386 | Depths:4 | 42386 ||| Stepping ~*~*~tactically~*~*~ (hiding).
 42729 | Depths:4 | 42729 ||| INVOKING Heroism.
 42736 | Depths:4 | 42736 ||| Stepping ~*~*~tactically~*~*~ (hiding).
 42737 | Depths:4 | 42737 ||| Stepping ~*~*~tactically~*~*~ (hiding).
 42766 | Depths:4 | 42766 ||| Stepping ~*~*~tactically~*~*~ (hiding).
 42775 | Depths:4 | 42775 ||| Stepping ~*~*~tactically~*~*~ (hiding).
 43008 | Depths:4 | 43008 ||| PLANNING VAULTS:5
 43008 | Depths:4 | 43008 ||| UPGRADING to ring of Kooffem {rC+ rN+ Will+}.
 43010 | Depths:4 | 43010 ||| DROPPING ring of see invisible.
 43259 | Vaults:5 | Entered Level 5 of the Vaults
 43260 | Vaults:5 | 43260 ||| INVOKING Heroism.
 43261 | Vaults:5 | 43261 ||| STAIRDANCE
 43279 | Vaults:5 | 43279 ||| STAIRDANCE
 43293 | Vaults:4 | Received a gift from Okawaru
 43301 | Vaults:5 | 43301 ||| INVOKING Finesse.
 43310 | Vaults:5 | 43310 ||| STAIRDANCE
 43312 | Vaults:4 | Received a gift from Okawaru
 43343 | Vaults:5 | 43343 ||| STAIRDANCE
 43345 | Vaults:4 | 43345 ||| INVOKING Heroism.
 43365 | Vaults:5 | 43365 ||| STAIRDANCE
 43410 | Vaults:5 | 43410 ||| INVOKING Heroism.
 43411 | Vaults:5 | 43411 ||| INVOKING Finesse.
 43423 | Vaults:5 | Received a gift from Okawaru
 43424 | Vaults:5 | 43424 ||| STAIRDANCE
 43472 | Vaults:5 | 43472 ||| STAIRDANCE
 43474 | Vaults:4 | 43474 ||| INVOKING Heroism.
 43509 | Vaults:5 | 43509 ||| INVOKING Heroism.
 43509 | Vaults:5 | Noticed an ancient lich
 43510 | Vaults:5 | 43510 ||| INVOKING Finesse.
 43515 | Vaults:5 | Received a gift from Okawaru
 43521 | Vaults:5 | 43521 ||| STAIRDANCE
 43569 | Vaults:5 | 43569 ||| STAIRDANCE
 43571 | Vaults:4 | 43571 ||| INVOKING Heroism.
 43605 | Vaults:5 | 43605 ||| STAIRDANCE
 43605 | Vaults:5 | Noticed a golden dragon
 43605 | Vaults:5 | Gained mutation: You are partially covered in large bone
                  | plates. (SH +4) [a neqoxec]
 43627 | Vaults:5 | 43627 ||| STAIRDANCE
 43629 | Vaults:4 | 43629 ||| INVOKING Heroism.
 43730 | Vaults:5 | 43730 ||| INVOKING Heroism.
 43731 | Vaults:5 | 43731 ||| INVOKING Finesse.
 43749 | Vaults:5 | Killed a golden dragon
 43761 | Vaults:5 | Killed an ancient lich
 43770 | Vaults:5 | 43770 ||| STAIRDANCE
 43774 | Vaults:4 | Received a gift from Okawaru
 43885 | Vaults:5 | 43885 ||| INVOKING Heroism.
 43886 | Vaults:5 | 43886 ||| INVOKING Finesse.
 43893 | Vaults:5 | 43893 ||| STAIRDANCE
 43923 | Vaults:5 | 43923 ||| STAIRDANCE
 43925 | Vaults:4 | 43925 ||| INVOKING Heroism.
 43997 | Vaults:5 | 43997 ||| INVOKING Heroism.
 43998 | Vaults:5 | 43998 ||| INVOKING Finesse.
 44003 | Vaults:5 | Received a gift from Okawaru
 44019 | Vaults:5 | 44019 ||| STAIRDANCE
 44046 | Vaults:4 | 44046 ||| DROPPING ring of fire.
 44050 | Vaults:5 | 44050 ||| STAIRDANCE
 44175 | Vaults:5 | 44175 ||| STAIRDANCE
 44177 | Vaults:4 | 44177 ||| INVOKING Heroism.
 44178 | Vaults:4 | 44178 ||| INVOKING Finesse.
 44182 | Vaults:4 | Reached skill level 12 in Throwing
 44213 | Vaults:5 | 44213 ||| INVOKING Heroism.
 44214 | Vaults:5 | 44214 ||| STAIRDANCE
 44226 | Vaults:4 | Reached XP level 24. HP: 171/171 MP: 30/30
 44233 | Vaults:5 | 44233 ||| STAIRDANCE
 44344 | Vaults:5 | 44344 ||| INVOKING Heroism.
 44350 | Vaults:5 | 44350 ||| INVOKING Finesse.
 44380 | Vaults:5 | Received a gift from Okawaru
 44477 | Vaults:5 | Identified the +3 sling "Tailihek" {vorpal, rN+}
 44530 | Vaults:5 | 44530 ||| INVOKING Heroism.
 44542 | Vaults:5 | 44542 ||| Stepping ~*~*~tactically~*~*~ (hiding).
 44711 | Vaults:5 | Found Suat's Distillery.
 44715 | Vaults:5 | 44715 ||| BUYING 2 potions of resistance (300 gold).
 44715 | Vaults:5 | Bought 2 potions of resistance for 300 gold pieces
 44715 | Vaults:5 | 44715 ||| BUYING potion of curing (45 gold).
 44715 | Vaults:5 | Bought a potion of curing for 45 gold pieces
 44715 | Vaults:5 | 44715 ||| BUYING potion of curing (45 gold).
 44715 | Vaults:5 | Bought a potion of curing for 45 gold pieces
 44715 | Vaults:5 | 44715 ||| BUYING potion of mutation (120 gold).
 44715 | Vaults:5 | Bought a potion of mutation for 120 gold pieces
 44715 | Vaults:5 | 44715 ||| BUYING potion of mutation (120 gold).
 44715 | Vaults:5 | Bought a potion of mutation for 120 gold pieces
 44770 | Vaults:5 | 44770 ||| Stepping ~*~*~tactically~*~*~ (stealth).
 44871 | Vaults:5 | 44871 ||| READING scroll of acquirement.
 44871 | Vaults:5 | 44871 ||| ACQUIRING +6 broad axe of Egiusu {holy, rF+ rC+
                  | Str+3}
 44871 | Vaults:5 | Acquired the +6 broad axe of Egiusu {holy, rF+ rC+ Str+3}
 44906 | Vaults:5 | 44906 ||| Stepping ~*~*~tactically~*~*~ (stealth).
 44915 | Vaults:5 | Identified the +2 ring mail of the Grue {Will+}
 44936 | Vaults:5 | Identified the +10 war axe "Vayt" {flame, rF+ rN+}
 44939 | Vaults:5 | Identified the amulet "Ymnoarch" {RegenMP rPois}
 45128 | Vaults:5 | Identified the +8 trident "Hamodor" {vorpal, Fly rPois}
 45198 | Vaults:5 | Got a silver rune of Zot
 45273 | Vaults:5 | Found Qunomn's Jewellery Shop.
 45279 | Vaults:5 | 45279 ||| BUYING ring "Pumep" {+Blink rC+ rN+ Int+3 Stlth-}
                  | (1058 gold).
 45279 | Vaults:5 | Bought the ring "Pumep" {+Blink rC+ rN+ Int+3 Stlth-} for
                  | 1058 gold pieces
 45357 | Vaults:5 | 45357 ||| PLANNING SHOPPING SPREE
 45357 | Vaults:5 | 45357 ||| DROPPING amulet of reflection.
 45358 | Vaults:5 | 45358 ||| DROPPING amulet "Ymnoarch" {RegenMP rPois}.
 45359 | Vaults:5 | 45359 ||| DROPPING ring of protection from cold.
 45709 | Orc:2    | 45709 ||| BUYING potion of might (60 gold).
 45709 | Orc:2    | Bought a potion of might for 60 gold pieces
 45709 | Orc:2    | 45709 ||| BUYING scroll of teleportation (45 gold).
 45709 | Orc:2    | Bought a scroll of teleportation for 45 gold pieces
 45709 | Orc:2    | 45709 ||| CLEARING SHOPPING LIST
 45709 | Orc:2    | 45709 ||| PLANNING ZOT:1-4
 45709 | Orc:2    | 45709 ||| Stepping randomly (stuck).
 45710 | Orc:2    | 45710 ||| UPGRADING to +0 pair of boots "Ihockey" {rF+
                  | rCorr Dex-2}.
 45720 | Orc:2    | 45720 ||| UPGRADING to amulet "Alevium" {rF+ Regen+}.
 45730 | Orc:2    | 45730 ||| UPGRADING to +3 pair of seven-league boots
                  | {Rampage+∞}.
 46097 | Zot:1    | Entered Level 1 of the Realm of Zot
 46099 | Zot:1    | You are sucked into a shaft and drop 1 floor!
 46186 | Zot:2    | 46186 ||| Stepping ~*~*~tactically~*~*~ (stealth).
 46194 | Zot:2    | 46194 ||| INVOKING Heroism.
 46199 | Zot:2    | 46199 ||| Stepping ~*~*~tactically~*~*~ (hiding).
 46220 | Zot:2    | 46220 ||| Stepping ~*~*~tactically~*~*~ (hiding).
 46238 | Zot:2    | Noticed Parghit
 46239 | Zot:2    | 46239 ||| INVOKING Finesse.
 46247 | Zot:2    | Killed Parghit
 46486 | Zot:1    | 46486 ||| Stepping ~*~*~tactically~*~*~ (hiding).
 46504 | Zot:1    | Received a gift from Okawaru
 46505 | Zot:1    | Reached skill level 24 in Fighting
 46633 | Zot:1    | 46633 ||| INVOKING Heroism.
 46796 | Zot:1    | 46796 ||| INVOKING Heroism.
 46813 | Zot:1    | Received a gift from Okawaru
 47107 | Zot:1    | 47107 ||| Stepping ~*~*~tactically~*~*~ (stealth).
 47109 | Zot:1    | 47109 ||| Stepping ~*~*~tactically~*~*~ (hiding).
 47110 | Zot:1    | 47110 ||| Stepping ~*~*~tactically~*~*~ (hiding).
 47130 | Zot:1    | 47130 ||| Stepping ~*~*~tactically~*~*~ (hiding).
 47131 | Zot:1    | 47131 ||| Stepping ~*~*~tactically~*~*~ (hiding).
 47489 | Zot:2    | 47489 ||| Stepping ~*~*~tactically~*~*~ (stealth).
 47491 | Zot:2    | 47491 ||| Stepping ~*~*~tactically~*~*~ (stealth).
 47495 | Zot:2    | 47495 ||| INVOKING Heroism.
 47655 | Zot:2    | 47655 ||| INVOKING Heroism.
 47678 | Zot:2    | 47678 ||| Stepping ~*~*~tactically~*~*~ (stealth).
 47679 | Zot:2    | 47679 ||| Stepping ~*~*~tactically~*~*~ (stealth).
 47681 | Zot:2    | 47681 ||| Stepping ~*~*~tactically~*~*~ (stealth).
 47737 | Zot:2    | 47737 ||| INVOKING Heroism.
 47815 | Zot:2    | 47815 ||| INVOKING Heroism.
 48201 | Zot:3    | 48201 ||| FLEEEEING.
 48202 | Zot:3    | 48202 ||| FLEEEEING.
 48203 | Zot:3    | 48203 ||| STAIRDANCE
 48204 | Zot:3    | 48204 ||| INVOKING Heroism.
 48216 | Zot:3    | 48216 ||| Stepping ~*~*~tactically~*~*~ (hiding).
 48218 | Zot:3    | 48218 ||| STAIRDANCE
 48260 | Zot:3    | 48260 ||| STAIRDANCE
 48368 | Zot:3    | 48368 ||| INVOKING Heroism.
 48437 | Zot:3    | Received a gift from Okawaru
 48452 | Zot:3    | 48452 ||| INVOKING Heroism.
 48503 | Zot:3    | 48503 ||| Stepping ~*~*~tactically~*~*~ (hiding).
 48508 | Zot:3    | 48508 ||| INVOKING Heroism.
 48564 | Zot:3    | 48564 ||| Stepping ~*~*~tactically~*~*~ (hiding).
 48579 | Zot:3    | 48579 ||| Stepping ~*~*~tactically~*~*~ (hiding).
 48600 | Zot:3    | 48600 ||| Stepping ~*~*~tactically~*~*~ (hiding).
 48601 | Zot:3    | 48601 ||| FLEEEEING.
 48672 | Zot:3    | Found Egreol's Changing Room.
 48706 | Zot:3    | 48706 ||| INVOKING Heroism.
 48707 | Zot:3    | 48707 ||| INVOKING Finesse.
 48713 | Zot:3    | Noticed a Killer Klown
 48864 | Zot:3    | 48864 ||| INVOKING Heroism.
 48865 | Zot:3    | 48865 ||| INVOKING Finesse.
 48942 | Zot:3    | 48942 ||| INVOKING Heroism.
 48943 | Zot:3    | 48943 ||| INVOKING Finesse.
 49043 | Zot:3    | 49043 ||| Stepping ~*~*~tactically~*~*~ (stealth).
 49137 | Zot:3    | 49137 ||| Stepping ~*~*~tactically~*~*~ (hiding).
 49141 | Zot:3    | 49141 ||| INVOKING Heroism.
 49164 | Zot:3    | 49164 ||| BUYING potion of mutation (144 gold).
 49164 | Zot:3    | Bought a potion of mutation for 144 gold pieces
 49164 | Zot:3    | 49164 ||| BUYING potion of mutation (144 gold).
 49164 | Zot:3    | Bought a potion of mutation for 144 gold pieces
 49280 | Zot:4    | 49280 ||| Stepping ~*~*~tactically~*~*~ (hiding).
 49282 | Zot:4    | 49282 ||| INVOKING Heroism.
 49326 | Zot:4    | Reached XP level 25. HP: 158/181 MP: 30/30
 49344 | Zot:4    | 49344 ||| INVOKING Heroism.
 49434 | Zot:4    | Found a sacrificial altar of Ru.
 49509 | Zot:4    | 49509 ||| INVOKING Heroism.
 49519 | Zot:4    | Received a gift from Okawaru
 49538 | Zot:4    | Reached skill level 9 in Dodging
 49579 | Zot:4    | 49579 ||| FLEEEEING.
 49581 | Zot:4    | 49581 ||| INVOKING Heroism.
 49604 | Zot:4    | 49604 ||| Stepping ~*~*~tactically~*~*~ (stealth).
 49681 | Zot:4    | Identified the +1 pair of boots of New Discoveries {rCorr
                  | Str+3}
 49700 | Zot:4    | 49700 ||| INVOKING Heroism.
 49742 | Zot:4    | Reached skill level 15 in Throwing
 49839 | Zot:4    | 49839 ||| Stepping ~*~*~tactically~*~*~ (stealth).
 49840 | Zot:4    | 49840 ||| INVOKING Heroism.
 49880 | Zot:4    | Found the +9 sword of Zonguldrok {reap}
 50113 | Zot:4    | 50113 ||| Stepping ~*~*~tactically~*~*~ (stealth).
 50115 | Zot:4    | 50115 ||| Stepping ~*~*~tactically~*~*~ (stealth).
 50117 | Zot:4    | 50117 ||| Stepping ~*~*~tactically~*~*~ (stealth).
 50119 | Zot:4    | 50119 ||| Stepping ~*~*~tactically~*~*~ (hiding).
 50125 | Zot:4    | 50125 ||| INVOKING Heroism.
 50128 | Zot:4    | Identified the +11 plate armour of Pride {rC+ Slay+2}
                  | (Okawaru gifted it to you on level 4 of the Realm of Zot)
 50128 | Zot:4    | Received a gift from Okawaru
 50136 | Zot:4    | 50136 ||| Stepping ~*~*~tactically~*~*~ (hiding).
 50160 | Zot:4    | 50160 ||| Stepping ~*~*~tactically~*~*~ (cloud).
 50508 | Zot:4    | 50508 ||| PLANNING THE SHINING ONE WORSHIP
 50508 | Zot:4    | 50508 ||| UPGRADING to +1 pair of boots of New Discoveries
                  | {rCorr Str+3}.
 50518 | Zot:4    | 50518 ||| UPGRADING to amulet "Qoeschof" {Fly Regen+
                  | Str+3}.
 50981 | Temple   | Fell from the grace of Okawaru
 50981 | Temple   | Became a worshipper of the Shining One
 50982 | Temple   | 50982 ||| PLANNING CRYPT
 50982 | Temple   | 50982 ||| DROPPING +9 broad axe of Doom {drain, rElec rPois
                  | Will- SInv}.
 51292 | Crypt:1  | Entered Level 1 of the Crypt
 51445 | Crypt:1  | Reached * piety under the Shining One
 51493 | Crypt:1  | Reached ** piety under the Shining One
 51534 | Crypt:1  | 51534 ||| DROPPING +0 hand axe.
 51599 | Crypt:1  | Reached *** piety under the Shining One
 52154 | Crypt:1  | 52154 ||| UPGRADING to +4 ring of slaying {mikee}.
 52213 | Crypt:2  | 52213 ||| Stepping ~*~*~tactically~*~*~ (stealth).
 52215 | Crypt:2  | 52215 ||| INVOKING Cleansing Flame.
 52219 | Crypt:2  | Reached skill level 12 in Invocations
 52319 | Crypt:2  | Reached **** piety under the Shining One
 53036 | Crypt:3  | Entered Level 3 of the Crypt
 53049 | Crypt:3  | 53049 ||| Stepping ~*~*~tactically~*~*~ (hiding).
 53055 | Crypt:3  | Reached ***** piety under the Shining One
 53137 | Crypt:3  | 53137 ||| Stepping ~*~*~tactically~*~*~ (stealth).
 53168 | Crypt:3  | 53168 ||| Stepping ~*~*~tactically~*~*~ (stealth).
 53170 | Crypt:3  | 53170 ||| Stepping ~*~*~tactically~*~*~ (hiding).
 53184 | Crypt:3  | 53184 ||| Stepping ~*~*~tactically~*~*~ (hiding).
 53230 | Crypt:3  | 53230 ||| Stepping ~*~*~tactically~*~*~ (stealth).
 53259 | Crypt:3  | Identified the +1 dire flail "Worm's Wrath" {holy, rC+
                  | rN++}
 53291 | Crypt:3  | 53291 ||| Stepping ~*~*~tactically~*~*~ (stealth).
 53324 | Crypt:3  | 53324 ||| Stepping ~*~*~tactically~*~*~ (hiding).
 53327 | Crypt:3  | 53327 ||| Stepping ~*~*~tactically~*~*~ (hiding).
 53341 | Crypt:3  | 53341 ||| Stepping ~*~*~tactically~*~*~ (hiding).
 53344 | Crypt:3  | 53344 ||| Stepping ~*~*~tactically~*~*~ (hiding).
 53392 | Crypt:3  | 53392 ||| Stepping ~*~*~tactically~*~*~ (hiding).
 53393 | Crypt:3  | 53393 ||| Stepping ~*~*~tactically~*~*~ (hiding).
 53440 | Crypt:3  | Found an ancient bone altar of Kikubaaqudgha.
 53466 | Crypt:3  | Reached ****** piety under the Shining One
 53470 | Crypt:3  | 53470 ||| INVOKING Brand Weapon With Holy Wrath.
 53470 | Crypt:3  | Identified a +2 war axe of holy wrath (a +0 war axe blessed
                  | by the Shining One)
 53470 | Crypt:3  | Received a gift from the Shining One
 53471 | Crypt:3  | 53471 ||| DROPPING +2 war axe of holy wrath.
 53477 | Crypt:3  | 53477 ||| Stepping ~*~*~tactically~*~*~ (stealth).
 53505 | Crypt:3  | 53505 ||| Stepping ~*~*~tactically~*~*~ (hiding).
 53555 | Crypt:3  | 53555 ||| Stepping ~*~*~tactically~*~*~ (hiding).
 53558 | Crypt:3  | 53558 ||| Stepping ~*~*~tactically~*~*~ (hiding).
 53700 | Crypt:3  | 53700 ||| Stepping ~*~*~tactically~*~*~ (stealth).
 53724 | Crypt:3  | 53724 ||| Stepping ~*~*~tactically~*~*~ (hiding).
 53838 | Crypt:3  | 53838 ||| Stepping ~*~*~tactically~*~*~ (stealth).
 53849 | Crypt:3  | 53849 ||| Stepping ~*~*~tactically~*~*~ (stealth).
 53849 | Crypt:3  | Noticed an ancient lich
 53850 | Crypt:3  | 53850 ||| Stepping ~*~*~tactically~*~*~ (hiding).
 53851 | Crypt:3  | 53851 ||| INVOKING Summon Divine Warrior.
 53853 | Crypt:3  | 53853 ||| INVOKING Cleansing Flame.
 53856 | Crypt:3  | Killed an ancient lich
 53889 | Crypt:3  | Identified the +5 scale mail of the Gloaming {Will+ Int+5}
 53997 | Crypt:3  | 53997 ||| Stepping ~*~*~tactically~*~*~ (hiding).
 54016 | Crypt:3  | 54016 ||| FLEEEEING.
 54042 | Crypt:3  | Reached XP level 26. HP: 188/188 MP: 33/33
 54143 | Crypt:3  | 54143 ||| INVOKING Cleansing Flame.
 54144 | Crypt:3  | 54144 ||| INVOKING Cleansing Flame.
 54480 | Crypt:3  | Identified the +2 leather armour of Cecom {rPois Regen+
                  | SInv}
 54518 | Crypt:3  | 54518 ||| Stepping ~*~*~tactically~*~*~ (stealth).
 54519 | Crypt:3  | 54519 ||| Stepping ~*~*~tactically~*~*~ (stealth).
 54630 | Crypt:3  | Found a staircase to the Tomb.
 54818 | Crypt:3  | 54818 ||| INVOKING Cleansing Flame.
 54864 | Crypt:3  | 54864 ||| INVOKING Cleansing Flame.
 55026 | Crypt:3  | 55026 ||| PLANNING TOMB
 55026 | Crypt:3  | 55026 ||| SWAPPING to +6 broad axe of Egiusu {holy, rF+ rC+
                  | Str+3}.
 55073 | Tomb:1   | Entered Level 1 of the Tomb of the Ancients
 55213 | Tomb:1   | 55213 ||| DRINKING 23 potions of curing.
 55213 | Tomb:1   | 55213 ||| (to cure confusion)
 55218 | Tomb:1   | Reached skill level 15 in Invocations
 55218 | Tomb:1   | Paralysed by a sphinx for 3 turns
 55222 | Tomb:1   | 55222 ||| DRINKING 22 potions of curing.
 55222 | Tomb:1   | 55222 ||| (to cure confusion)
 55224 | Tomb:1   | 55224 ||| DRINKING 21 potions of curing.
 55224 | Tomb:1   | 55224 ||| (to cure confusion)
 55227 | Tomb:1   | 55227 ||| DRINKING 20 potions of curing.
 55227 | Tomb:1   | 55227 ||| (to cure confusion)
 55325 | Tomb:1   | 55325 ||| Stepping ~*~*~tactically~*~*~ (cloud).
 55339 | Tomb:1   | 55339 ||| Stepping ~*~*~tactically~*~*~ (hiding).
 55351 | Tomb:1   | 55351 ||| Stepping ~*~*~tactically~*~*~ (hiding).
 55356 | Tomb:1   | 55356 ||| INVOKING Summon Divine Warrior.
 55389 | Tomb:1   | 55389 ||| DROPPING ring of ice.
 55390 | Tomb:1   | 55390 ||| Stepping randomly (cloudy).
 55391 | Tomb:1   | 55391 ||| Stepping ~*~*~tactically~*~*~ (cloud).
 55398 | Tomb:1   | 55398 ||| INVOKING Cleansing Flame.
 55422 | Tomb:1   | 55422 ||| DRINKING 19 potions of curing.
 55422 | Tomb:1   | 55422 ||| (to cure confusion)
 55533 | Tomb:1   | 55533 ||| INVOKING Cleansing Flame.
 55554 | Tomb:1   | 55554 ||| Stepping ~*~*~tactically~*~*~ (hiding).
 55560 | Tomb:1   | 55560 ||| INVOKING Cleansing Flame.
 55599 | Tomb:1   | 55599 ||| Stepping ~*~*~tactically~*~*~ (stealth).
 55607 | Tomb:1   | 55607 ||| INVOKING Summon Divine Warrior.
 55656 | Tomb:1   | 55656 ||| INVOKING Cleansing Flame.
 55657 | Tomb:1   | 55657 ||| INVOKING Cleansing Flame.
 55666 | Tomb:1   | 55666 ||| INVOKING Cleansing Flame.
 56028 | Tomb:2   | 56028 ||| DRINKING 9 potions of haste.
 56029 | Tomb:2   | 56029 ||| DRINKING 15 potions of attraction.
 56030 | Tomb:2   | Noticed a royal mummy
 56030 | Tomb:2   | Noticed a royal mummy
 56031 | Tomb:2   | 56031 ||| INVOKING Cleansing Flame.
 56032 | Tomb:2   | 56032 ||| INVOKING Cleansing Flame.
 56033 | Tomb:2   | 56033 ||| INVOKING Cleansing Flame.
 56034 | Tomb:2   | 56034 ||| INVOKING Summon Divine Warrior.
 56035 | Tomb:2   | Noticed a royal mummy
 56037 | Tomb:2   | Killed a royal mummy
 56037 | Tomb:2   | Noticed a royal mummy
 56038 | Tomb:2   | 56038 ||| INVOKING Cleansing Flame.
 56038 | Tomb:2   | Killed a royal mummy
 56039 | Tomb:2   | 56039 ||| INVOKING Cleansing Flame.
 56040 | Tomb:2   | 56040 ||| INVOKING Cleansing Flame.
 56043 | Tomb:2   | Killed a royal mummy
 56043 | Tomb:2   | HP: 44/188 [torment (8)]
 56044 | Tomb:2   | 56044 ||| READING 15 scrolls of teleportation.
 56045 | Tomb:2   | 56045 ||| DRINKING 6 potions of heal wounds.
 56048 | Tomb:2   | Killed a royal mummy
 56053 | Tomb:2   | 56053 ||| INVOKING Summon Divine Warrior.
 56069 | Tomb:2   | 56069 ||| INVOKING Cleansing Flame.
 56127 | Tomb:2   | Gained mutation: You are weak. (Str -2) [mutagenic glow]
 56145 | Tomb:2   | 56145 ||| INVOKING Cleansing Flame.
 56153 | Tomb:2   | Gained mutation: Your magical capacity is low. (-10% MP)
                  | [mutagenic glow]
 56486 | Tomb:1   | Noticed a royal mummy
 56487 | Tomb:1   | 56487 ||| INVOKING Summon Divine Warrior.
 56489 | Tomb:1   | Noticed a royal mummy
 56490 | Tomb:1   | Noticed a royal mummy
 56491 | Tomb:1   | Noticed a royal mummy
 56495 | Tomb:1   | Noticed a royal mummy
 56496 | Tomb:1   | 56496 ||| INVOKING Cleansing Flame.
 56497 | Tomb:1   | 56497 ||| INVOKING Cleansing Flame.
 56498 | Tomb:1   | Reached skill level 18 in Invocations
 56498 | Tomb:1   | 56498 ||| INVOKING Cleansing Flame.
 56499 | Tomb:1   | 56499 ||| INVOKING Cleansing Flame.
 56500 | Tomb:1   | 56500 ||| INVOKING Cleansing Flame.
 56500 | Tomb:1   | Noticed a royal mummy
 56501 | Tomb:1   | 56501 ||| INVOKING Cleansing Flame.
 56502 | Tomb:1   | 56502 ||| INVOKING Cleansing Flame.
 56503 | Tomb:1   | 56503 ||| INVOKING Cleansing Flame.
 56503 | Tomb:1   | Killed a royal mummy
 56504 | Tomb:1   | 56504 ||| INVOKING Cleansing Flame.
 56505 | Tomb:1   | 56505 ||| INVOKING Cleansing Flame.
 56506 | Tomb:1   | 56506 ||| DRINKING 3 potions of magic.
 56507 | Tomb:1   | 56507 ||| INVOKING Cleansing Flame.
 56508 | Tomb:1   | 56508 ||| INVOKING Cleansing Flame.
 56509 | Tomb:1   | 56509 ||| INVOKING Cleansing Flame.
 56512 | Tomb:1   | Killed a royal mummy
 56513 | Tomb:1   | 56513 ||| INVOKING Cleansing Flame.
 56514 | Tomb:1   | 56514 ||| INVOKING Cleansing Flame.
 56514 | Tomb:1   | Killed a royal mummy
 56515 | Tomb:1   | 56515 ||| INVOKING Cleansing Flame.
 56518 | Tomb:1   | Killed a royal mummy
 56519 | Tomb:1   | Noticed a royal mummy
 56524 | Tomb:1   | Killed a royal mummy
 56525 | Tomb:1   | 56525 ||| INVOKING Cleansing Flame.
 56529 | Tomb:1   | Noticed a royal mummy
 56530 | Tomb:1   | Killed a royal mummy
 56533 | Tomb:1   | 56533 ||| INVOKING Cleansing Flame.
 56534 | Tomb:1   | 56534 ||| INVOKING Cleansing Flame.
 56535 | Tomb:1   | 56535 ||| INVOKING Cleansing Flame.
 56536 | Tomb:1   | 56536 ||| DRINKING 2 potions of magic.
 56537 | Tomb:1   | 56537 ||| INVOKING Cleansing Flame.
 56538 | Tomb:1   | 56538 ||| INVOKING Cleansing Flame.
 56538 | Tomb:1   | Killed a royal mummy
 56541 | Tomb:1   | Killed a royal mummy
 56619 | Tomb:1   | Noticed a royal mummy
 56620 | Tomb:1   | Noticed a royal mummy
 56624 | Tomb:1   | 56624 ||| INVOKING Cleansing Flame.
 56625 | Tomb:1   | 56625 ||| INVOKING Cleansing Flame.
 56626 | Tomb:1   | 56626 ||| INVOKING Cleansing Flame.
 56627 | Tomb:1   | 56627 ||| INVOKING Cleansing Flame.
 56628 | Tomb:1   | 56628 ||| INVOKING Cleansing Flame.
 56628 | Tomb:1   | Killed a royal mummy
 56629 | Tomb:1   | 56629 ||| INVOKING Cleansing Flame.
 56630 | Tomb:1   | 56630 ||| INVOKING Cleansing Flame.
 56631 | Tomb:1   | 56631 ||| INVOKING Summon Divine Warrior.
 56634 | Tomb:1   | Killed a royal mummy
 56636 | Tomb:1   | Noticed a royal mummy
 56640 | Tomb:1   | 56640 ||| INVOKING Cleansing Flame.
 56641 | Tomb:1   | 56641 ||| DRINKING potion of magic.
 56641 | Tomb:1   | Killed a royal mummy
 56648 | Tomb:1   | Noticed a royal mummy
 56655 | Tomb:1   | Killed a royal mummy
 56656 | Tomb:1   | Reached XP level 27. HP: 86/193 MP: 30/33
 56760 | Tomb:1   | Noticed a royal mummy
 56764 | Tomb:1   | 56764 ||| INVOKING Cleansing Flame.
 56765 | Tomb:1   | 56765 ||| INVOKING Cleansing Flame.
 56765 | Tomb:1   | Killed a royal mummy
 56780 | Tomb:1   | Noticed a royal mummy
 56784 | Tomb:1   | 56784 ||| INVOKING Cleansing Flame.
 56784 | Tomb:1   | Killed a royal mummy
 56787 | Tomb:1   | Noticed a royal mummy
 56791 | Tomb:1   | 56791 ||| INVOKING Cleansing Flame.
 56791 | Tomb:1   | Killed a royal mummy
 57110 | Tomb:2   | Identified the +3 leather armour "Virusuuff" {Dex+5}
 57111 | Tomb:2   | 57111 ||| INVOKING Cleansing Flame.
 57115 | Tomb:2   | 57115 ||| INVOKING Cleansing Flame.
 57236 | Tomb:3   | Entered Level 3 of the Tomb of the Ancients
 57237 | Tomb:3   | 57237 ||| DRINKING 8 potions of haste.
 57238 | Tomb:3   | 57238 ||| DRINKING 14 potions of attraction.
 57257 | Tomb:3   | Noticed a royal mummy
 57257 | Tomb:3   | 57257 ||| INVOKING Summon Divine Warrior.
 57257 | Tomb:3   | Gained mutation: You are clumsy. (Dex -2) [mutagenic glow]
 57260 | Tomb:3   | 57260 ||| INVOKING Cleansing Flame.
 57261 | Tomb:3   | Noticed a royal mummy
 57264 | Tomb:3   | 57264 ||| INVOKING Cleansing Flame.
 57264 | Tomb:3   | Killed a royal mummy
 57265 | Tomb:3   | Reached skill level 21 in Invocations
 57267 | Tomb:3   | Killed a royal mummy
 57268 | Tomb:3   | 57268 ||| INVOKING Cleansing Flame.
 57272 | Tomb:3   | Noticed a royal mummy
 57273 | Tomb:3   | 57273 ||| INVOKING Cleansing Flame.
 57273 | Tomb:3   | Noticed a royal mummy
 57275 | Tomb:3   | Gained mutation: You occasionally lose the ability to drink
                  | potions when taking damage. [mutagenic glow]
 57278 | Tomb:3   | Killed a royal mummy
 57279 | Tomb:3   | 57279 ||| INVOKING Cleansing Flame.
 57280 | Tomb:3   | 57280 ||| INVOKING Cleansing Flame.
 57281 | Tomb:3   | 57281 ||| INVOKING Cleansing Flame.
 57281 | Tomb:3   | Killed a royal mummy
 57284 | Tomb:3   | Noticed a royal mummy
 57284 | Tomb:3   | Noticed a royal mummy
 57284 | Tomb:3   | Gained mutation: Armour fits poorly on your strangely
                  | shaped body. [mutagenic glow]
 57289 | Tomb:3   | 57289 ||| INVOKING Cleansing Flame.
 57290 | Tomb:3   | 57290 ||| INVOKING Cleansing Flame.
 57293 | Tomb:3   | 57293 ||| INVOKING Cleansing Flame.
 57293 | Tomb:3   | Killed a royal mummy
 57295 | Tomb:3   | 57295 ||| INVOKING Summon Divine Warrior.
 57295 | Tomb:3   | HP: 43/193 [magical explosion (6)]
 57295 | Tomb:3   | Gained mutation: You are frail. (-10% HP) [mutagenic glow]
 57296 | Tomb:3   | 57296 ||| READING 14 scrolls of teleportation.
 57297 | Tomb:3   | 57297 ||| DRINKING 5 potions of heal wounds.
 57298 | Tomb:3   | 57298 ||| INVOKING Cleansing Flame.
 57299 | Tomb:3   | 57299 ||| INVOKING Summon Divine Warrior.
 57301 | Tomb:3   | Noticed a royal mummy
 57304 | Tomb:3   | Noticed a royal mummy
 57306 | Tomb:3   | Gained mutation: Your spells are a little easier to cast,
                  | but a little less powerful. [mutagenic glow]
 57317 | Tomb:3   | Killed a royal mummy
 57317 | Tomb:3   | Gained mutation: You have hidden genetic defects.
                  | [mutagenic glow]
 57319 | Tomb:3   | Killed a royal mummy
 57321 | Tomb:3   | HP: 37/173 [??? (7)]
 57322 | Tomb:3   | 57322 ||| READING 13 scrolls of teleportation.
 57323 | Tomb:3   | 57323 ||| DRINKING 4 potions of heal wounds.
 57334 | Tomb:3   | 57334 ||| INVOKING Summon Divine Warrior.
 57336 | Tomb:3   | Noticed a royal mummy
 57340 | Tomb:3   | 57340 ||| INVOKING Cleansing Flame.
 57340 | Tomb:3   | HP: 40/173 [ushabti (13)]
 57340 | Tomb:3   | Killed a royal mummy
 57341 | Tomb:3   | 57341 ||| READING 12 scrolls of teleportation.
 57342 | Tomb:3   | 57342 ||| DRINKING 3 potions of heal wounds.
 57434 | Tomb:3   | 57434 ||| Stepping ~*~*~tactically~*~*~ (hiding).
 57496 | Tomb:3   | 57496 ||| DRINKING 13 potions of mutation.
 57496 | Tomb:3   | Lost mutation: You are clumsy. (Dex -2) [potion of
                  | mutation]
 57496 | Tomb:3   | Lost mutation: You are partially covered in large bone
                  | plates. (SH +4) [potion of mutation]
 57496 | Tomb:3   | Gained mutation: You sometimes lose your temper in combat.
                  | [potion of mutation]
 57496 | Tomb:3   | Lost mutation: Your spells are a little easier to cast, but
                  | a little less powerful. [potion of mutation]
 57496 | Tomb:3   | Gained mutation: You are partially covered in large bone
                  | plates. (SH +4) [potion of mutation]
 57497 | Tomb:3   | 57497 ||| DRINKING 12 potions of mutation.
 57497 | Tomb:3   | Lost mutation: You sometimes lose your temper in combat.
                  | [potion of mutation]
 57497 | Tomb:3   | Lost mutation: You are frail. (-10% HP) [potion of
                  | mutation]
 57497 | Tomb:3   | Gained mutation: You possess an exceptional clarity of
                  | mind. [potion of mutation]
 57539 | Tomb:3   | 57539 ||| DRINKING 11 potions of mutation.
 57539 | Tomb:3   | Lost mutation: You occasionally lose the ability to drink
                  | potions when taking damage. [potion of mutation]
 57539 | Tomb:3   | Lost mutation: You are partially covered in large bone
                  | plates. (SH +4) [potion of mutation]
 57539 | Tomb:3   | Lost mutation: You are weak. (Str -2) [potion of mutation]
 57540 | Tomb:3   | 57540 ||| DRINKING 10 potions of mutation.
 57540 | Tomb:3   | Lost mutation: You possess an exceptional clarity of mind.
                  | [potion of mutation]
 57540 | Tomb:3   | Lost mutation: Armour fits poorly on your strangely shaped
                  | body. [potion of mutation]
 57540 | Tomb:3   | Gained mutation: You are dopey. (Int -2) [potion of
                  | mutation]
 57616 | Tomb:3   | Got a golden rune of Zot
 57662 | Tomb:3   | 57662 ||| INVOKING Summon Divine Warrior.
 57665 | Tomb:3   | 57665 ||| INVOKING Cleansing Flame.
 57667 | Tomb:3   | Killed a royal mummy
 57672 | Tomb:3   | 57672 ||| INVOKING Cleansing Flame.
 57767 | Tomb:3   | Identified the ring "Xait" {rElec rPois rCorr Str+6}
 57796 | Tomb:3   | Identified the +6 sling of Objectivity {flame, rCorr}
 57883 | Tomb:3   | Identified the ring of Upynipp {rF+ rN+ Int+2 Dex+6}
 57890 | Tomb:3   | Identified the +7 whip of Diet Blood {protect, rElec rF-
                  | rCorr Dex+6}
 57891 | Tomb:3   | Identified the +1 robe of the Locust {rElec rC+ Will+}
 57911 | Tomb:3   | Identified the ring "Pysodgha" {Ice Str+3 Dex-5 Slay+2
                  | Stlth+}
 57915 | Tomb:3   | Identified the +1 robe of Pusmosaf {Rampage Str+8 Int-5
                  | Dex-3}
 57936 | Tomb:3   | Identified the ring of Fanaticism {rPois rN+}
 57938 | Tomb:3   | Identified the amulet of Surprise {Faith rC- Will+ Regen+
                  | Dex+4}
 58069 | Tomb:3   | 58069 ||| PLANNING PAN
 58069 | Tomb:3   | 58069 ||| UPGRADING to amulet of Surprise {Faith rC- Will+
                  | Regen+ Dex+4}.
 58079 | Tomb:3   | 58079 ||| DROPPING ring of protection from fire.
 58080 | Tomb:3   | 58080 ||| DROPPING ring of resist corrosion.
 58081 | Tomb:3   | 58081 ||| DROPPING ring of Fanaticism {rPois rN+}.
 58579 | Pan      | Entered Pandemonium
 58590 | Pan      | 58590 ||| Stepping ~*~*~tactically~*~*~ (hiding).
 58617 | Pan      | 58617 ||| Stepping ~*~*~tactically~*~*~ (hiding).
 58626 | Pan      | 58626 ||| Stepping ~*~*~tactically~*~*~ (hiding).
 58721 | Pan      | Was forgiven by Okawaru
 58830 | Pan      | 58830 ||| Stepping ~*~*~tactically~*~*~ (hiding).
 58831 | Pan      | 58831 ||| Stepping ~*~*~tactically~*~*~ (hiding).
 58837 | Pan      | Gained mutation: Your magical capacity is very low. (-20%
                  | MP) [a neqoxec]
 58960 | Pan      | 58960 ||| Stepping ~*~*~tactically~*~*~ (stealth).
 58963 | Pan      | 58963 ||| Stepping ~*~*~tactically~*~*~ (stealth).
 59063 | Pan      | 59063 ||| INVOKING Summon Divine Warrior.
 59067 | Pan      | 59067 ||| INVOKING Cleansing Flame.
 59068 | Pan      | 59068 ||| INVOKING Cleansing Flame.
 59069 | Pan      | 59069 ||| INVOKING Cleansing Flame.
 59070 | Pan      | 59070 ||| INVOKING Cleansing Flame.
 59071 | Pan      | 59071 ||| INVOKING Cleansing Flame.
 59082 | Pan      | Gained mutation: Potions are less effective at restoring
                  | your health. [hidden defects]
 59164 | Pan      | 59164 ||| DRINKING 9 potions of mutation.
 59164 | Pan      | Lost mutation: Potions are less effective at restoring your
                  | health. [potion of mutation]
 59164 | Pan      | Lost mutation: Your magical capacity is very low. (-20% MP)
                  | [potion of mutation]
 59164 | Pan      | Lost mutation: You are dopey. (Int -2) [potion of mutation]
 59164 | Pan      | Gained mutation: You are robust. (+10% HP) [potion of
                  | mutation]
 59164 | Pan      | Gained mutation: You expend magic power (3 MP) to
                  | strengthen your wands. [potion of mutation]
 59195 | Pan      | Noticed Beust the pandemonium lord
 59196 | Pan      | 59196 ||| INVOKING Summon Divine Warrior.
 59216 | Pan      | Killed Beust the pandemonium lord
 59303 | Pan      | Gained mutation: Your body sometimes deteriorates upon
                  | taking damage. [a neqoxec]
 59305 | Pan      | 59305 ||| INVOKING Cleansing Flame.
 59306 | Pan      | 59306 ||| INVOKING Cleansing Flame.
 59307 | Pan      | 59307 ||| INVOKING Cleansing Flame.
 59308 | Pan      | 59308 ||| INVOKING Cleansing Flame.
 59309 | Pan      | 59309 ||| INVOKING Cleansing Flame.
 59442 | Pan      | 59442 ||| DROPPING +2 pair of boots of flying.
 59486 | Pan      | 59486 ||| Stepping ~*~*~tactically~*~*~ (stealth).
 59582 | Pan      | 59582 ||| Stepping ~*~*~tactically~*~*~ (stealth).
 59583 | Pan      | Noticed Ocryqeom the pandemonium lord
 59584 | Pan      | 59584 ||| Stepping ~*~*~tactically~*~*~ (hiding).
 59591 | Pan      | 59591 ||| INVOKING Summon Divine Warrior.
 59595 | Pan      | 59595 ||| INVOKING Cleansing Flame.
 59596 | Pan      | 59596 ||| INVOKING Cleansing Flame.
 59597 | Pan      | 59597 ||| INVOKING Cleansing Flame.
 59599 | Pan      | Killed Ocryqeom the pandemonium lord
 59835 | Pan      | Reached skill level 24 in Invocations
 59909 | Pan      | Entered the realm of Cerebov.
 59942 | Pan      | 59942 ||| Stepping ~*~*~tactically~*~*~ (hiding).
 59966 | Pan      | Gained mutation: Your spells are a little easier to cast,
                  | but a little less powerful. [hidden defects]
 59966 | Pan      | Lost mutation: You have hidden genetic defects. [hidden
                  | defects expressed]
 59977 | Pan      | 59977 ||| Stepping ~*~*~tactically~*~*~ (stealth).
 59978 | Pan      | 59978 ||| Stepping ~*~*~tactically~*~*~ (stealth).
 59980 | Pan      | 59980 ||| Stepping ~*~*~tactically~*~*~ (hiding).
 60064 | Pan      | 60064 ||| Stepping ~*~*~tactically~*~*~ (stealth).
 60066 | Pan      | 60066 ||| Stepping ~*~*~tactically~*~*~ (stealth).
 60069 | Pan      | 60069 ||| Stepping ~*~*~tactically~*~*~ (hiding).
 60098 | Pan      | 60098 ||| Stepping ~*~*~tactically~*~*~ (stealth).
 60100 | Pan      | 60100 ||| Stepping ~*~*~tactically~*~*~ (stealth).
 60102 | Pan      | 60102 ||| Stepping ~*~*~tactically~*~*~ (stealth).
 60104 | Pan      | 60104 ||| Stepping ~*~*~tactically~*~*~ (stealth).
 60106 | Pan      | 60106 ||| Stepping ~*~*~tactically~*~*~ (stealth).
 60108 | Pan      | 60108 ||| Stepping ~*~*~tactically~*~*~ (stealth).
 60110 | Pan      | 60110 ||| Stepping ~*~*~tactically~*~*~ (stealth).
 60112 | Pan      | 60112 ||| Stepping ~*~*~tactically~*~*~ (stealth).
 60114 | Pan      | 60114 ||| Stepping ~*~*~tactically~*~*~ (stealth).
 60116 | Pan      | 60116 ||| Stepping ~*~*~tactically~*~*~ (stealth).
 60118 | Pan      | 60118 ||| Stepping ~*~*~tactically~*~*~ (stealth).
 60120 | Pan      | 60120 ||| Stepping ~*~*~tactically~*~*~ (stealth).
 60122 | Pan      | 60122 ||| Stepping ~*~*~tactically~*~*~ (stealth).
 60124 | Pan      | 60124 ||| Stepping ~*~*~tactically~*~*~ (stealth).
 60126 | Pan      | 60126 ||| Stepping ~*~*~tactically~*~*~ (hiding).
 60352 | Pan      | 60352 ||| Stepping ~*~*~tactically~*~*~ (hiding).
 60566 | Pan      | Found the +6 sword of Cerebov {flame}
 60566 | Pan      | Noticed Cerebov
 60567 | Pan      | 60567 ||| DRINKING 7 potions of haste.
 60568 | Pan      | 60568 ||| DRINKING 4 potions of resistance.
 60569 | Pan      | 60569 ||| INVOKING Summon Divine Warrior.
 60570 | Pan      | 60570 ||| DRINKING 9 potions of might.
 60572 | Pan      | 60572 ||| INVOKING Cleansing Flame.
 60584 | Pan      | Killed Cerebov
 60692 | Pan      | 60692 ||| INVOKING Cleansing Flame.
 60737 | Pan      | Got a fiery rune of Zot
 60797 | Pan      | 60797 ||| INVOKING Cleansing Flame.
 60798 | Pan      | 60798 ||| INVOKING Cleansing Flame.
 61225 | Pan      | Identified the +5 lajatang of Conscience {spect, Str+5
                  | Int+6}
 61604 | Pan      | 61604 ||| DROPPING +1 hat of willpower.
 61666 | Pan      | 61666 ||| DRINKING 3 potions of resistance.
 61667 | Pan      | 61667 ||| INVOKING Summon Divine Warrior.
 61671 | Pan      | 61671 ||| INVOKING Cleansing Flame.
 61676 | Pan      | 61676 ||| INVOKING Cleansing Flame.
 61677 | Pan      | 61677 ||| INVOKING Cleansing Flame.
 61682 | Pan      | 61682 ||| INVOKING Summon Divine Warrior.
 61682 | Pan      | Gained mutation: You are vulnerable to heat. (rF-) [a
                  | neqoxec]
 61683 | Pan      | 61683 ||| INVOKING Cleansing Flame.
 61684 | Pan      | 61684 ||| INVOKING Cleansing Flame.
 61685 | Pan      | 61685 ||| INVOKING Cleansing Flame.
 61686 | Pan      | 61686 ||| INVOKING Cleansing Flame.
 61716 | Pan      | Noticed Aggux the pandemonium lord
 61721 | Pan      | 61721 ||| INVOKING Cleansing Flame.
 61729 | Pan      | Killed Aggux the pandemonium lord
 62018 | Pan      | Found an exit through the horrors of the Abyss.
 62500 | Depths:2 | Escaped Pandemonium
 62502 | Pan      | Entered Pandemonium
 62505 | Pan      | 62505 ||| Stepping ~*~*~tactically~*~*~ (hiding).
 62506 | Pan      | 62506 ||| Stepping ~*~*~tactically~*~*~ (hiding).
 62594 | Pan      | Noticed Madott the pandemonium lord
 62595 | Pan      | 62595 ||| INVOKING Cleansing Flame.
 62596 | Pan      | 62596 ||| INVOKING Summon Divine Warrior.
 62604 | Pan      | Killed Madott the pandemonium lord
 62664 | Pan      | Identified the +11 short sword of the Riding Scavenger
                  | {spect, Drain rPois rN++ Dex+4}
 62753 | Pan      | 62753 ||| Stepping ~*~*~tactically~*~*~ (stealth).
 62754 | Pan      | 62754 ||| Stepping ~*~*~tactically~*~*~ (stealth).
 62755 | Pan      | 62755 ||| Stepping ~*~*~tactically~*~*~ (stealth).
 62781 | Pan      | Reached skill level 27 in Invocations
 62816 | Pan      | 62816 ||| Stepping ~*~*~tactically~*~*~ (stealth).
 62838 | Pan      | 62838 ||| Stepping ~*~*~tactically~*~*~ (stealth).
 62843 | Pan      | 62843 ||| Stepping ~*~*~tactically~*~*~ (stealth).
 62845 | Pan      | 62845 ||| Stepping ~*~*~tactically~*~*~ (stealth).
 62867 | Pan      | 62867 ||| Stepping ~*~*~tactically~*~*~ (hiding).
 62977 | Pan      | 62977 ||| Stepping ~*~*~tactically~*~*~ (hiding).
 63289 | Pan      | 63289 ||| Stepping ~*~*~tactically~*~*~ (stealth).
 63333 | Pan      | 63333 ||| Stepping ~*~*~tactically~*~*~ (stealth).
 63334 | Pan      | 63334 ||| Stepping ~*~*~tactically~*~*~ (stealth).
 63335 | Pan      | 63335 ||| Stepping ~*~*~tactically~*~*~ (stealth).
 63336 | Pan      | 63336 ||| Stepping ~*~*~tactically~*~*~ (stealth).
 63363 | Pan      | 63363 ||| Stepping ~*~*~tactically~*~*~ (hiding).
 63364 | Pan      | 63364 ||| Stepping ~*~*~tactically~*~*~ (hiding).
 63446 | Pan      | Entered the realm of Mnoleg.
 63513 | Pan      | 63513 ||| Stepping ~*~*~tactically~*~*~ (hiding).
 63546 | Pan      | 63546 ||| Stepping ~*~*~tactically~*~*~ (stealth).
 63550 | Pan      | Gained mutation: Your magical capacity is very low. (-20%
                  | MP) [a cacodemon]
 63551 | Pan      | 63551 ||| Stepping ~*~*~tactically~*~*~ (hiding).
 63553 | Pan      | 63553 ||| Stepping ~*~*~tactically~*~*~ (hiding).
 63564 | Pan      | Gained mutation: You sometimes lose your temper in combat.
                  | [a neqoxec]
 63568 | Pan      | Gained mutation: You occasionally lose the ability to drink
                  | potions when taking damage. [a neqoxec]
 63588 | Pan      | 63588 ||| DRINKING 9 potions of mutation.
 63588 | Pan      | Lost mutation: Your magical capacity is very low. (-20% MP)
                  | [potion of mutation]
 63588 | Pan      | Lost mutation: Your body sometimes deteriorates upon taking
                  | damage. [potion of mutation]
 63588 | Pan      | Gained mutation: Your muscles are strong. (Str +4, Int/Dex
                  | -1) [potion of mutation]
 63589 | Pan      | 63589 ||| DRINKING 8 potions of mutation.
 63589 | Pan      | Lost mutation: You are vulnerable to heat. (rF-) [potion of
                  | mutation]
 63589 | Pan      | Lost mutation: You sometimes lose your temper in combat.
                  | [potion of mutation]
 63589 | Pan      | Lost mutation: Your muscles are strong. (Str +4, Int/Dex
                  | -1) [potion of mutation]
 63589 | Pan      | Gained mutation: You occasionally shout uncontrollably at
                  | your foes. [potion of mutation]
 63589 | Pan      | Gained mutation: You are somewhat resistant to further
                  | mutation. [potion of mutation]
 63590 | Pan      | 63590 ||| DRINKING 7 potions of mutation.
 63590 | Pan      | Lost mutation: You occasionally shout uncontrollably at
                  | your foes. [potion of mutation]
 63590 | Pan      | Lost mutation: You are robust. (+10% HP) [potion of
                  | mutation]
 63590 | Pan      | Lost mutation: You are somewhat resistant to further
                  | mutation. [potion of mutation]
 63590 | Pan      | Lost mutation: Your spells are a little easier to cast, but
                  | a little less powerful. [potion of mutation]
 63590 | Pan      | Gained mutation: You are frail. (-10% HP) [potion of
                  | mutation]
 63590 | Pan      | Gained mutation: You are somewhat resistant to further
                  | mutation. [potion of mutation]
 63591 | Pan      | 63591 ||| DRINKING 6 potions of mutation.
 63591 | Pan      | Lost mutation: You expend magic power (3 MP) to strengthen
                  | your wands. [potion of mutation]
 63591 | Pan      | Lost mutation: You occasionally lose the ability to drink
                  | potions when taking damage. [potion of mutation]
 63591 | Pan      | Gained mutation: You have large cloven feet. [potion of
                  | mutation]
 63591 | Pan      | Gained mutation: You expend magic power (3 MP) to
                  | strengthen your wands. [potion of mutation]
 63592 | Pan      | 63592 ||| DRINKING 5 potions of mutation.
 63592 | Pan      | Lost mutation: You expend magic power (3 MP) to strengthen
                  | your wands. [potion of mutation]
 63592 | Pan      | Lost mutation: You are frail. (-10% HP) [potion of
                  | mutation]
 63592 | Pan      | Gained mutation: You are partially covered in iridescent
                  | scales. (AC +2) [potion of mutation]
 63631 | Pan      | Noticed Mnoleg
 63632 | Pan      | 63632 ||| INVOKING Summon Divine Warrior.
 63636 | Pan      | 63636 ||| INVOKING Cleansing Flame.
 63637 | Pan      | Paralysed by a floating eye for 2 turns
 63646 | Pan      | Killed Mnoleg
 63647 | Pan      | Reached skill level 24 in Armour
 63697 | Pan      | Noticed Ignacio
 63713 | Pan      | 63713 ||| DRINKING 21 potions of curing.
 63713 | Pan      | 63713 ||| (to cure confusion)
 63717 | Pan      | Killed Ignacio
 63882 | Pan      | Found an exit through the horrors of the Abyss.
 63933 | Pan      | 63933 ||| READING scroll of acquirement.
 63933 | Pan      | 63933 ||| ACQUIRING 639 gold pieces
 63933 | Pan      | Acquired 639 gold pieces
 64097 | Pan      | 64097 ||| Stepping ~*~*~tactically~*~*~ (hiding).
 64247 | Pan      | Got a glowing rune of Zot
 64318 | Pan      | 64318 ||| Stepping ~*~*~tactically~*~*~ (hiding).
 64320 | Pan      | 64320 ||| Stepping ~*~*~tactically~*~*~ (hiding).
 64380 | Pan      | 64380 ||| Stepping ~*~*~tactically~*~*~ (hiding).
 64417 | Pan      | 64417 ||| Stepping ~*~*~tactically~*~*~ (hiding).
 64418 | Pan      | 64418 ||| Stepping ~*~*~tactically~*~*~ (hiding).
 64600 | Pan      | Gained mutation: You are dopey. (Int -2) [a neqoxec]
 64629 | Pan      | Identified the +3 sling "Sidi" {venom, rC+}
 64750 | Pan      | 64750 ||| Stepping ~*~*~tactically~*~*~ (stealth).
 64856 | Pan      | 64856 ||| DROPPING +2 pair of gloves of infusion.
 64869 | Pan      | 64869 ||| Stepping ~*~*~tactically~*~*~ (hiding).
 64930 | Pan      | 64930 ||| Stepping ~*~*~tactically~*~*~ (stealth).
 64935 | Pan      | 64935 ||| Stepping ~*~*~tactically~*~*~ (hiding).
 64987 | Pan      | Noticed Nuhib the pandemonium lord
 64988 | Pan      | 64988 ||| INVOKING Summon Divine Warrior.
 64994 | Pan      | 64994 ||| INVOKING Cleansing Flame.
 64998 | Pan      | Killed Nuhib the pandemonium lord
 65027 | Pan      | 65027 ||| INVOKING Cleansing Flame.
 65905 | Pan      | Entered the realm of Gloorx Vloq.
 65982 | Pan      | 65982 ||| Stepping ~*~*~tactically~*~*~ (stealth).
 65983 | Pan      | 65983 ||| Stepping ~*~*~tactically~*~*~ (stealth).
 66023 | Pan      | Identified the +6 short sword "Transmigrator" {drain,
                  | +Blink rF- rC+ Dex+3}
 66039 | Pan      | 66039 ||| Stepping ~*~*~tactically~*~*~ (stealth).
 66040 | Pan      | 66040 ||| Stepping ~*~*~tactically~*~*~ (stealth).
 66290 | Pan      | Noticed Gloorx Vloq
 66291 | Pan      | 66291 ||| Stepping ~*~*~tactically~*~*~ (stealth).
 66293 | Pan      | 66293 ||| INVOKING Summon Divine Warrior.
 66298 | Pan      | Killed Gloorx Vloq
 66307 | Pan      | 66307 ||| INVOKING Cleansing Flame.
 66332 | Pan      | Got a dark rune of Zot
 67087 | Pan      | 67087 ||| DRINKING 2 potions of resistance.
 67088 | Pan      | 67088 ||| INVOKING Summon Divine Warrior.
 67090 | Pan      | 67090 ||| INVOKING Cleansing Flame.
 67278 | Pan      | 67278 ||| Stepping ~*~*~tactically~*~*~ (stealth).
 67282 | Pan      | 67282 ||| INVOKING Summon Divine Warrior.
 67287 | Pan      | 67287 ||| INVOKING Cleansing Flame.
 67294 | Pan      | Reached skill level 27 in Armour
 67519 | Pan      | Gained mutation: You occasionally lose the ability to drink
                  | potions when taking damage. [a cacodemon]
 67529 | Pan      | Noticed Buvu the pandemonium lord
 67533 | Pan      | 67533 ||| INVOKING Cleansing Flame.
 67534 | Pan      | 67534 ||| INVOKING Cleansing Flame.
 67535 | Pan      | 67535 ||| INVOKING Cleansing Flame.
 67536 | Pan      | 67536 ||| INVOKING Cleansing Flame.
 67536 | Pan      | Killed Buvu the pandemonium lord
 67537 | Pan      | 67537 ||| DRINKING 4 potions of mutation.
 67537 | Pan      | Lost mutation: You have large cloven feet. [potion of
                  | mutation]
 67537 | Pan      | Lost mutation: You are somewhat resistant to further
                  | mutation. [potion of mutation]
 67537 | Pan      | Gained mutation: You possess an exceptional clarity of
                  | mind. [potion of mutation]
 67538 | Pan      | 67538 ||| DRINKING 3 potions of mutation.
 67538 | Pan      | Lost mutation: Your magical capacity is low. (-10% MP)
                  | [potion of mutation]
 67538 | Pan      | Lost mutation: You possess an exceptional clarity of mind.
                  | [potion of mutation]
 67538 | Pan      | Lost mutation: You are partially covered in iridescent
                  | scales. (AC +2) [potion of mutation]
 67538 | Pan      | Gained mutation: You have a somewhat thin skeletal
                  | structure. (Dex +2, Stealth+) [potion of mutation]
 67538 | Pan      | Gained mutation: You are weak. (Str -2) [potion of
                  | mutation]
 67538 | Pan      | Gained mutation: You are somewhat resistant to further
                  | mutation. [potion of mutation]
 67539 | Pan      | 67539 ||| DRINKING 2 potions of mutation.
 67539 | Pan      | Lost mutation: You are weak. (Str -2) [potion of mutation]
 67539 | Pan      | Lost mutation: You have a somewhat thin skeletal structure.
                  | (Dex +2, Stealth+) [potion of mutation]
 67539 | Pan      | Lost mutation: You occasionally lose the ability to drink
                  | potions when taking damage. [potion of mutation]
 67539 | Pan      | Gained mutation: You possess an exceptional clarity of
                  | mind. [potion of mutation]
 68148 | Pan      | 68148 ||| DROPPING scarf of resistance.
 68227 | Pan      | 68227 ||| Stepping ~*~*~tactically~*~*~ (hiding).
 68244 | Pan      | 68244 ||| INVOKING Summon Divine Warrior.
 68253 | Pan      | 68253 ||| INVOKING Cleansing Flame.
 68387 | Pan      | Reached skill level 12 in Dodging
 68406 | Pan      | Found a transporter.
 68560 | Pan      | Found a transporter.
 68563 | Pan      | Found an exit through the horrors of the Abyss.
 69045 | Pan      | Identified the ring "Yhontapil" {rC+ Str+4}
 69066 | Pan      | Entered the realm of Lom Lobon.
 69087 | Pan      | 69087 ||| Stepping ~*~*~tactically~*~*~ (stealth).
 69088 | Pan      | 69088 ||| Stepping ~*~*~tactically~*~*~ (stealth).
 69091 | Pan      | Reached skill level 1 in Short Blades
 69133 | Pan      | 69133 ||| Stepping ~*~*~tactically~*~*~ (hiding).
 69135 | Pan      | 69135 ||| Stepping ~*~*~tactically~*~*~ (hiding).
 69185 | Pan      | 69185 ||| Stepping ~*~*~tactically~*~*~ (hiding).
 69193 | Pan      | 69193 ||| Stepping ~*~*~tactically~*~*~ (stealth).
 69214 | Pan      | 69214 ||| Stepping ~*~*~tactically~*~*~ (stealth).
 69245 | Pan      | 69245 ||| Stepping ~*~*~tactically~*~*~ (stealth).
 69246 | Pan      | 69246 ||| Stepping ~*~*~tactically~*~*~ (stealth).
 69248 | Pan      | Found an exit through the horrors of the Abyss.
 69295 | Pan      | 69295 ||| Stepping ~*~*~tactically~*~*~ (stealth).
 69297 | Pan      | 69297 ||| Stepping ~*~*~tactically~*~*~ (hiding).
 69298 | Pan      | 69298 ||| Stepping ~*~*~tactically~*~*~ (hiding).
 69331 | Pan      | 69331 ||| Stepping ~*~*~tactically~*~*~ (hiding).
 69333 | Pan      | 69333 ||| Stepping ~*~*~tactically~*~*~ (hiding).
 69334 | Pan      | 69334 ||| Stepping ~*~*~tactically~*~*~ (hiding).
 69407 | Pan      | 69407 ||| Stepping ~*~*~tactically~*~*~ (stealth).
 69469 | Pan      | 69469 ||| Stepping ~*~*~tactically~*~*~ (stealth).
 69470 | Pan      | 69470 ||| Stepping ~*~*~tactically~*~*~ (stealth).
 69516 | Pan      | 69516 ||| Stepping ~*~*~tactically~*~*~ (hiding).
 69517 | Pan      | 69517 ||| Stepping ~*~*~tactically~*~*~ (hiding).
 69518 | Pan      | 69518 ||| Stepping ~*~*~tactically~*~*~ (hiding).
 69519 | Pan      | 69519 ||| Stepping ~*~*~tactically~*~*~ (hiding).
 69570 | Pan      | 69570 ||| Stepping ~*~*~tactically~*~*~ (hiding).
 69600 | Pan      | 69600 ||| Stepping ~*~*~tactically~*~*~ (stealth).
 69602 | Pan      | 69602 ||| Stepping ~*~*~tactically~*~*~ (hiding).
 69614 | Pan      | Reached skill level 3 in Short Blades
 69627 | Pan      | 69627 ||| Stepping ~*~*~tactically~*~*~ (hiding).
 69638 | Pan      | 69638 ||| Stepping ~*~*~tactically~*~*~ (hiding).
 69811 | Pan      | 69811 ||| Stepping ~*~*~tactically~*~*~ (hiding).
 69812 | Pan      | 69812 ||| Stepping ~*~*~tactically~*~*~ (hiding).
 69842 | Pan      | Noticed Lom Lobon
 69843 | Pan      | 69843 ||| Stepping ~*~*~tactically~*~*~ (hiding).
 69847 | Pan      | 69847 ||| Stepping ~*~*~tactically~*~*~ (hiding).
 69849 | Pan      | 69849 ||| DRINKING 6 potions of haste.
 69850 | Pan      | 69850 ||| INVOKING Cleansing Flame.
 69851 | Pan      | 69851 ||| INVOKING Cleansing Flame.
 69852 | Pan      | 69852 ||| INVOKING Cleansing Flame.
 69853 | Pan      | 69853 ||| INVOKING Cleansing Flame.
 69854 | Pan      | 69854 ||| Stepping randomly (cloudy).
 69855 | Pan      | 69855 ||| INVOKING Cleansing Flame.
 69856 | Pan      | 69856 ||| INVOKING Cleansing Flame.
 69857 | Pan      | 69857 ||| INVOKING Cleansing Flame.
 69857 | Pan      | Killed Lom Lobon
 69858 | Pan      | 69858 ||| Stepping randomly (cloudy).
 69860 | Pan      | 69860 ||| Stepping ~*~*~tactically~*~*~ (cloud).
 69985 | Pan      | Got a magical rune of Zot
 70087 | Pan      | 70087 ||| INVOKING Summon Divine Warrior.
 70093 | Pan      | Reached skill level 27 in Fighting
 70093 | Pan      | 70093 ||| INVOKING Cleansing Flame.
 70094 | Pan      | 70094 ||| INVOKING Cleansing Flame.
 70246 | Pan      | 70246 ||| DROPPING scarf of resistance.
 70247 | Pan      | 70247 ||| DROPPING +2 cloak.
 70324 | Pan      | Noticed Rimaxyic the pandemonium lord
 70325 | Pan      | 70325 ||| INVOKING Summon Divine Warrior.
 70331 | Pan      | 70331 ||| INVOKING Summon Divine Warrior.
 70334 | Pan      | 70334 ||| INVOKING Cleansing Flame.
 70336 | Pan      | 70336 ||| INVOKING Cleansing Flame.
 70336 | Pan      | Killed Rimaxyic the pandemonium lord
 70392 | Pan      | Identified the +1 scale mail of the Terrible Slorg {Will+
                  | rCorr Str+2}
 70946 | Pan      | 70946 ||| Stepping ~*~*~tactically~*~*~ (hiding).
 70949 | Pan      | 70949 ||| Stepping ~*~*~tactically~*~*~ (hiding).
 70950 | Pan      | 70950 ||| INVOKING Summon Divine Warrior.
 70956 | Pan      | 70956 ||| INVOKING Cleansing Flame.
 70957 | Pan      | 70957 ||| INVOKING Cleansing Flame.
 71080 | Pan      | 71080 ||| Stepping ~*~*~tactically~*~*~ (hiding).
 71192 | Pan      | 71192 ||| Stepping ~*~*~tactically~*~*~ (hiding).
 71200 | Pan      | Noticed Reywoac the pandemonium lord
 71201 | Pan      | 71201 ||| INVOKING Cleansing Flame.
 71202 | Pan      | 71202 ||| INVOKING Summon Divine Warrior.
 71208 | Pan      | Killed Reywoac the pandemonium lord
 71227 | Pan      | 71227 ||| INVOKING Cleansing Flame.
 71264 | Pan      | Found an exit through the horrors of the Abyss.
 71517 | Pan      | 71517 ||| INVOKING Cleansing Flame.
 71518 | Pan      | 71518 ||| INVOKING Summon Divine Warrior.
 71795 | Pan      | 71795 ||| INVOKING Cleansing Flame.
 71807 | Pan      | 71807 ||| Stepping ~*~*~tactically~*~*~ (hiding).
 71809 | Pan      | 71809 ||| Stepping ~*~*~tactically~*~*~ (hiding).
 71817 | Pan      | Gained mutation: Your spells are a little easier to cast,
                  | but a little less powerful. [a neqoxec]
 71825 | Pan      | 71825 ||| INVOKING Summon Divine Warrior.
 71831 | Pan      | 71831 ||| INVOKING Cleansing Flame.
 71878 | Pan      | Found an exit through the horrors of the Abyss.
 72005 | Pan      | Noticed Kebuugeq the pandemonium lord
 72008 | Pan      | 72008 ||| INVOKING Cleansing Flame.
 72012 | Pan      | Killed Kebuugeq the pandemonium lord
 72263 | Pan      | 72263 ||| INVOKING Cleansing Flame.
 72264 | Pan      | 72264 ||| INVOKING Cleansing Flame.
 72334 | Depths:2 | Escaped Pandemonium
 72336 | Pan      | Entered Pandemonium
 72347 | Pan      | 72347 ||| INVOKING Summon Divine Warrior.
 72364 | Pan      | 72364 ||| DRINKING potion of resistance.
 72367 | Pan      | 72367 ||| INVOKING Cleansing Flame.
 72534 | Pan      | 72534 ||| INVOKING Cleansing Flame.
 72589 | Pan      | Noticed Kouhuhasorph the pandemonium lord
 72592 | Pan      | 72592 ||| INVOKING Cleansing Flame.
 72602 | Pan      | Killed Kouhuhasorph the pandemonium lord
 72636 | Pan      | Identified the ring "Fuch" {Str+4 Dex+6}
 72694 | Pan      | 72694 ||| Stepping ~*~*~tactically~*~*~ (stealth).
 72695 | Pan      | 72695 ||| Stepping ~*~*~tactically~*~*~ (stealth).
 73143 | Pan      | 73143 ||| UPGRADING to ring "Fuch" {Str+4 Dex+6}.
 73145 | Pan      | 73145 ||| DROPPING +4 ring of slaying {mikee}.
 73223 | Pan      | Noticed Eshreff the pandemonium lord
 73224 | Pan      | 73224 ||| INVOKING Summon Divine Warrior.
 73228 | Pan      | 73228 ||| INVOKING Cleansing Flame.
 73231 | Pan      | Killed Eshreff the pandemonium lord
 73249 | Pan      | Found an exit through the horrors of the Abyss.
 73413 | Pan      | Identified the +3 cloak "Weufoc" {+Inv rElec}
 73719 | Pan      | 73719 ||| DROPPING +3 cloak "Weufoc" {+Inv rElec}.
 73762 | Pan      | 73762 ||| Stepping ~*~*~tactically~*~*~ (hiding).
 73775 | Pan      | 73775 ||| Stepping ~*~*~tactically~*~*~ (hiding).
 73791 | Pan      | Identified the +5 battleaxe "Koehue" {spect, MP+9}
 73792 | Pan      | 73792 ||| INVOKING Cleansing Flame.
 73793 | Pan      | 73793 ||| INVOKING Cleansing Flame.
 73803 | Pan      | Noticed Gaylloupp the pandemonium lord
 73804 | Pan      | 73804 ||| INVOKING Summon Divine Warrior.
 73805 | Pan      | 73805 ||| INVOKING Cleansing Flame.
 73806 | Pan      | 73806 ||| INVOKING Cleansing Flame.
 73807 | Pan      | 73807 ||| INVOKING Cleansing Flame.
 73808 | Pan      | Killed Gaylloupp the pandemonium lord
 73896 | Pan      | 73896 ||| INVOKING Cleansing Flame.
 74038 | Pan      | Reached skill level 15 in Dodging
 74042 | Pan      | Reached skill level 21 in Shields
 74047 | Pan      | 74047 ||| INVOKING Cleansing Flame.
 74114 | Pan      | Found an exit through the horrors of the Abyss.
 74618 | Pan      | 74618 ||| INVOKING Cleansing Flame.
 74669 | Pan      | 74669 ||| Stepping ~*~*~tactically~*~*~ (hiding).
 74681 | Pan      | 74681 ||| INVOKING Cleansing Flame.
 74689 | Pan      | 74689 ||| INVOKING Summon Divine Warrior.
 74690 | Pan      | Noticed Gyhucicel the pandemonium lord
 74695 | Pan      | 74695 ||| INVOKING Cleansing Flame.
 74696 | Pan      | 74696 ||| INVOKING Cleansing Flame.
 74698 | Pan      | 74698 ||| INVOKING Cleansing Flame.
 74701 | Pan      | 74701 ||| INVOKING Cleansing Flame.
 74703 | Pan      | Killed Gyhucicel the pandemonium lord
 74714 | Pan      | 74714 ||| INVOKING Cleansing Flame.
 74744 | Pan      | Identified the +7 dagger of Absolution {vorpal, rElec}
 74867 | Pan      | Found an exit through the horrors of the Abyss.
 74950 | Pan      | Identified the +0 scale mail of Negation {rElec Dex+2}
 74958 | Pan      | 74958 ||| Stepping randomly (cloudy).
 74959 | Pan      | 74959 ||| Stepping randomly (cloudy).
 74960 | Pan      | 74960 ||| Stepping randomly (cloudy).
 74991 | Pan      | 74991 ||| INVOKING Cleansing Flame.
 74993 | Pan      | 74993 ||| INVOKING Cleansing Flame.
 75122 | Pan      | Gained mutation: Armour fits poorly on your strangely
                  | shaped body. [a neqoxec]
 75125 | Pan      | 75125 ||| DRINKING potion of mutation.
 75125 | Pan      | Lost mutation: You possess an exceptional clarity of mind.
                  | [potion of mutation]
 75125 | Pan      | Lost mutation: You are dopey. (Int -2) [potion of mutation]
 75125 | Pan      | Lost mutation: You are somewhat resistant to further
                  | mutation. [potion of mutation]
 75193 | Pan      | Gained mutation: You are dopey. (Int -2) [a neqoxec]
 75215 | Pan      | 75215 ||| Stepping ~*~*~tactically~*~*~ (hiding).
 75219 | Pan      | 75219 ||| Stepping ~*~*~tactically~*~*~ (hiding).
 75220 | Pan      | 75220 ||| Stepping ~*~*~tactically~*~*~ (hiding).
 75221 | Pan      | 75221 ||| Stepping ~*~*~tactically~*~*~ (hiding).
 75225 | Pan      | 75225 ||| INVOKING Summon Divine Warrior.
 75226 | Pan      | 75226 ||| INVOKING Cleansing Flame.
 75246 | Pan      | Noticed Kuklilic the pandemonium lord
 75255 | Pan      | Killed Kuklilic the pandemonium lord
 75266 | Pan      | 75266 ||| Stepping ~*~*~tactically~*~*~ (cloud).
 75268 | Pan      | 75268 ||| INVOKING Cleansing Flame.
 75269 | Pan      | 75269 ||| INVOKING Cleansing Flame.
 75273 | Pan      | Paralysed by you for 4 turns
 75290 | Pan      | 75290 ||| Stepping ~*~*~tactically~*~*~ (stealth).
 75291 | Pan      | 75291 ||| Stepping ~*~*~tactically~*~*~ (stealth).
 75292 | Pan      | 75292 ||| Stepping ~*~*~tactically~*~*~ (stealth).
 75293 | Pan      | 75293 ||| Stepping ~*~*~tactically~*~*~ (stealth).
 75294 | Pan      | 75294 ||| Stepping ~*~*~tactically~*~*~ (stealth).
 75353 | Pan      | Found an exit through the horrors of the Abyss.
 75737 | Pan      | 75737 ||| Stepping ~*~*~tactically~*~*~ (hiding).
 75739 | Pan      | 75739 ||| Stepping ~*~*~tactically~*~*~ (hiding).
 75749 | Pan      | 75749 ||| Stepping ~*~*~tactically~*~*~ (stealth).
 75769 | Pan      | 75769 ||| INVOKING Summon Divine Warrior.
 75772 | Pan      | 75772 ||| INVOKING Cleansing Flame.
 75773 | Pan      | 75773 ||| INVOKING Cleansing Flame.
 75774 | Pan      | 75774 ||| INVOKING Cleansing Flame.
 76083 | Pan      | 76083 ||| Stepping ~*~*~tactically~*~*~ (stealth).
 76084 | Pan      | 76084 ||| Stepping ~*~*~tactically~*~*~ (stealth).
 76085 | Pan      | 76085 ||| Stepping ~*~*~tactically~*~*~ (stealth).
 76087 | Pan      | 76087 ||| Stepping ~*~*~tactically~*~*~ (hiding).
 76114 | Pan      | 76114 ||| INVOKING Summon Divine Warrior.
 76119 | Pan      | HP: 44/199 [daeva/divine providence (13)]
 76120 | Pan      | 76120 ||| READING 19 scrolls of teleportation.
 76121 | Pan      | 76121 ||| DRINKING 11 potions of heal wounds.
 76276 | Pan      | Found a white marble altar of Elyvilon.
 76323 | Pan      | 76323 ||| Stepping ~*~*~tactically~*~*~ (stealth).
 76324 | Pan      | 76324 ||| Stepping ~*~*~tactically~*~*~ (stealth).
 76385 | Pan      | 76385 ||| INVOKING Summon Divine Warrior.
 76394 | Pan      | HP: 44/199 [daeva/+5 eudemon blade of holy wrath (20)]
 76395 | Pan      | 76395 ||| READING 18 scrolls of teleportation.
 76396 | Pan      | 76396 ||| DRINKING 10 potions of heal wounds.
 76413 | Pan      | 76413 ||| Stepping ~*~*~tactically~*~*~ (stealth).
 76414 | Pan      | 76414 ||| Stepping ~*~*~tactically~*~*~ (stealth).
 76584 | Pan      | 76584 ||| READING 17 scrolls of teleportation.
 76731 | Pan      | Identified the ring of Iblups {Str+5 Dex+6}
 76842 | Depths:2 | Escaped Pandemonium
 76843 | Depths:2 | 76843 ||| UPGRADING to ring of Iblups {Str+5 Dex+6}.
 76845 | Depths:2 | 76845 ||| UPGRADING to ring "Fuch" {Str+4 Dex+6}.
 76847 | Depths:2 | 76847 ||| DROPPING +4 ring of evasion.
 76849 | Pan      | Entered Pandemonium
 76864 | Pan      | 76864 ||| Stepping randomly (cloudy).
 76865 | Pan      | 76865 ||| Stepping ~*~*~tactically~*~*~ (cloud).
 77001 | Pan      | Gained mutation: You occasionally lose the ability to read
                  | scrolls when taking damage. [a neqoxec]
 77010 | Pan      | Noticed Taohum the pandemonium lord
 77011 | Pan      | 77011 ||| INVOKING Summon Divine Warrior.
 77014 | Pan      | 77014 ||| INVOKING Cleansing Flame.
 77020 | Pan      | Killed Taohum the pandemonium lord
 77220 | Pan      | Got a demonic rune of Zot
 77559 | Pan      | 77559 ||| PLANNING SLIME:5
 77559 | Pan      | 77559 ||| SWAPPING to +8 mithril axe "Arga" {speed, Will+}.
 77560 | Pan      | 77560 ||| UPGRADING to +11 plate armour of Pride {rC+
                  | Slay+2}.
 77570 | Pan      | 77570 ||| UPGRADING to amulet "Qoeschof" {Fly Regen+
                  | Str+3}.
 77665 | Pan      | 77665 ||| Stepping ~*~*~tactically~*~*~ (hiding).
 77790 | Pan      | Noticed Sachino the pandemonium lord
 77791 | Pan      | 77791 ||| Stepping ~*~*~tactically~*~*~ (hiding).
 77796 | Pan      | 77796 ||| INVOKING Summon Divine Warrior.
 77806 | Pan      | Reached skill level 18 in Dodging
 77807 | Pan      | Killed Sachino the pandemonium lord
 77808 | Pan      | 77808 ||| Stepping ~*~*~tactically~*~*~ (cloud).
 77878 | Pan      | Found an exit through the horrors of the Abyss.
 77925 | Pan      | 77925 ||| DRINKING potion of mutation.
 77925 | Pan      | Lost mutation: Your spells are a little easier to cast, but
                  | a little less powerful. [potion of mutation]
 77925 | Pan      | Lost mutation: You are dopey. (Int -2) [potion of mutation]
 77925 | Pan      | Gained mutation: You occasionally lose the ability to drink
                  | potions when taking damage. [potion of mutation]
 77925 | Pan      | Gained mutation: You are robust. (+10% HP) [potion of
                  | mutation]
 77925 | Pan      | Gained mutation: You are covered in fur. (AC +1) [potion of
                  | mutation]
 78240 | Pan      | 78240 ||| Stepping ~*~*~tactically~*~*~ (stealth).
 78242 | Pan      | Gained mutation: You possess an exceptional clarity of
                  | mind. [a neqoxec]
 78243 | Pan      | 78243 ||| Stepping ~*~*~tactically~*~*~ (hiding).
 78346 | Pan      | 78346 ||| Stepping ~*~*~tactically~*~*~ (stealth).
 78362 | Pan      | 78362 ||| Stepping ~*~*~tactically~*~*~ (stealth).
 78412 | Pan      | 78412 ||| Stepping ~*~*~tactically~*~*~ (hiding).
 78660 | Pan      | 78660 ||| Stepping randomly (cloudy).
 78675 | Pan      | 78675 ||| INVOKING Summon Divine Warrior.
 78678 | Pan      | 78678 ||| INVOKING Cleansing Flame.
 78706 | Pan      | Noticed Ycveeshra the pandemonium lord
 78711 | Pan      | 78711 ||| INVOKING Cleansing Flame.
 78712 | Pan      | 78712 ||| INVOKING Cleansing Flame.
 78713 | Pan      | 78713 ||| INVOKING Summon Divine Warrior.
 78715 | Pan      | Killed Ycveeshra the pandemonium lord
 78782 | Pan      | 78782 ||| INVOKING Cleansing Flame.
 78945 | Pan      | 78945 ||| INVOKING Cleansing Flame.
 78946 | Pan      | 78946 ||| INVOKING Cleansing Flame.
 78998 | Pan      | 78998 ||| Stepping ~*~*~tactically~*~*~ (cloud).
 78999 | Pan      | 78999 ||| Stepping randomly (cloudy).
 79000 | Pan      | 79000 ||| Stepping randomly (cloudy).
 79003 | Pan      | 79003 ||| Stepping ~*~*~tactically~*~*~ (cloud).
 79159 | Pan      | 79159 ||| Stepping ~*~*~tactically~*~*~ (cloud).
 79164 | Pan      | 79164 ||| Stepping ~*~*~tactically~*~*~ (cloud).
 79175 | Pan      | 79175 ||| Stepping ~*~*~tactically~*~*~ (cloud).
 79449 | Pan      | Identified the ring "Ukhaosti" {rPois rCorr Int+9 Dex-4}
 79464 | Pan      | 79464 ||| DROPPING ring "Ukhaosti" {rPois rCorr Int+9
                  | Dex-4}.
 79492 | Pan      | Noticed Unusch the pandemonium lord
 79493 | Pan      | 79493 ||| INVOKING Summon Divine Warrior.
 79500 | Pan      | 79500 ||| INVOKING Cleansing Flame.
 79502 | Pan      | Gained mutation: You have large cloven feet. [a neqoxec]
 79505 | Pan      | Gained mutation: You are weak. (Str -2) [a cacodemon]
 79512 | Pan      | Gained mutation: You are vulnerable to cold. (rC-) [a
                  | cacodemon]
 79513 | Pan      | 79513 ||| INVOKING Cleansing Flame.
 79515 | Pan      | 79515 ||| INVOKING Cleansing Flame.
 79521 | Pan      | Killed Unusch the pandemonium lord
 79524 | Pan      | Identified the +7 hand axe of Molimp {venom, rPois rF+
                  | Dex+5}
 79539 | Pan      | 79539 ||| INVOKING Cleansing Flame.
 79540 | Pan      | 79540 ||| INVOKING Cleansing Flame.
 79541 | Pan      | 79541 ||| INVOKING Cleansing Flame.
 79542 | Pan      | 79542 ||| INVOKING Cleansing Flame.
 79547 | Pan      | 79547 ||| Stepping randomly (cloudy).
 79549 | Pan      | 79549 ||| INVOKING Summon Divine Warrior.
 79556 | Pan      | 79556 ||| Stepping randomly (cloudy).
 79966 | Pan      | Noticed Semiv the pandemonium lord
 79967 | Pan      | 79967 ||| INVOKING Cleansing Flame.
 79968 | Pan      | 79968 ||| INVOKING Cleansing Flame.
 79969 | Pan      | 79969 ||| INVOKING Summon Divine Warrior.
 79971 | Pan      | Killed Semiv the pandemonium lord
 80001 | Pan      | Lost mutation: You possess an exceptional clarity of mind.
                  | [a neqoxec]
 80004 | Pan      | Lost mutation: You have large cloven feet. [a neqoxec]
 80240 | Pan      | Gained mutation: You sometimes lose the ability to read
                  | scrolls when taking damage. [a neqoxec]
 80304 | Pan      | 80304 ||| INVOKING Cleansing Flame.
 80481 | Pan      | Found an exit through the horrors of the Abyss.
 80715 | Pan      | 80715 ||| DROPPING +1 pair of gloves of infusion.
 80762 | Depths:2 | Escaped Pandemonium
 81113 | Slime:1  | Entered Level 1 of the Pits of Slime
 81167 | Slime:2  | Gained mutation: You have hidden genetic defects. [a
                  | shining eye]
 81193 | Slime:4  | 81193 ||| STAIRDANCE
 81212 | Slime:5  | Entered Level 5 of the Pits of Slime
 81216 | Slime:5  | 81216 ||| STAIRDANCE
 81223 | Slime:5  | 81223 ||| STAIRDANCE
 81272 | Slime:5  | Noticed the Royal Jelly
 81273 | Slime:5  | 81273 ||| INVOKING Summon Divine Warrior.
 81286 | Slime:5  | 81286 ||| DRINKING 3 potions of cancellation.
 81293 | Slime:5  | 81293 ||| INVOKING Summon Divine Warrior.
 81297 | Slime:5  | 81297 ||| INVOKING Summon Divine Warrior.
 81303 | Slime:5  | 81303 ||| DRINKING 2 potions of cancellation.
 81303 | Slime:5  | HP: 51/218 [acid blob[a glowing orange brain] (24)]
 81304 | Slime:5  | 81304 ||| DRINKING 10 potions of heal wounds.
 81307 | Slime:5  | HP: 2/218 [titanic slime creature (52)]
 81308 | Slime:5  | Splashed by an acid blob's acid

Levels and vault maps discovered:
D:1:      giann_horns, layout_rooms, serial_curves, eino_curves_04,
          eino_curves_04, shapermc_ecumenical_altar_rom_forum,
          grunt_decor_mini_mirrors, minivault_4
D:2:      layout_basic
D:3:      layout_basic, mainiacjoe_overflow_alcove_2, nicolae_underground_beach,
          uniq_grinder
D:4:      layout_rooms, serial_forest, infiniplex_forest_end_1,
          infiniplex_forest_lined_3, infiniplex_forest_clump_diagonal,
          infiniplex_forest_clump_curved, infiniplex_forest_clump_long,
          infiniplex_forest_straight_4, infiniplex_forest_diagonal,
          kennysheep_donut
D:5:      layout_cave_pods, serial_shops, shop, minmay_misc_feat_nine_boxes
D:6:      layout_loops_ring, nicolae_elyvilon_peaceful_grove,
          serial_co_window_serial, co_window_paths_a,
          co_window_of_opportunity_a, co_window_paths_b, co_window_paths_a,
          co_window_paths_b, co_window_paths_b, co_window_corner_a,
          co_window_corner_b, co_window_2corner, co_window_of_opportunity_b,
          co_window_unsneaky_path_a, co_window_corner_b, co_window_broadway_b,
          co_window_of_opportunity_c, glass_columns_c, glass_columns_a,
          minmay_stone_trees_small
D:7:      minmay_the_grid_octo_tiled_octocenter
          [minmay_the_grid_octo_tetromino_candy, minmay_the_grid_octo_horde,
          minmay_the_grid_octo_toaster, minmay_the_grid_octo_thin_diamonds,
          minmay_the_grid_octo_prize_single_spiral,
          minmay_the_grid_square_5x5_six, minmay_the_grid_square_5x5_forky,
          minmay_the_grid_square_5x5_bite,
          minmay_the_grid_square_5x5_broken_cross], layout_cave_pools,
          minmay_temple_entry_gardened_gates, uniq_duvessa,
          uniq_crazy_yiuf_cottage, uniq_menkaure
D:8:      layout_loops_corners, mainiacjoe_overflow_brackets,
          nicolae_overflow_hidden_temple, uniq_prince_ribbit1
D:9:      layout_loops_cross, fedhas_altar_4, dpeg_lair_monsters, orc_0_dummy
D:10:     layout_rooms, mainiacjoe_overflow_boulevard,
          ebering_ghost_funeral_grove, grunt_potential
D:11:     layout_irregular_city, gammafunk_ghost_wrathful_warriors,
          okawaru_altar_gauntlet_db, uniq_nergalle
D:12:     layout_cave_pods, enter_trove_3, portal_ice_cave_entry_pillars_1,
          minmay_rotating_lava, uniq_maurice
D:13:     layout_basic, grunt_vaults_entry_tiered,
          gammafunk_ghost_fury_of_okawaru
D:14:     layout_long_grid, special_room [special_room_mythical_zoo],
          nicolae_gozag_seed_capital, uniq_nessos
D:15:     hangedman_depths_entry_civil_slaughter, layout_gridville,
          gammafunk_ghost_crypt
Temple:   hellmonk_temple_forest_ring
Lair:1:   layout_regular_city, nicolae_lair_run_with_the_wolves
Lair:2:   layout_hall_layers, minmay_swamp_entry_swarm
Lair:3:   nzn_winding_woodlands_small [nzn_winding_woodlands_5x15_twine,
          nzn_winding_woodlands_center_pierced_h,
          nzn_winding_woodlands_5x15_pathside_ponds], layout_regular_city,
          nicolae_spider_entry_tight_spaces, fungi_pond_lemuel, roderic_batcave,
          minmay_hedge_maze
Lair:4:   layout_gridlike, gauntlet_entry_generic, uniq_josephine
Lair:5:   due_jungle_book, layout_loops_ring, minmay_slime_entry_eyes,
          grunt_megastairs_4
Swamp:1:  nicolae_swamp_long_stream, layout_falls_marsh,
          nicolae_swamp_bean_lake, swamp_pool2
Swamp:2:  layout_basic_swamp, nicolae_swamp_fairy_circle, swamp_pool3,
          uniq_kirke
Swamp:3:  layout_basic_swamp, nicolae_swamp_decorative_isthmus,
          lightli_tree_ring, infiniplex_staircase_pool_2, uniq_nikola
Swamp:4:  swamp_basic_johnstein, layout_basic_swamp, gammafunk_ghost_mausoleum,
          swamp_pool1, nicolae_swamp_no_escape
Spider:1: layout_spider_delve, uniq_mlioglotl
Spider:2: layout_cave_pods
Spider:3: layout_spider_delve, nzn_ghost_randoct
Spider:4: spider_rune_water, nicolae_spider_spiderdrome, uniq_arachne
Slime:1:  layout_caves
Slime:2:  layout_caves, basic_altar
Slime:3:  layout_caves
Slime:4:  layout_caves, uniq_dissolution
Slime:5
Orc:1:    layout_caves
Orc:2:    st_orc_town, layout_caves, serial_shops, nicolae_shop_hallway_stairs
Vaults:1: ontoclasm_vaults_misaligned, v_alt_pattern_5, vaults_room_hallway,
          ontoclasm_vaults_ligature, st_cells, nicolae_vaults_alarming,
          nicolae_vaults_little_squares_1, nicolae_vaults_little_squares_4,
          vaults_room_semicircle, layout_vaults_omnigrid, serial_shops,
          nicolae_shop_hallway_stairs
Vaults:2: nicolae_vaults_little_squares_1, hangedman_vaults_locks, v_misc_24,
          vaults_room_boxed, nicolae_vaults_windows_and_doors_thing,
          v_pattern_4, nicolae_vaults_little_ls, v_misc_11,
          nicolae_vaults_ring_of_whatevers, vaults_dpeg_emergency_exit,
          hangedman_vaults_slice, v_misc_23, layout_vaults_big_room,
          serial_shops, nicolae_shop_hallway_plus
Vaults:3: hangedman_vaults_maws, minmay_crypt_entry_simple_box,
          dpeg_vaults_monster_row, v_pattern_1, nicolae_vaults_network_star,
          nicolae_vaults_little_squares_6, v_misc_12,
          ontoclasm_vaults_decontamination, nicolae_vaults_hallways_thing,
          vaults_room_fancy_cross, ontoclasm_vaults_chip,
          nicolae_vaults_circle_grid_a, nicolae_vaults_little_squares_4,
          st_cross, ontoclasm_vaults_ring_square, nicolae_vaults_specimen_jars,
          ontoclasm_vaults_bender, layout_vaults_omnibox
Vaults:4: hellmonk_guarded_unrand_gong, hangedman_vaults_stitches,
          nicolae_vaults_little_squares_4, vaults_standard_mumra_x, v_rooms_6,
          vaults_room_pool, grunt_vaults_diagonal, grunt_vaults_funnel,
          ontoclasm_vaults_loading_screen, v_misc_16, layout_vaults_ring,
          serial_shops, nicolae_shop_statue_plus, uniq_margery, uniq_sojobo,
          uniq_mennas
Vaults:5
Crypt:1:  layout_regular_city
Crypt:2:  layout_chaotic_city, uniq_josephina
Crypt:3:  evilmike_haunted_forest
Tomb:1
Tomb:2
Tomb:3
Depths:1: layout_small_grid, hellmouth_1, minmay_misc_feat_diagonals,
          serial_bayou, serial_bayou_lake_a, serial_bayou_pond_d,
          serial_bayou_crossing, serial_bayou_ford_a,
          serial_sigils_hangedman_clutch, nrook_campfire,
          nicolae_sif_muna_condensation, uniq_aizul
Depths:2: dreamdust_hydra_shepherd, layout_cave_pools, hangedman_geh_valley,
          serial_bayou_shore_b, rand_demon_pan_entry_7, uniq_mara
Depths:3: evilmike_inaccessible_box, layout_long_grid, lemuel_doored_altar,
          nicolae_abyss_entry_one_way_or_another, serial_shops, bzr_in_the_mist,
          ebering_ghost_disaster_area, hell_entry
Depths:4: grunt_zot_entry_gee_three, layout_cave_pools, enter_ziggurat_a,
          serial_column_ruins, column_ruins_portal_astroid,
          column_ruins_circle_medium, column_ruins_circle_medium,
          column_ruins_grid_1, column_ruins_grid_1, column_ruins_open_medium,
          hell_entry, rand_demon_pan_entry_9
Zot:1:    layout_gridlike, grunt_megastairs_3
Zot:2:    layout_basic, uniq_parghit
Zot:3:    evilmike_crystal_ball_defense, layout_misc_corridors,
          nicolae_transmutations_shop
Zot:4:    minmay_elemental_castle, layout_basic, basic_altar

Skill      XL: |  1  2  3  4  5  6  7  8  9 10 11 12 13 14 15 16 17 18 19 20 21 22 23 24 25 26 27 |
---------------+----------------------------------------------------------------------------------+-----
Axes           | 2 3 5 7 9 10 11 12 14 16 17 18 19 | 19.0
Dodging        | 1 2 3 4 5 6 7 8 9 20 | 20.6
Fighting       | 4 6 7 8 9 10 11 12 13 14 16 17 19 22 23 25 27 | 27.0
Armour         | 4 5 7 9 10 12 13 15 16 20 21 22 23 27 | 27.0
Shields        | 4 5 6 9 12 13 14 15 16 17 18 19 22 | 22.1
Invocations    | 2 4 6 10 14 19 27 | 27.0
Throwing       | 2 4 5 6 7 8 9 10 12 14 15 17 | 17.4
Short Blades   | 4 |  4.8

Action                   |  1- 3 |  4- 6 |  7- 9 | 10-12 | 13-15 | 16-18 | 19-21 | 22-24 | 25-27 || total
-------------------------+-------+-------+-------+-------+-------+-------+-------+-------+-------++-------
Melee: War axe           |    97 |   105 |   329 |    84 |       |    19 |       |       |       ||   634
       Broad axe         |       |       |       |   399 |   788 |  1351 |  1511 |  1481 |  3664 ||  9194
       Morningstar       |       |       |       |    11 |    90 |       |       |       |       ||   101
Throw: Boomerang         |       |       |       |    57 |    71 |   238 |    38 |    60 |   112 ||   576
       Javelin           |       |       |       |    16 |   117 |    72 |    73 |    37 |   445 ||   760
Invok: Heroism           |       |       |       |    24 |    32 |    49 |    32 |    43 |     6 ||   186
       Finesse           |       |       |       |     1 |     9 |    15 |    12 |    20 |       ||    57
       Cleansing Flame   |       |       |       |       |       |       |       |       |   171 ||   171
       Summon Divine War |       |       |       |       |       |       |       |       |    50 ||    50
       Brand Weapon With |       |       |       |       |       |       |       |       |     1 ||     1
  Use: Scroll            |     5 |     5 |    13 |     2 |    12 |     6 |     4 |     1 |     8 ||    56
       Potion            |     3 |       |     4 |       |     1 |     1 |     4 |       |    44 ||    57
 Stab: Sleeping          |       |       |       |       |       |     9 |       |       |       ||     9
       Distracted        |       |       |       |       |       |     2 |       |       |       ||     2
       Confused          |       |       |       |       |       |       |       |     5 |       ||     5
Armor: Scale mail        |    34 |    64 |   105 |       |       |       |       |       |       ||   203
       Chain mail        |       |       |    75 |    47 |   155 |       |       |       |       ||   277
       Plate armour      |       |       |       |   165 |    50 |       |       |       |   123 ||   338
       Shadow dragon sca |       |       |       |       |   110 |   364 |     5 |       |       ||   479
       Crystal plate arm |       |       |       |       |       |       |   569 |   532 |  1149 ||  2250
Dodge: Dodged            |    34 |    48 |   132 |   126 |   160 |   285 |   272 |   196 |   563 ||  1816
Block: Buckler           |    11 |    17 |    54 |    85 |    18 |       |       |       |       ||   185
       Kite shield       |       |       |       |       |   317 |   453 |   826 |  1267 |  3790 ||  6653
       Reflection        |       |       |       |       |     1 |       |       |       |       ||     1

Table legend:
 A = Non-vault XP
 B = Vault XP
 C = Vault XP percentage of total XP
 D = Non-vault monster count
 E = Vault monster count
 F = Vault count percentage of total count
                 A         B        C        D         E       F
            +---------+---------+-------+---------+---------+-------
      Total | 1327022 | 1082252 |  44.9 |    2343 |    1394 |  37.3
            +---------+---------+-------+---------+---------+-------
        D:1 |      40 |       0 |   0.0 |      23 |       0 |   0.0
        D:2 |      50 |       0 |   0.0 |      20 |       0 |   0.0
        D:3 |      91 |     267 |  74.6 |      20 |       1 |   4.8
        D:4 |     436 |       0 |   0.0 |      21 |       0 |   0.0
        D:5 |     845 |       0 |   0.0 |      19 |       0 |   0.0
        D:6 |     719 |       0 |   0.0 |      20 |       0 |   0.0
        D:7 |     641 |    5179 |  89.0 |       8 |      30 |  78.9
        D:8 |    1115 |     259 |  18.9 |      15 |       1 |   6.2
        D:9 |    1644 |    2501 |  60.3 |      20 |      11 |  35.5
       D:10 |    3812 |    2579 |  40.4 |      30 |      20 |  40.0
       D:11 |    1887 |     799 |  29.7 |      17 |       7 |  29.2
       D:12 |    6595 |    8320 |  55.8 |      26 |      17 |  39.5
       D:13 |    6076 |    7592 |  55.5 |      14 |      25 |  64.1
       D:14 |   10006 |    6296 |  38.6 |      23 |      26 |  53.1
       D:15 |   11363 |    4030 |  26.2 |      21 |       6 |  22.2
     Lair:1 |    4074 |    1990 |  32.8 |      18 |      13 |  41.9
     Lair:2 |    3644 |    1054 |  22.4 |      15 |       6 |  28.6
     Lair:3 |    2393 |    6935 |  74.3 |      12 |      33 |  73.3
     Lair:4 |    3597 |     928 |  20.5 |      16 |       1 |   5.9
     Lair:5 |   18692 |   17931 |  49.0 |      50 |      41 |  45.1
    Swamp:1 |   10505 |       0 |   0.0 |      24 |       0 |   0.0
    Swamp:2 |    9440 |    2636 |  21.8 |      18 |       7 |  28.0
    Swamp:3 |   15585 |    2461 |  13.6 |      23 |       1 |   4.2
    Swamp:4 |   15959 |   31998 |  66.7 |      28 |      49 |  63.6
   Spider:1 |   17900 |    1816 |   9.2 |      49 |       1 |   2.0
   Spider:2 |   14261 |       0 |   0.0 |      41 |       0 |   0.0
   Spider:3 |   16320 |       0 |   0.0 |      43 |       0 |   0.0
   Spider:4 |   19116 |   18703 |  49.5 |      46 |      39 |  45.9
    Slime:1 |    5872 |       0 |   0.0 |       7 |       0 |   0.0
    Slime:2 |    3408 |       0 |   0.0 |      11 |       0 |   0.0
    Slime:3 |     539 |       0 |   0.0 |       2 |       0 |   0.0
    Slime:4 |    3749 |       0 |   0.0 |      11 |       0 |   0.0
    Slime:5 |    9476 |   15437 |  62.0 |      16 |      13 |  44.8
      Orc:1 |    4245 |       0 |   0.0 |      42 |       0 |   0.0
      Orc:2 |    1757 |    5331 |  75.2 |      35 |      52 |  59.8
   Vaults:1 |   21479 |   11644 |  35.2 |      33 |      14 |  29.8
   Vaults:2 |   31834 |   27363 |  46.2 |      51 |      34 |  40.0
   Vaults:3 |   18406 |   36297 |  66.4 |      30 |      45 |  60.0
   Vaults:4 |   21424 |   80262 |  78.9 |      30 |      86 |  74.1
   Vaults:5 |   19789 |   61371 |  75.6 |      28 |      53 |  65.4
    Crypt:1 |   25857 |       0 |   0.0 |      39 |       0 |   0.0
    Crypt:2 |   17961 |       0 |   0.0 |      25 |       0 |   0.0
    Crypt:3 |       0 |   68795 | 100.0 |       0 |     113 | 100.0
     Tomb:1 |   10191 |   92230 |  90.0 |      35 |      65 |  65.0
     Tomb:2 |   15216 |   34853 |  69.6 |      29 |      46 |  61.3
     Tomb:3 |   14588 |   47840 |  76.6 |      36 |      59 |  62.1
   Depths:1 |   35289 |    3761 |   9.6 |      52 |       5 |   8.8
   Depths:2 |   20013 |   16187 |  44.7 |      30 |      16 |  34.8
   Depths:3 |   26799 |   34583 |  56.3 |      33 |      26 |  44.1
   Depths:4 |   27301 |   20346 |  42.7 |      26 |      22 |  45.8
      Zot:1 |   21563 |    5216 |  19.5 |      20 |       5 |  20.0
      Zot:2 |   28811 |    3198 |  10.0 |      25 |       1 |   3.8
      Zot:3 |   36346 |    3603 |   9.0 |      31 |       8 |  20.5
      Zot:4 |   39813 |   31064 |  43.8 |      34 |      19 |  35.8
        Pan |  668490 |  351012 |  34.4 |     952 |     364 |  27.7
   Gauntlet |       0 |    7585 | 100.0 |       0 |      13 | 100.0
            +---------+---------+-------+---------+---------+-------
